Workbook
Name FechaLey: #REF!
Name FechaLey: #REF!
Name FechaLey: #REF!
Name FechaLey: [1]Administracion!$R$2
Name FechaLey: #REF!
Name FechaLey: #REF!
Name ListBoxOutput: '4.1.3. CAPACIDAD TÉCNICA P1'!$B$18
Name ListBoxOutput: '4.1.3. CAPACIDAD TÉCNICA P2'!$B$18
Name ListBoxOutput: '4.1.3. CAPACIDAD TÉCNICA P3'!$B$18
Name ListBoxOutput: '4.1.3. CAPACIDAD TÉCNICA P4'!$B$18
Name ListBoxOutput: '4.1.3. CAPACIDAD TÉCNICA P5'!$B$18
Name ListBoxOutput: #REF!
Name ListBoxOutput: #REF!
Name PERFAPO: 'Listas referencia RA'!$A$2:$A$3
Name profesionales: 'Listas referencia RA'!$A$5:$E$14
Name tematicas_exp_consultor: #REF!
Name tematicas_exp_consultor: #REF!
Name tematicas_exp_consultor: '[2]CONTROL DE CONDICIONES DE EVALU'!$O$3:$P$9
Name tematicas_exp_consultor: #REF!
Name UNSPSC_P1_E1: '4.1.3. CAPACIDAD TÉCNICA P1'!$B$18
Name UNSPSC_P1_E1: '4.1.3. CAPACIDAD TÉCNICA P2'!$B$18
Name UNSPSC_P1_E1: '4.1.3. CAPACIDAD TÉCNICA P3'!$B$18
Name UNSPSC_P1_E1: '4.1.3. CAPACIDAD TÉCNICA P4'!$B$18
Name UNSPSC_P1_E1: '4.1.3. CAPACIDAD TÉCNICA P5'!$B$18
Name UNSPSC_P1_E1: #REF!
Name UNSPSC_P1_E1: #REF!

Sheet RESUMEN HABILITANTES 
A1: AGENCIA NACIONAL DE MINERÍA
A2: EVALUACIÓN TÉCNICA
A3: CONCURSO DE MÉRITOS ABIERTO CMA-005-2024
A4: VERIFICACION REQUISITOS HABILITANTES
A6: Objeto:
A7: PRESTAR LOS SERVICIOS DE CONSULTORÍA EN GESTIÓN DOCUMENTAL ELECTRÓNICA, PARA EL DIAGNÓSTICO DEL SISTEMA DE GESTIÓN DOCUMENTAL Y LA DEFINICIÓN DEL SISTEMA DE GESTIÓN DE DOCUMENTOS ELECTRÓNICOS DE ARCHIVO – SGDEA.LÍNEA PAA 130011524
A10: No. | B10: PROPONENTE | D10: 4.1.1 CAPACIDAD JURÍDICA | E10: 4.1.2 CAPACIDAD FINANCIERA Y ORGANIZACIONAL | F10: 4.1.3. CAPACIDAD TÉCNICA | G10: 4.1.4. FORMACIÓN ACADÉMICA Y EXPERIENCIA DEL EQUIPO MÍNIMO DE TRABAJO | H10: 4.1.5. REQUISITOS TÉCNICOS MÍNIMOS | I10: BALANCE
A11: 1 | B11: Razón social | C11: Unión Temporal SOAIN BUSINESS SUPPORT – SGDEA | D11: HABILITA | E11: HABILITA | F11: ='4.1.3. CAPACIDAD TÉCNICA P1'!A193 -> HABILITA | G11: ='4.1.4 EQUIPO MÍNIMO P1'!A261 -> NO HABILITA | H11: ='4.1.5. REQUISITOS TÉCNICOS MÍNI'!C8 -> HABILITA | I11: =IF(COUNTIF(D11:H13,"HABILITA")=5,"HABILITA","NO HABILITA") -> NO HABILITA
B12: Nit | C12: 900,197,910-8
B13: Representante legal | C13: EDWIN ORLANDO ROZO MEDELLÍN
A14: 2 | B14: Razón social | C14: UT SGDEA ANM 2024 | D14: HABILITA | E14: HABILITA | F14: ='4.1.3. CAPACIDAD TÉCNICA P2'!A193 -> NO HABILITA | G14: ='4.1.4 EQUIPO MÍNIMO P2'!A261 -> NO HABILITA | H14: ='4.1.5. REQUISITOS TÉCNICOS MÍNI'!C14 -> HABILITA | I14: =IF(COUNTIF(D14:H16,"HABILITA")=5,"HABILITA","NO HABILITA") -> NO HABILITA
B15: Nit | C15: N/A
B16: Representante legal | C16: ELVIS ISABEL RIOS CARREÑO
A17: 3 | B17: Razón social | C17: UT CONSULTING INZU | D17: HABILITA | E17: RECHAZADO | F17: ='4.1.3. CAPACIDAD TÉCNICA P3'!A193 -> NO HABILITA | G17: ='4.1.4 EQUIPO MÍNIMO P3'!A261 -> NO HABILITA | H17: ='4.1.5. REQUISITOS TÉCNICOS MÍNI'!C20 -> HABILITA | I17: RECHAZADO
B18: Nit | C18: N/A
B19: Representante legal | C19: JUAN MANUEL ECHEVERRI ESCOBAR -6341589
A20: 4 | B20: Razón social | C20: PRODYGYTEK PROCESS DOCUMENT AND DATA SOLUTIONS SAS | D20: HABILITA | E20: HABILITA | F20: ='4.1.3. CAPACIDAD TÉCNICA P4'!A193 -> HABILITA | G20: ='4.1.4 EQUIPO MÍNIMO P4'!A276 -> HABILITA | H20: ='4.1.5. REQUISITOS TÉCNICOS MÍNI'!C26 -> HABILITA | I20: =IF(COUNTIF(D20:H22,"HABILITA")=5,"HABILITA","NO HABILITA") -> HABILITA
B21: Nit | C21: 900,217,227-2
B22: Representante legal | C22: OMAIRA LIZARAZO HERRERA
A23: 5 | B23: Razón social | C23: SOFT Y DI LTDA | D23: HABILITA | E23: HABILITA | F23: ='4.1.3. CAPACIDAD TÉCNICA P5'!A193 -> HABILITA | G23: ='4.1.4 EQUIPO MÍNIMO P5'!A261 -> NO HABILITA | H23: ='4.1.5. REQUISITOS TÉCNICOS MÍNI'!C32 -> HABILITA | I23: =IF(COUNTIF(D23:H25,"HABILITA")=5,"HABILITA","NO HABILITA") -> NO HABILITA
B24: Nit | C24: 830,038,199-2
B25: Representante legal | C25: ANGELA OLIVA BECERRA CAMARGO
A26: 6 | B26: Razón social | I26: =IF(COUNTIF(D26:H28,"HABILITA")=5,"HABILITA","NO HABILITA") -> NO HABILITA
B27: Nit
B28: Representante legal
A29: 7 | B29: Razón social | I29: =IF(COUNTIF(D29:H31,"HABILITA")=5,"HABILITA","NO HABILITA") -> NO HABILITA
B30: Nit
B31: Representante legal
A32: 8 | B32: Razón social | I32: =IF(COUNTIF(D32:H34,"HABILITA")=5,"HABILITA","NO HABILITA") -> NO HABILITA
B33: Nit
B34: Representante legal
A35: 9 | B35: Razón social | I35: =IF(COUNTIF(D35:H37,"HABILITA")=5,"HABILITA","NO HABILITA") -> NO HABILITA
B36: Nit
B37: Representante legal
A38: 10 | B38: Razón social | I38: =IF(COUNTIF(D38:H40,"HABILITA")=5,"HABILITA","NO HABILITA") -> NO HABILITA
B39: Nit
B40: Representante legal
A43: COMITE EVALUADOR: Técnico: Sergio Mejía Arias; Juan Carlos Bolivar;Cindy Paola Díaz; Norma Gaona; Carolina Zambrano;Paolo Bonilla

Sheet 4.1.3. CAPACIDAD TÉCNICA P1
A1: EVALUACIÓN TÉCNICA
A2: CONCURSO DE MÉRITOS ABIERTO CMA-005-2024
A3: VERIFICACION REQUISITOS HABILITANTES TÉCNICOS
A4: 4.1.3. CAPACIDAD TÉCNICA
A6: PROPONENTE | C6: Unión Temporal SOAIN BUSINESS SUPPORT – SGDEA | M6: RESPONSABLE DE IVA | N6: REQUERIMIENTO NO RESPONSABLES DE IVA
A7: FALSE | E7: TRUE | G7: TRUE | H7: FALSE | K7: FALSE | M7: 907 | N7: 762
A8: CONDICIONES | K8: EXPERIENCIA ACREDITADA | M8: Mínimo requerido | N8: CONCEPTO
A9: b | B9: Acreditar contratos ejecutados por 907 SMMLV (Responsable IVA) o 762 SMMLV (No responsable de IVA). Para proponentes plurales, de acuerdo a su participación | G9: SOAIN SOFTWARE ASSOCIATES S.A.S. | K9: =SUM(IF(B46="CUMPLE",J18,0),IF(B75="CUMPLE",J47,0),IF(B104="CUMPLE",J76,0),IF(B133="CUMPLE",J105,0),IF(B162="CUMPLE",J134,0),IF(B191="CUMPLE",J163,0)) -> 1881.35 | M9: =IF(E7=TRUE,M7,N7) -> 907 | N9: =IF(K9>=M9,"CUMPLE","NO CUMPLE") -> CUMPLE
G10: BUSINESS SUPPORT S.A.S
B11: Hasta 5 contratos (6 Pymes y emprendimientos de mujeres),contratos suscritos con entidades públicas o privadas, ejecutados en el territorio nacional en los últimos diez (10) años contados a partir de la fecha de cierre del proceso, los cuales deben encontrarse debidamente reportados en el RUP, actualizado, vigente y en firme.. | K11: =SUM(IF(B46="CUMPLE",1,0),IF(B75="CUMPLE",1,0),IF(B104="CUMPLE",1,0),IF(B133="CUMPLE",1,0),IF(B162="CUMPLE",1,0),IF(B191="CUMPLE",1,0)) -> 1 | M11: 1 | N11: =IF(K11>=M11,"CUMPLE","NO CUMPLE") -> CUMPLE
A12: d | B12: El objeto, obligaciones o funciones o entregables de cada uno de los contratos deberán indicar explícitamente al menos uno de los siguientes temas: TEMA 1: Planificación o diseño o modelación o automatización o implementación de procesos, flujos de información o flujos de datos. TEMA 2: Análisis o diseño o implementación o parametrización de Sistemas de Gestión de Documentos Electrónicos de Archivo – SGDEA. TEMA 3: Formulación o implementación de por lo menos uno de los siguientes instrumentos documentales - Modelo de requisitos para gestión de documentos electrónicos o, - Tablas de control de acceso – TCA o, - Esquemas de metadatos. | K12: =SUM(IF(AND(K29="CUMPLE",B46="CUMPLE"),1,0),IF(AND(K58="CUMPLE",B75="CUMPLE"),1,0),IF(AND(K87="CUMPLE",B104="CUMPLE"),1,0),IF(AND(K116="CUMPLE",B133="CUMPLE"),1,0),IF(AND(K145="CUMPLE",B162="CUMPLE"),1,0),IF(AND(K174="CUMPLE",B191="CUMPLE"),1,0)) -> 1 | M12: 1 | N12: =IF(K12>=M12,"CUMPLE","NO CUMPLE") -> CUMPLE
N13: =IF(K13>=M13,"CUMPLE","NO CUMPLE") -> CUMPLE
A14: e | B14: Como mínimo uno de los contratos debe acreditar experiencia en TEMA 2 de los previamente indicados | K14: =SUM(IF(AND(L30=TRUE,B46="CUMPLE"),1,0),IF(AND(L59=TRUE,B75="CUMPLE"),1,0),IF(AND(L88=TRUE,B104="CUMPLE"),1,0),IF(AND(L117=TRUE,B133="CUMPLE"),1,0),IF(AND(L146=TRUE,B162="CUMPLE"),1,0),IF(AND(L175=TRUE,B191="CUMPLE"),1,0)) -> 1 | M14: 1 | N14: =IF(K14>=M14,"CUMPLE","NO CUMPLE") -> CUMPLE
A15: f | B15: En suma, los contratos soportes de la experiencia específica habilitante del proponente deben incluir al menos dos (2) de los temas referidos en el literal d. | K15: =SUM(IF(SUM(IF(AND(L29=TRUE,B46="CUMPLE"),1,0),IF(AND(L58=TRUE,B75="CUMPLE"),1,0),IF(AND(L87=TRUE,B104="CUMPLE"),1,0),IF(AND(L116=TRUE,B133="CUMPLE"),1,0),IF(AND(L145=TRUE,B162="CUMPLE"),1,0),IF(AND(L174=TRUE,B191="CUMPLE"),1,0))>0,1,0),IF(SUM(IF(AND(L30=TRUE,B46="CUMPLE"),1,0),IF(AND(L59=TRUE,B75="CUMPLE"),1,0),IF(AND(L88=TRUE,B104="CUMPLE"),1,0),IF(AND(L117=TRUE,B133="CUMPLE"),1,0),IF(AND(L146=TRUE,B162="CUMPLE"),1,0),IF(AND(L175=TRUE,B191="CUMPLE"),1,0))>0,1,0),IF(SUM(IF(AND(L31=TRUE,B46="CUMPLE"),1,0),IF(AND(L60=TRUE,B75="CUMPLE"),1,0),IF(AND(L89=TRUE,B104="CUMPLE"),1,0),IF(AND(L118=TRUE,B133="CUMPLE"),1,0),IF(AND(L147=TRUE,B162="CUMPLE"),1,0),IF(AND(L176=TRUE,B191="CUMPLE"),1,0))>0,1,0)) -> 2 | M15: 2 | N15: =IF(K15>=M15,"CUMPLE","NO CUMPLE") -> CUMPLE
A16: No. | B16: CÓDIGO UNSPSC RELACIONADOS | C16: CONSECUTIVO EN RUP: | D16: ENTIDAD CONTRATANTE O EMPLEADORA | E16: NOMBRE DE LA FIRMA QUE LLEVÓ A CABO LA EJECUCIÓN DEL CONTRATO | F16: OBJETO CONTRACTUAL O FUNCIONES DESEMPEÑADAS | H16: EQUIVALENTE EN SMMLV | I16: % DE PARTICIPACIÓN | J16: SMMLV APORTADOS | K16: Documentación aportada
A18: 1 | B18: TRUE | C18: 112 | D18: MINISTERIO DE AGRICULTURA Y DESARROLLO RURAL | E18: SOAIN SOFTWARE ASSOCIATES S A S | F18: Realizar la adquisición, parametrización e Implementación de una solución tecnológica de un sistema de gestión de documentos electrónicos de archivo – SGDEA en modalidad software como servicio (SaaS) en la nube del proveedor, para el análisis, diseño, automatización e implementación de los procesos documentales del Ministerio de Agricultura y Desarrollo Rural, incluyendo licenciamiento por uso, soporte técnico y migración de los datos del sistema de Gestión Documental actual de la entidad. | H18: 1881.35 | I18: 1 | J18: =(H18*I18) -> 1881.35 | K18: Requerimientos de las certificación | L18: TRUE
B19: TRUE | K19: =IF(COUNTIF(L19:N27,"VERDADERO")=8,"CUMPLE","NO CUMPLE") -> CUMPLE | L19: TRUE
B20: TRUE | L20: TRUE
B21: TRUE | L21: TRUE
B22: TRUE | L22: TRUE
L24: TRUE
L25: TRUE
L26: TRUE
L27: TRUE
K28: REQUERIMIENTOS TÉCNICOS
K29: =IF(COUNTIF(L29:N31,"VERDADERO")>0,"CUMPLE","NO CUMPLE") -> CUMPLE | L29: TRUE | N29: FALSE
L30: TRUE | N30: FALSE
L31: =IF(COUNTIF(N29:N31,TRUE)>0,TRUE,FALSE) -> FALSE | N31: FALSE
K32: =IF(COUNTIF(L32,"VERDADERO")>0,"CUMPLE","NO CUMPLE") -> CUMPLE | L32: TRUE
K33: =IF(COUNTIF(L33,"VERDADERO")>0,"CUMPLE","NO CUMPLE") -> CUMPLE | L33: TRUE
B34: =IF(COUNTIF(B18:B31,"VERDADERO")>0,"CUMPLE","NO CUMPLE") -> CUMPLE | K34: =IF(COUNTIF(L34,"VERDADERO")>0,"CUMPLE","NO CUMPLE") -> CUMPLE | L34: TRUE
B35: DOCUMENTACIÓN APORTADA (…) El proponente deberá presentar las certificaciones de los contratos que están reportados como experiencia en el RUP o copia de los mismos con las correspondientes actas de terminación o liquidación, en los cuales, se verificara que su objeto y alcance, tenga relación directa con el objeto y alcance del presente proceso (...)."
B36: Rup 2024 SOAINT.pdf | K36: =IF(AND(IF(COUNTIF(L36,"VERDADERO")>0,"CUMPLE","NO CUMPLE")="CUMPLE",IF(COUNTIF(L37,"VERDADERO")>0,"CUMPLE","NO CUMPLE")="CUMPLE",IF(OR(COUNTIF(L38:N38,"VERDADERO")=0,COUNTIF(L38:N38,"VERDADERO")=2),"CUMPLE","NO CUMPLE")="CUMPLE",IF(OR(COUNTIF(L39:N39,"VERDADERO")=0,COUNTIF(L39:N39,"VERDADERO")=2),"CUMPLE","NO CUMPLE")="CUMPLE"),"CUMPLE","NO CUMPLE") -> CUMPLE | L36: TRUE
B37: 3.3.1.1. Certificación Min Agricultura (2).pdf | L37: TRUE
L38: FALSE | N38: FALSE
L39: FALSE | N39: FALSE
B40: ANEXO 10 EXPERIENCIA HABILITANTE DEL PROPONENTE.xlsx | L40: TRUE
B41: 4.1.1.5 CONFORMACION DEL PROPONENTE PLURAL.pdf 2. Acta Cierre Proyecto_MinAgricultura_20210645.pdf 1. Acta de Aprobación Salida a Producción MADR 15-12-2021 DOCUMENTO RESTRINGIDO DE USO INTERNO.pdf | L41: TRUE
B42: CONSIDERACIONES
B43: 1. La información es validada en la carpeta: 112. MINAGRICULTURA 2. La certificación aportada (3.3.1.1. Certificación Min Agricultura (2)), no registra fecha de inicio y terminación, sin embargo el oferente aporta el documento; 1. Acta de Aprobación Salida a Producción MADR 15-12-2021 DOCUMENTO RESTRINGIDO DE USO INTERNO, en el cual es posible validar la información.
B44: OBSERVACIONES
B46: =IF(AND(B34="CUMPLE",K29="CUMPLE",K19="CUMPLE",K32="CUMPLE",K33="CUMPLE",K34="CUMPLE",K36="CUMPLE"),"CUMPLE","NO CUMPLE") -> CUMPLE
A47: 2 | B47: TRUE | C47: 42 | D47: BUSINESS SUPPORT S.A.S. | E47: CORPORACION POLITECNICO COLOMBO ANDINO | F47: Consultoría e implementación para desarrollar un proyecto de Gobierno de datos, Calidad de Datos bajo la metodología KIMBALL y analítica de datos a las bases de datos de academias de la institución.(…) Fecha de inicio: 03 feb 2014 Fecha de finalización: 31 jul 2014 Nota: No cumple con el requisito indicado en el capítulo 4.1.3.1 EXPERIENCIA DEL PROPONENTE - General: "(...)ejecutados en el territorio nacional en los últimos diez (10) años contados a partir de la fecha de cierre del proceso(...)," | H47: 303.67 | I47: 1 | J47: =(H47*I47) -> 303.67 | K47: Requerimientos de las certificación | L47: FALSE
B48: TRUE | K48: =IF(COUNTIF(L48:N56,"VERDADERO")=8,"CUMPLE","NO CUMPLE") -> NO CUMPLE | L48: TRUE
B49: TRUE | L49: TRUE
B50: FALSE | L50: TRUE
B51: TRUE | L51: TRUE
L53: TRUE
L54: TRUE
L55: TRUE
L56: FALSE
K57: REQUERIMIENTOS TÉCNICOS
K58: =IF(COUNTIF(L58:N60,"VERDADERO")>0,"CUMPLE","NO CUMPLE") -> NO CUMPLE | L58: FALSE | N58: FALSE
L59: FALSE | N59: FALSE
L60: =IF(COUNTIF(N58:N60,TRUE)>0,TRUE,FALSE) -> FALSE | N60: FALSE
K61: =IF(COUNTIF(L61,"VERDADERO")>0,"CUMPLE","NO CUMPLE") -> CUMPLE | L61: TRUE
K62: =IF(COUNTIF(L62,"VERDADERO")>0,"CUMPLE","NO CUMPLE") -> CUMPLE | L62: TRUE
B63: =IF(COUNTIF(B47:B60,"VERDADERO")>0,"CUMPLE","NO CUMPLE") -> CUMPLE | K63: =IF(COUNTIF(L63,"VERDADERO")>0,"CUMPLE","NO CUMPLE") -> NO CUMPLE | L63: FALSE
B64: DOCUMENTACIÓN APORTADA (…) El proponente deberá presentar las certificaciones de los contratos que están reportados como experiencia en el RUP o copia de los mismos con las correspondientes actas de terminación o liquidación, en los cuales, se verificara que su objeto y alcance, tenga relación directa con el objeto y alcance del presente proceso (...)."
B65: RUP 2024 BUSINES.pdf | K65: =IF(AND(IF(COUNTIF(L65,"VERDADERO")>0,"CUMPLE","NO CUMPLE")="CUMPLE",IF(COUNTIF(L66,"VERDADERO")>0,"CUMPLE","NO CUMPLE")="CUMPLE",IF(OR(COUNTIF(L67:N67,"VERDADERO")=0,COUNTIF(L67:N67,"VERDADERO")=2),"CUMPLE","NO CUMPLE")="CUMPLE",IF(OR(COUNTIF(L68:N68,"VERDADERO")=0,COUNTIF(L68:N68,"VERDADERO")=2),"CUMPLE","NO CUMPLE")="CUMPLE"),"CUMPLE","NO CUMPLE") -> CUMPLE | L65: TRUE
B66: 42. CERTIFICACIÓN POLCOLAN ANALITICA Y DOCUMENTAL V2 BS.pdf | L66: TRUE
L67: FALSE | N67: FALSE
L68: FALSE | N68: FALSE
B69: ANEXO 10 EXPERIENCIA HABILITANTE DEL PROPONENTE.xlsx | L69: TRUE
B70: 4.1.1.5 CONFORMACION DEL PROPONENTE PLURAL | L70: TRUE
B71: CONSIDERACIONES
B72: Los datos de contacto de la certificación son complementado con los demás documentos aportados para análisis de este criterio de evaluación.
B73: OBSERVACIONES
B74: 1. La certificacion no cumple con ninguna de las temáticas requeridas en el Pliego de Condiciones e igualmente no se identifica informacion aportada de forma complementaria que permita validar el cumplimiento de dichas tematicas, tales como el contrato y los demas docuemntos aceptados de conformidad con el pliego de condiciones. Adicionalmente, la certificación aportada no registra datos de contacto de conformidad con los requerimientos del pliego de condiciones.
B75: =IF(AND(B63="CUMPLE",K58="CUMPLE",K48="CUMPLE",K61="CUMPLE",K62="CUMPLE",K63="CUMPLE",K65="CUMPLE"),"CUMPLE","NO CUMPLE") -> NO CUMPLE
A76: 3 | B76: TRUE | C76: 40 | D76: BUSINESS SUPPORT S.A.S. | E76: CORPORACION POLITECNICO COLOMBO ANDINO | F76: (...)para el levantamiento, revisión y mejoramiento de los procesos de la Institución, generando la primera versión del Manual de Procedimientos. Dentro de esto proyecto también se desarrolló la primera fase de Gestión Documental, que incluyo entre otros la identificación, distribución y gestión de documentos para la Corporación. | H76: 257.73 | I76: 1 | J76: =(H76*I76) -> 257.73 | K76: Requerimientos de las certificación | L76: TRUE
B77: TRUE | K77: =IF(COUNTIF(L77:N85,"VERDADERO")=8,"CUMPLE","NO CUMPLE") -> CUMPLE | L77: TRUE
B78: TRUE | L78: TRUE
B79: FALSE | L79: TRUE
B80: TRUE | L80: TRUE
L82: TRUE
L83: TRUE
L84: TRUE
L85: TRUE
K86: REQUERIMIENTOS TÉCNICOS
K87: =IF(COUNTIF(L87:N89,"VERDADERO")>0,"CUMPLE","NO CUMPLE") -> CUMPLE | L87: TRUE | N87: FALSE
L88: FALSE | N88: FALSE
L89: =IF(COUNTIF(N87:N89,TRUE)>0,TRUE,FALSE) -> FALSE | N89: FALSE
K90: =IF(COUNTIF(L90,"VERDADERO")>0,"CUMPLE","NO CUMPLE") -> CUMPLE | L90: TRUE
K91: =IF(COUNTIF(L91,"VERDADERO")>0,"CUMPLE","NO CUMPLE") -> CUMPLE | L91: TRUE
B92: =IF(COUNTIF(B76:B89,"VERDADERO")>0,"CUMPLE","NO CUMPLE") -> CUMPLE | K92: =IF(COUNTIF(L92,"VERDADERO")>0,"CUMPLE","NO CUMPLE") -> NO CUMPLE | L92: FALSE
B93: DOCUMENTACIÓN APORTADA (…) El proponente deberá presentar las certificaciones de los contratos que están reportados como experiencia en el RUP o copia de los mismos con las correspondientes actas de terminación o liquidación, en los cuales, se verificara que su objeto y alcance, tenga relación directa con el objeto y alcance del presente proceso (...)."
B94: RUP 2024 BUSINES.pdf | K94: =IF(AND(IF(COUNTIF(L94,"VERDADERO")>0,"CUMPLE","NO CUMPLE")="CUMPLE",IF(COUNTIF(L95,"VERDADERO")>0,"CUMPLE","NO CUMPLE")="CUMPLE",IF(OR(COUNTIF(L96:N96,"VERDADERO")=0,COUNTIF(L96:N96,"VERDADERO")=2),"CUMPLE","NO CUMPLE")="CUMPLE",IF(OR(COUNTIF(L97:N97,"VERDADERO")=0,COUNTIF(L97:N97,"VERDADERO")=2),"CUMPLE","NO CUMPLE")="CUMPLE"),"CUMPLE","NO CUMPLE") -> CUMPLE | L94: TRUE
B95: 40.certificacion gestion documental POLCOLAN.pdf | L95: TRUE
L96: FALSE | N96: FALSE
L97: FALSE | N97: FALSE
B98: ANEXO 10 EXPERIENCIA HABILITANTE DEL PROPONENTE.xlsx | L98: TRUE
B99: 4.1.1.5 CONFORMACION DEL PROPONENTE PLURAL.pdf | L99: TRUE
B100: CONSIDERACIONES
B102: OBSERVACIONES
B103: 1. La certificacion no cumple con ninguna de las temáticas requeridas en el Pliego de Condiciones e igualmente no se identifica informacion aportada de forma complementaria que permita validar el cumplimiento de dichas tematicas, tales como el contrato y los demas docuemntos aceptados de conformidad con el pliego de condiciones. Adicionalmente, la certificación aportada no registra datos de contacto de conformidad con los requerimientos del pliego de condiciones.
B104: =IF(AND(B92="CUMPLE",K87="CUMPLE",K77="CUMPLE",K90="CUMPLE",K91="CUMPLE",K92="CUMPLE",K94="CUMPLE"),"CUMPLE","NO CUMPLE") -> NO CUMPLE
A105: 4 | B105: FALSE | J105: =(H105*I105) -> 0 | K105: Requerimientos de las certificación | L105: TRUE
B106: FALSE | K106: =IF(COUNTIF(L106:N114,"VERDADERO")=9,"CUMPLE","NO CUMPLE") -> NO CUMPLE | L106: FALSE
B107: FALSE | L107: FALSE
...

Sheet 4.1.3. CAPACIDAD TÉCNICA P2
A1: EVALUACIÓN TÉCNICA
A2: CONCURSO DE MÉRITOS ABIERTO CMA-005-2024
A3: VERIFICACION REQUISITOS HABILITANTES TÉCNICOS
A4: 4.1.3. CAPACIDAD TÉCNICA
A6: PROPONENTE | C6: UT SGDEA ANM 2024 | M6: RESPONSABLE DE IVA | N6: REQUERIMIENTO NO RESPONSABLES DE IVA
A7: TRUE | E7: TRUE | G7: TRUE | K7: FALSE | M7: 907 | N7: 762
A8: CONDICIONES | K8: EXPERIENCIA ACREDITADA | M8: Mínimo requerido | N8: CONCEPTO
A9: b | B9: Acreditar contratos ejecutados por 907 SMMLV (Responsable IVA) o 762 SMMLV (No responsable de IVA). Para proponentes plurales, de acuerdo a su participación | G9: CONTROL ONLINE INTERNATIONAL SAS | K9: =SUM(IF(B46="CUMPLE",J18,0),IF(B75="CUMPLE",J47,0),IF(B104="CUMPLE",J76,0),IF(B133="CUMPLE",J105,0),IF(B162="CUMPLE",J134,0),IF(B191="CUMPLE",J163,0)) -> 559.29 | M9: =IF(E7=TRUE,M7,N7) -> 907 | N9: NO CUMPLE
G10: SINERGY & LOWELLS SAS | K10: =SUM(IF(B47="CUMPLE",J19,0),IF(B76="CUMPLE",J48,0),IF(B105="CUMPLE",J77,0),IF(B134="CUMPLE",J106,0),IF(B163="CUMPLE",J135,0),IF(B192="CUMPLE",J164,0)) -> 0
B11: Hasta 5 contratos (6 Pymes y emprendimientos de mujeres),contratos suscritos con entidades públicas o privadas, ejecutados en el territorio nacional en los últimos diez (10) años contados a partir de la fecha de cierre del proceso, los cuales deben encontrarse debidamente reportados en el RUP, actualizado, vigente y en firme.. | K11: =SUM(IF(B46="CUMPLE",1,0),IF(B75="CUMPLE",1,0),IF(B104="CUMPLE",1,0),IF(B133="CUMPLE",1,0),IF(B162="CUMPLE",1,0),IF(B191="CUMPLE",1,0)) -> 1 | M11: 1 | N11: =IF(K11>=M11,"CUMPLE","NO CUMPLE") -> CUMPLE
A12: d | B12: El objeto, obligaciones o funciones o entregables de cada uno de los contratos deberán indicar explícitamente al menos uno de los siguientes temas: TEMA 1: Planificación o diseño o modelación o automatización o implementación de procesos, flujos de información o flujos de datos. TEMA 2: Análisis o diseño o implementación o parametrización de Sistemas de Gestión de Documentos Electrónicos de Archivo – SGDEA. TEMA 3: Formulación o implementación de por lo menos uno de los siguientes instrumentos documentales - Modelo de requisitos para gestión de documentos electrónicos o, - Tablas de control de acceso – TCA o, - Esquemas de metadatos. | K12: =SUM(IF(AND(K29="CUMPLE",B46="CUMPLE"),1,0),IF(AND(K58="CUMPLE",B75="CUMPLE"),1,0),IF(AND(K87="CUMPLE",B104="CUMPLE"),1,0),IF(AND(K116="CUMPLE",B133="CUMPLE"),1,0),IF(AND(K145="CUMPLE",B162="CUMPLE"),1,0),IF(AND(K174="CUMPLE",B191="CUMPLE"),1,0)) -> 1 | M12: 1 | N12: =IF(K12>=M12,"CUMPLE","NO CUMPLE") -> CUMPLE
N13: =IF(K13>=M13,"CUMPLE","NO CUMPLE") -> CUMPLE | Q13: =24+26 -> 50
A14: e | B14: Como mínimo uno de los contratos debe acreditar experiencia en TEMA 2 de los previamente indicados | K14: =SUM(IF(AND(L30=TRUE,B46="CUMPLE"),1,0),IF(AND(L59=TRUE,B75="CUMPLE"),1,0),IF(AND(L88=TRUE,B104="CUMPLE"),1,0),IF(AND(L117=TRUE,B133="CUMPLE"),1,0),IF(AND(L146=TRUE,B162="CUMPLE"),1,0),IF(AND(L175=TRUE,B191="CUMPLE"),1,0)) -> 1 | M14: 1 | N14: =IF(K14>=M14,"CUMPLE","NO CUMPLE") -> CUMPLE
A15: f | B15: En suma, los contratos soportes de la experiencia específica habilitante del proponente deben incluir al menos dos (2) de los temas referidos en el literal d. | K15: =SUM(IF(SUM(IF(AND(L29=TRUE,B46="CUMPLE"),1,0),IF(AND(L58=TRUE,B75="CUMPLE"),1,0),IF(AND(L87=TRUE,B104="CUMPLE"),1,0),IF(AND(L116=TRUE,B133="CUMPLE"),1,0),IF(AND(L145=TRUE,B162="CUMPLE"),1,0),IF(AND(L174=TRUE,B191="CUMPLE"),1,0))>0,1,0),IF(SUM(IF(AND(L30=TRUE,B46="CUMPLE"),1,0),IF(AND(L59=TRUE,B75="CUMPLE"),1,0),IF(AND(L88=TRUE,B104="CUMPLE"),1,0),IF(AND(L117=TRUE,B133="CUMPLE"),1,0),IF(AND(L146=TRUE,B162="CUMPLE"),1,0),IF(AND(L175=TRUE,B191="CUMPLE"),1,0))>0,1,0),IF(SUM(IF(AND(L31=TRUE,B46="CUMPLE"),1,0),IF(AND(L60=TRUE,B75="CUMPLE"),1,0),IF(AND(L89=TRUE,B104="CUMPLE"),1,0),IF(AND(L118=TRUE,B133="CUMPLE"),1,0),IF(AND(L147=TRUE,B162="CUMPLE"),1,0),IF(AND(L176=TRUE,B191="CUMPLE"),1,0))>0,1,0)) -> 1 | M15: 2 | N15: =IF(K15>=M15,"CUMPLE","NO CUMPLE") -> NO CUMPLE
A16: No. | B16: CÓDIGO UNSPSC RELACIONADOS | C16: CONSECUTIVO EN RUP: | D16: ENTIDAD CONTRATANTE O EMPLEADORA | E16: NOMBRE DE LA FIRMA QUE LLEVÓ A CABO LA EJECUCIÓN DEL CONTRATO | F16: OBJETO CONTRACTUAL O FUNCIONES DESEMPEÑADAS | H16: EQUIVALENTE EN SMMLV | I16: % DE PARTICIPACIÓN | J16: SMMLV APORTADOS | K16: Documentación aportada
A18: 1 | B18: FALSE | C18: 62 | D18: XOREX DE COLOMBIA | E18: SISTEMA DIGITAL SGDEA S.A.S. | F18: "Implementación del SGDEA módulo PQRSD (…)" | H18: 559.29 | I18: 1 | J18: =(H18*I18) -> 559.29 | K18: Requerimientos de las certificación | L18: TRUE
B19: FALSE | K19: =IF(COUNTIF(L19:L27,"VERDADERO")=8,"CUMPLE","NO CUMPLE") -> CUMPLE | L19: TRUE
B20: TRUE | L20: TRUE
B21: FALSE | L21: TRUE
B22: TRUE | L22: TRUE
L24: TRUE
L25: TRUE
L26: TRUE
L27: TRUE
K28: REQUERIMIENTOS TÉCNICOS
K29: =IF(COUNTIF(L29:N31,"VERDADERO")>0,"CUMPLE","NO CUMPLE") -> CUMPLE | L29: FALSE | N29: FALSE
L30: TRUE | N30: FALSE
L31: =IF(COUNTIF(N29:N31,TRUE)>0,TRUE,FALSE) -> FALSE | N31: FALSE
K32: =IF(COUNTIF(L32,"VERDADERO")>0,"CUMPLE","NO CUMPLE") -> CUMPLE | L32: TRUE
K33: =IF(COUNTIF(L33,"VERDADERO")>0,"CUMPLE","NO CUMPLE") -> CUMPLE | L33: TRUE
B34: =IF(COUNTIF(B18:B31,"VERDADERO")>0,"CUMPLE","NO CUMPLE") -> CUMPLE | K34: =IF(COUNTIF(L34,"VERDADERO")>0,"CUMPLE","NO CUMPLE") -> CUMPLE | L34: TRUE
B35: DOCUMENTACIÓN APORTADA (…) El proponente deberá presentar las certificaciones de los contratos que están reportados como experiencia en el RUP o copia de los mismos con las correspondientes actas de terminación o liquidación, en los cuales, se verificara que su objeto y alcance, tenga relación directa con el objeto y alcance del presente proceso (...)."
B36: RUP CONTROL ONLINE INTERNATIONAL SAS AGO 27 2024.pdf. Pag. (06) | K36: =IF(AND(IF(COUNTIF(L36,"VERDADERO")>0,"CUMPLE","NO CUMPLE")="CUMPLE",IF(COUNTIF(L37,"VERDADERO")>0,"CUMPLE","NO CUMPLE")="CUMPLE",IF(OR(COUNTIF(L38:N38,"VERDADERO")=0,COUNTIF(L38:N38,"VERDADERO")=2),"CUMPLE","NO CUMPLE")="CUMPLE",IF(OR(COUNTIF(L39:N39,"VERDADERO")=0,COUNTIF(L39:N39,"VERDADERO")=2),"CUMPLE","NO CUMPLE")="CUMPLE"),"CUMPLE","NO CUMPLE") -> CUMPLE | L36: TRUE
B37: 03 CERTIFICACION DE EXPERIENCIA.pdf | L37: TRUE
L38: FALSE | N38: FALSE
L39: FALSE | N39: FALSE
B40: ANEXO 10 EXPERIENCIA HABILITANTE DEL PROPONENTE.xlsx | L40: TRUE
B41: ANEXO 4_DOCUMENTO DE CONFORMACION UNION TEMPORAL_Firmado.pdf | L41: TRUE
B42: CONSIDERACIONES
B43: El proponente CONTROL ONLINE INTERNATIONAL SAS, registra en su certificación de experiencia con XOREX DE COLOMBIA su anterior razón social SISTEMA DIGITAL SGDEA S.A.S., acorde como se certifica en el RUP en consecutivo de contrato No. 062. Pag (06)
B44: OBSERVACIONES (No esta), Referir subsanación?
B46: =IF(AND(B34="CUMPLE",K29="CUMPLE",K19="CUMPLE",K32="CUMPLE",K33="CUMPLE",K34="CUMPLE",K36="CUMPLE"),"CUMPLE","NO CUMPLE") -> CUMPLE
A47: 2 | B47: FALSE | C47: 134 | D47: ARCHIVO GENERAL DE LA NACION | E47: SINERGY & LOWELLS S.A.S. | F47: Adquisición de herramienta de solución para la gestión documental electrónica en el marco de la política de gestión documental. -Software de Gestión Documental | H47: 161.96 | I47: 1 | J47: =(H47*I47) -> 161.96 | K47: Requerimientos de las certificación | L47: FALSE
B48: FALSE | K48: =IF(COUNTIF(L48:L56,"VERDADERO")=8,"CUMPLE","NO CUMPLE") -> CUMPLE | L48: TRUE
B49: TRUE | L49: TRUE
B50: FALSE | L50: TRUE
B51: FALSE | L51: TRUE
L53: TRUE
L54: TRUE
L55: TRUE
L56: TRUE
K57: REQUERIMIENTOS TÉCNICOS
K58: =IF(COUNTIF(L58:N60,"VERDADERO")>0,"CUMPLE","NO CUMPLE") -> NO CUMPLE | L58: FALSE | N58: FALSE
L59: FALSE | N59: FALSE
L60: =IF(COUNTIF(N58:N60,TRUE)>0,TRUE,FALSE) -> FALSE | N60: FALSE
K61: =IF(COUNTIF(L61,"VERDADERO")>0,"CUMPLE","NO CUMPLE") -> CUMPLE | L61: TRUE
K62: =IF(COUNTIF(L62,"VERDADERO")>0,"CUMPLE","NO CUMPLE") -> CUMPLE | L62: TRUE
B63: =IF(COUNTIF(B47:B60,"VERDADERO")>0,"CUMPLE","NO CUMPLE") -> CUMPLE | K63: =IF(COUNTIF(L63,"VERDADERO")>0,"CUMPLE","NO CUMPLE") -> NO CUMPLE | L63: FALSE
B64: DOCUMENTACIÓN APORTADA (…) El proponente deberá presentar las certificaciones de los contratos que están reportados como experiencia en el RUP o copia de los mismos con las correspondientes actas de terminación o liquidación, en los cuales, se verificara que su objeto y alcance, tenga relación directa con el objeto y alcance del presente proceso (...)."
B65: 07 RUP Sinergy Agosto 08 de 2024.pdf. Pág (176, 177 y 178). | K65: =IF(AND(IF(COUNTIF(L65,"VERDADERO")>0,"CUMPLE","NO CUMPLE")="CUMPLE",IF(COUNTIF(L66,"VERDADERO")>0,"CUMPLE","NO CUMPLE")="CUMPLE",IF(OR(COUNTIF(L67:N67,"VERDADERO")=0,COUNTIF(L67:N67,"VERDADERO")=2),"CUMPLE","NO CUMPLE")="CUMPLE",IF(OR(COUNTIF(L68:N68,"VERDADERO")=0,COUNTIF(L68:N68,"VERDADERO")=2),"CUMPLE","NO CUMPLE")="CUMPLE"),"CUMPLE","NO CUMPLE") -> CUMPLE | L65: TRUE
B66: 02 AGN-1-2024-06498 - SINERGY- certificacion 1.pdf | L66: TRUE
L67: FALSE | N67: FALSE
L68: FALSE | N68: FALSE
B69: ANEXO 10 EXPERIENCIA HABILITANTE DEL PROPONENTE.xlsx | L69: TRUE
B70: ANEXO 4_DOCUMENTO DE CONFORMACION UNION TEMPORAL_Firmado.pdf | L70: TRUE
B71: CONSIDERACIONES
B72: La documentación revisada fue remitida por el proponente en la carpeta denominada EXPERIENCIA HABILITANTE -20240829T133340Z-001_2.zip
B73: OBSERVACIONES
B74: 1. La certificacion no cumple con ninguna de las temáticas requeridas en el Pliego de Condiciones e igualmente no se identifica informacion aportada de forma complementaria que permita validar el cumplimiento de dichas tematicas, tales como el contrato y los demas docuemntos aceptados de conformidad con el pliego de condiciones.
B75: =IF(AND(B63="CUMPLE",K58="CUMPLE",K48="CUMPLE",K61="CUMPLE",K62="CUMPLE",K63="CUMPLE",K65="CUMPLE"),"CUMPLE","NO CUMPLE") -> NO CUMPLE
A76: 3 | B76: TRUE | C76: 133 | D76: EMPRESAS MUNICIPALES DE CALI E.I.C.E. E.S.P. | E76: UNION TEMPORAL IMPLEMENTACION SAP | F76: La prestación de los servicios de consultoría funcional, consultoría ABAB y consultoría BW, consultoría BO para el soporte y mantenimiento sobre el software implementado en EMCALI SAP HANNA y la prestación de servicios de soporte y mantenimiento preventivo y correctivo para con la plataforma SAP HANA de primer, y segundo nivel. Información aportada en subsanación: *Acompañamiento y ejecución plan cutover - Plan migración de datos, actualización de los datos maestros de los módulos por cambios en la estrucutura organizacional, Modelo de Operacio es por proceso - MOP, actualización del PUC operaciones intranegocios. *HCM - Ajuste a Proceso de Prestaciones Sociales. *Automatización procesos jubilados. | H76: 12396.57 | I76: 0.4 | J76: =(H76*I76) -> 4958.628 | K76: Requerimientos de las certificación | L76: TRUE
B77: TRUE | K77: =IF(COUNTIF(L77:L85,"VERDADERO")=8,"CUMPLE","NO CUMPLE") -> NO CUMPLE | L77: TRUE
B78: FALSE | L78: TRUE
B79: FALSE | L79: TRUE
B80: FALSE | L80: TRUE
L82: TRUE
L83: TRUE
L84: TRUE
L85: FALSE
K86: REQUERIMIENTOS TÉCNICOS
K87: =IF(COUNTIF(L87:N89,"VERDADERO")>0,"CUMPLE","NO CUMPLE") -> CUMPLE | L87: TRUE | N87: FALSE
L88: FALSE | N88: FALSE
L89: =IF(COUNTIF(N87:N89,TRUE)>0,TRUE,FALSE) -> FALSE | N89: FALSE
K90: =IF(COUNTIF(L90,"VERDADERO")>0,"CUMPLE","NO CUMPLE") -> CUMPLE | L90: TRUE
K91: =IF(COUNTIF(L91,"VERDADERO")>0,"CUMPLE","NO CUMPLE") -> CUMPLE | L91: TRUE
B92: =IF(COUNTIF(B76:B89,"VERDADERO")>0,"CUMPLE","NO CUMPLE") -> CUMPLE | K92: =IF(COUNTIF(L92,"VERDADERO")>0,"CUMPLE","NO CUMPLE") -> CUMPLE | L92: TRUE
B93: DOCUMENTACIÓN APORTADA (…) El proponente deberá presentar las certificaciones de los contratos que están reportados como experiencia en el RUP o copia de los mismos con las correspondientes actas de terminación o liquidación, en los cuales, se verificara que su objeto y alcance, tenga relación directa con el objeto y alcance del presente proceso (...)."
B94: 07 RUP Sinergy Agosto 08 de 2024.pdf. Pág (173, 174, 175 Y 176) | K94: =IF(AND(IF(COUNTIF(L94,"VERDADERO")>0,"CUMPLE","NO CUMPLE")="CUMPLE",IF(COUNTIF(L95,"VERDADERO")>0,"CUMPLE","NO CUMPLE")="CUMPLE",IF(OR(COUNTIF(L96:N96,"VERDADERO")=0,COUNTIF(L96:N96,"VERDADERO")=2),"CUMPLE","NO CUMPLE")="CUMPLE",IF(OR(COUNTIF(L97:N97,"VERDADERO")=0,COUNTIF(L97:N97,"VERDADERO")=2),"CUMPLE","NO CUMPLE")="CUMPLE"),"CUMPLE","NO CUMPLE") -> CUMPLE | L94: TRUE
B95: 01 Certificacion Emcali Contrato de Implementacion de Sap UT.pdf | L95: TRUE
B96: Contrato Emcali 200 -PS-2129 -2021 (1) (1).pdf (aportado en subsanación - extemporáneo 7:34pm) | L96: TRUE | N96: TRUE
L97: FALSE | N97: FALSE
B98: ANEXO 10 EXPERIENCIA HABILITANTE DEL PROPONENTE.xlsx | L98: TRUE
B99: ANEXO 4_DOCUMENTO DE CONFORMACION UNION TEMPORAL_Firmado.pdf | L99: TRUE
B100: CONSIDERACIONES
B101: Si bien la certificacion no cumple con el requisito "Para los consorcios y uniones temporales, se deberá especificar el porcentaje de participación de cada uno en el contrato.", la informacion se valido con respecto al RUP aportado (07 RUP Sinergy Agosto 08 de 2024.pdf. Pág (173, 174, 175 Y 176) en el registro No.133.
B102: OBSERVACIONES
B103: 1. La certificacion no cumple con ninguna de las temáticas requeridas en el Pliego de Condiciones, ni se encuntra fechada. Por lo anterior se requiere al proponente con el fin de que allegue subsanación correspondiente. 2. Con el documento Contrato Emcali 200 -PS-2129 -2021 (1) (1).pdf aportado en subsanación de forma extemporánea (7:34 pm) se puede identificar la ejecución de activiades relacionadas con TEMA 1: Planificación o diseño o modelación o automatización o implementación de procesos, flujos de información o flujos de datos. Sin embargo, no se aporta documentación adicional que permita subsanar la falta de fecha en la certificación del contrato.
B104: =IF(AND(B92="CUMPLE",K87="CUMPLE",K77="CUMPLE",K90="CUMPLE",K91="CUMPLE",K92="CUMPLE",K94="CUMPLE"),"CUMPLE","NO CUMPLE") -> NO CUMPLE
A105: 4 | B105: FALSE | J105: =(H105*I105) -> 0 | K105: Requerimientos de las certificación | L105: TRUE
B106: FALSE | K106: =IF(COUNTIF(L106:N114,"VERDADERO")=9,"CUMPLE","NO CUMPLE") -> NO CUMPLE | L106: FALSE
...

Sheet 4.1.3. CAPACIDAD TÉCNICA P3
A1: EVALUACIÓN TÉCNICA
A2: CONCURSO DE MÉRITOS ABIERTO CMA-005-2024
A3: VERIFICACION REQUISITOS HABILITANTES TÉCNICOS
A4: 4.1.3. CAPACIDAD TÉCNICA
A6: PROPONENTE | C6: UT CONSULTING INZU | M6: RESPONSABLE DE IVA | N6: REQUERIMIENTO NO RESPONSABLES DE IVA
A7: TRUE | E7: TRUE | G7: TRUE | H7: FALSE | K7: FALSE | M7: 907 | N7: 762
A8: CONDICIONES | K8: EXPERIENCIA ACREDITADA | M8: Mínimo requerido | N8: CONCEPTO
A9: b | B9: Acreditar contratos ejecutados por 907 SMMLV (Responsable IVA) o 762 SMMLV (No responsable de IVA). Para proponentes plurales, de acuerdo a su participación | G9: ZUCOM S.A.S | K9: =SUM(IF(B46="CUMPLE",J18,0),IF(B75="CUMPLE",J47,0),IF(B104="CUMPLE",J76,0),IF(B133="CUMPLE",J105,0),IF(B162="CUMPLE",J134,0),IF(B191="CUMPLE",J163,0)) -> 0 | M9: =IF(E7=TRUE,M7,N7) -> 907 | N9: =IF(K9>=M9,"CUMPLE","NO CUMPLE") -> NO CUMPLE
G10: INFOMEGA S.A.S | K10: 0
B11: Hasta 5 contratos (6 Pymes y emprendimientos de mujeres),contratos suscritos con entidades públicas o privadas, ejecutados en el territorio nacional en los últimos diez (10) años contados a partir de la fecha de cierre del proceso, los cuales deben encontrarse debidamente reportados en el RUP, actualizado, vigente y en firme.. | K11: =SUM(IF(B46="CUMPLE",1,0),IF(B75="CUMPLE",1,0),IF(B104="CUMPLE",1,0),IF(B133="CUMPLE",1,0),IF(B162="CUMPLE",1,0),IF(B191="CUMPLE",1,0)) -> 0 | M11: 1 | N11: =IF(K11>=M11,"CUMPLE","NO CUMPLE") -> NO CUMPLE
A12: d | B12: El objeto, obligaciones o funciones o entregables de cada uno de los contratos deberán indicar explícitamente al menos uno de los siguientes temas: TEMA 1: Planificación o diseño o modelación o automatización o implementación de procesos, flujos de información o flujos de datos. TEMA 2: Análisis o diseño o implementación o parametrización de Sistemas de Gestión de Documentos Electrónicos de Archivo – SGDEA. TEMA 3: Formulación o implementación de por lo menos uno de los siguientes instrumentos documentales - Modelo de requisitos para gestión de documentos electrónicos o, - Tablas de control de acceso – TCA o, - Esquemas de metadatos. | K12: =SUM(IF(AND(K29="CUMPLE",B46="CUMPLE"),1,0),IF(AND(K58="CUMPLE",B75="CUMPLE"),1,0),IF(AND(K87="CUMPLE",B104="CUMPLE"),1,0),IF(AND(K116="CUMPLE",B133="CUMPLE"),1,0),IF(AND(K145="CUMPLE",B162="CUMPLE"),1,0),IF(AND(K174="CUMPLE",B191="CUMPLE"),1,0)) -> 0 | M12: 1 | N12: =IF(K12>=M12,"CUMPLE","NO CUMPLE") -> NO CUMPLE
N13: =IF(K13>=M13,"CUMPLE","NO CUMPLE") -> CUMPLE | Q13: =24+26 -> 50
A14: e | B14: Como mínimo uno de los contratos debe acreditar experiencia en TEMA 2 de los previamente indicados | K14: =SUM(IF(AND(L30=TRUE,B46="CUMPLE"),1,0),IF(AND(L59=TRUE,B75="CUMPLE"),1,0),IF(AND(L88=TRUE,B104="CUMPLE"),1,0),IF(AND(L117=TRUE,B133="CUMPLE"),1,0),IF(AND(L146=TRUE,B162="CUMPLE"),1,0),IF(AND(L175=TRUE,B191="CUMPLE"),1,0)) -> 0 | M14: 1 | N14: =IF(K14>=M14,"CUMPLE","NO CUMPLE") -> NO CUMPLE
A15: f | B15: En suma, los contratos soportes de la experiencia específica habilitante del proponente deben incluir al menos dos (2) de los temas referidos en el literal d. | K15: =SUM(IF(SUM(IF(AND(L29=TRUE,B46="CUMPLE"),1,0),IF(AND(L58=TRUE,B75="CUMPLE"),1,0),IF(AND(L87=TRUE,B104="CUMPLE"),1,0),IF(AND(L116=TRUE,B133="CUMPLE"),1,0),IF(AND(L145=TRUE,B162="CUMPLE"),1,0),IF(AND(L174=TRUE,B191="CUMPLE"),1,0))>0,1,0),IF(SUM(IF(AND(L30=TRUE,B46="CUMPLE"),1,0),IF(AND(L59=TRUE,B75="CUMPLE"),1,0),IF(AND(L88=TRUE,B104="CUMPLE"),1,0),IF(AND(L117=TRUE,B133="CUMPLE"),1,0),IF(AND(L146=TRUE,B162="CUMPLE"),1,0),IF(AND(L175=TRUE,B191="CUMPLE"),1,0))>0,1,0),IF(SUM(IF(AND(L31=TRUE,B46="CUMPLE"),1,0),IF(AND(L60=TRUE,B75="CUMPLE"),1,0),IF(AND(L89=TRUE,B104="CUMPLE"),1,0),IF(AND(L118=TRUE,B133="CUMPLE"),1,0),IF(AND(L147=TRUE,B162="CUMPLE"),1,0),IF(AND(L176=TRUE,B191="CUMPLE"),1,0))>0,1,0)) -> 0 | M15: 2 | N15: =IF(K15>=M15,"CUMPLE","NO CUMPLE") -> NO CUMPLE
A16: No. | B16: CÓDIGO UNSPSC RELACIONADOS | C16: CONSECUTIVO EN RUP: | D16: ENTIDAD CONTRATANTE O EMPLEADORA | E16: NOMBRE DE LA FIRMA QUE LLEVÓ A CABO LA EJECUCIÓN DEL CONTRATO | F16: OBJETO CONTRACTUAL O FUNCIONES DESEMPEÑADAS | H16: EQUIVALENTE EN SMMLV | I16: % DE PARTICIPACIÓN | J16: SMMLV APORTADOS | K16: Documentación aportada
A18: 1 | B18: TRUE | C18: 74 | D18: INDUSTRIAS HACEB S A | E18: ZUCOM S.A.S | F18: (…) parametrización e implementación del sistema de gestión de los documentos electrónicos de archivo(…) | H18: 1620.96 | I18: 1 | J18: =(H18*I18) -> 1620.96 | K18: Requerimientos de las certificación | L18: TRUE
B19: TRUE | K19: =IF(COUNTIF(L19:N27,"VERDADERO")=8,"CUMPLE","NO CUMPLE") -> NO CUMPLE | L19: TRUE
B20: TRUE | L20: TRUE
B21: TRUE | L21: FALSE
B22: TRUE | L22: TRUE
L24: TRUE
L25: TRUE
L26: TRUE
L27: TRUE
K28: NOAPLICA | L28: FALSE
K29: =IF(COUNTIF(L29:N31,"VERDADERO")>0,"CUMPLE","NO CUMPLE") -> CUMPLE | L29: FALSE | N29: FALSE
L30: TRUE | N30: FALSE
L31: =IF(COUNTIF(N29:N31,TRUE)>0,TRUE,FALSE) -> FALSE | N31: FALSE
K32: =IF(COUNTIF(L32,"VERDADERO")>0,"CUMPLE","NO CUMPLE") -> CUMPLE | L32: TRUE
K33: =IF(COUNTIF(L33,"VERDADERO")>0,"CUMPLE","NO CUMPLE") -> CUMPLE | L33: TRUE
B34: =IF(COUNTIF(B18:B31,"VERDADERO")>0,"CUMPLE","NO CUMPLE") -> CUMPLE | K34: =IF(COUNTIF(L34,"VERDADERO")>0,"CUMPLE","NO CUMPLE") -> CUMPLE | L34: TRUE
B35: DOCUMENTACIÓN APORTADA (…) El proponente deberá presentar las certificaciones de los contratos que están reportados como experiencia en el RUP o copia de los mismos con las correspondientes actas de terminación o liquidación, en los cuales, se verificara que su objeto y alcance, tenga relación directa con el objeto y alcance del presente proceso (...)."
B36: Rup_Zucom_21082024.pdf (pag.42-43) | K36: =IF(AND(IF(COUNTIF(L36,"VERDADERO")>0,"CUMPLE","NO CUMPLE")="CUMPLE",IF(COUNTIF(L37,"VERDADERO")>0,"CUMPLE","NO CUMPLE")="CUMPLE",IF(OR(COUNTIF(L38:N38,"VERDADERO")=0,COUNTIF(L38:N38,"VERDADERO")=2),"CUMPLE","NO CUMPLE")="CUMPLE",IF(OR(COUNTIF(L39:N39,"VERDADERO")=0,COUNTIF(L39:N39,"VERDADERO")=2),"CUMPLE","NO CUMPLE")="CUMPLE"),"CUMPLE","NO CUMPLE") -> CUMPLE | L36: TRUE
B37: CERTIFICADO_HACEB.pdf | L37: TRUE
L38: FALSE | N38: FALSE
L39: FALSE | N39: FALSE
B40: ANEXO 10 EXPERIENCIA HABILITANTE DEL PROPONENTE.xlsx | L40: TRUE
B41: UT Formalizado.pdf | L41: TRUE
B42: CONSIDERACIONES
B44: OBSERVACIONES
B45: 1. La certificación aportada (CERTIFICADO_HACEB.pdf) se resgistra suscrita a nombre de Luz Aide Pulido Castrillón, no obstante el grafo refiere informacion no coincidente, asi mismo no se identifica claramente el cargo del firmante. Por lo tanto el documento no cumple con los requerimientos del pliego de condiciones.
B46: =IF(AND(B34="CUMPLE",K29="CUMPLE",K19="CUMPLE",K32="CUMPLE",K33="CUMPLE",K34="CUMPLE",K36="CUMPLE"),"CUMPLE","NO CUMPLE") -> NO CUMPLE
A47: 2 | B47: TRUE | C47: 43 | D47: CORPORACION UNIVERSIDAD PILOTO DE COLOMBIA | E47: INFOMEGA S.A.S. | F47: (…)Consideraciones al modelo de sistema de gestión de documentos electrónico de archivo (…) | H47: 73.2 | I47: 1 | J47: =(H47*I47) -> 73.2 | K47: Requerimientos de las certificación | L47: FALSE
B48: TRUE | K48: =IF(COUNTIF(L48:N56,"VERDADERO")=8,"CUMPLE","NO CUMPLE") -> NO CUMPLE | L48: TRUE
B49: FALSE | L49: TRUE
B50: FALSE | L50: TRUE
B51: FALSE | L51: TRUE
L53: TRUE
L54: FALSE
L55: TRUE
L56: TRUE
K57: NO APLICA | L57: FALSE
K58: =IF(COUNTIF(L58:N60,"VERDADERO")>0,"CUMPLE","NO CUMPLE") -> NO CUMPLE | L58: FALSE | N58: FALSE
L59: FALSE | N59: FALSE
L60: =IF(COUNTIF(N58:N60,TRUE)>0,TRUE,FALSE) -> FALSE | N60: FALSE
K61: =IF(COUNTIF(L61,"VERDADERO")>0,"CUMPLE","NO CUMPLE") -> CUMPLE | L61: TRUE
K62: =IF(COUNTIF(L62,"VERDADERO")>0,"CUMPLE","NO CUMPLE") -> CUMPLE | L62: TRUE
B63: =IF(COUNTIF(B47:B60,"VERDADERO")>0,"CUMPLE","NO CUMPLE") -> CUMPLE | K63: =IF(COUNTIF(L63,"VERDADERO")>0,"CUMPLE","NO CUMPLE") -> CUMPLE | L63: TRUE
B64: DOCUMENTACIÓN APORTADA (…) El proponente deberá presentar las certificaciones de los contratos que están reportados como experiencia en el RUP o copia de los mismos con las correspondientes actas de terminación o liquidación, en los cuales, se verificara que su objeto y alcance, tenga relación directa con el objeto y alcance del presente proceso (...)."
B65: RUP InfoMega SAS.pdf | K65: =IF(AND(IF(COUNTIF(L65,"VERDADERO")>0,"CUMPLE","NO CUMPLE")="CUMPLE",IF(COUNTIF(L66,"VERDADERO")>0,"CUMPLE","NO CUMPLE")="CUMPLE",IF(OR(COUNTIF(L67:N67,"VERDADERO")=0,COUNTIF(L67:N67,"VERDADERO")=2),"CUMPLE","NO CUMPLE")="CUMPLE",IF(OR(COUNTIF(L68:N68,"VERDADERO")=0,COUNTIF(L68:N68,"VERDADERO")=2),"CUMPLE","NO CUMPLE")="CUMPLE"),"CUMPLE","NO CUMPLE") -> CUMPLE | L65: TRUE
B66: DA24 001 CERTIFICACION INFOMEGA SAS.pdf | L66: TRUE
L67: FALSE | N67: FALSE
L68: FALSE | N68: FALSE
B69: ANEXO 10 EXPERIENCIA HABILITANTE DEL PROPONENTE.xlsx | L69: TRUE
B70: UT Formalizado.pdf | L70: TRUE
B71: CONSIDERACIONES
B72: La informacion se valida con los documentos contenidos en la carpeta EXPERIENCIA HABILITANTE DEL PROPONENTE
B73: OBSERVACIONES
B74: 1. La información registrada en la Certificación aportada no permite inferir el cumplimiento de los requisitos específicos. El contenido de la certificación asocia el "Consideraciones al modelo de sistema de gestión de documentos(...)" sin embargo no se aclara si en resultado de dicha experiencia se adelantó la "Formulación o implementación"(...) del Moreq. Por lo anterior, la certificacion no cumple con ninguna de las temáticas requeridas en el Pliego de Condiciones e igualmente no se identifica informacion aportada de forma complementaria que permita validar el cumplimiento de dichas tematicas, tales como el contrato y los demás documentos aceptados de conformidad con el pliego de condiciones. 2. La certificación no incluye fechas de inicio y terminación.
B75: =IF(AND(B63="CUMPLE",K58="CUMPLE",K48="CUMPLE",K61="CUMPLE",K62="CUMPLE",K63="CUMPLE",K65="CUMPLE"),"CUMPLE","NO CUMPLE") -> NO CUMPLE
A76: 3 | B76: FALSE | J76: =(H76*I76) -> 0 | K76: Requerimientos de las certificación | L76: TRUE
B77: FALSE | K77: =IF(COUNTIF(L77:N85,"VERDADERO")=9,"CUMPLE","NO CUMPLE") -> NO CUMPLE | L77: FALSE
B78: FALSE | L78: FALSE
B79: FALSE | L79: FALSE
B80: FALSE | L80: FALSE
L82: FALSE
L83: FALSE
L84: FALSE
L85: FALSE
L86: FALSE
K87: =IF(COUNTIF(L87:N89,"VERDADERO")>0,"CUMPLE","NO CUMPLE") -> NO CUMPLE | L87: FALSE | N87: FALSE
L88: FALSE | N88: FALSE
L89: =IF(COUNTIF(N87:N89,TRUE)>0,TRUE,FALSE) -> FALSE | N89: FALSE
K90: =IF(COUNTIF(L90,"VERDADERO")>0,"CUMPLE","NO CUMPLE") -> NO CUMPLE | L90: FALSE
K91: =IF(COUNTIF(L91,"VERDADERO")>0,"CUMPLE","NO CUMPLE") -> NO CUMPLE | L91: FALSE
B92: =IF(COUNTIF(B76:B89,"VERDADERO")>0,"CUMPLE","NO CUMPLE") -> NO CUMPLE | K92: =IF(COUNTIF(L92,"VERDADERO")>0,"CUMPLE","NO CUMPLE") -> NO CUMPLE | L92: FALSE
B93: DOCUMENTACIÓN APORTADA (…) El proponente deberá presentar las certificaciones de los contratos que están reportados como experiencia en el RUP o copia de los mismos con las correspondientes actas de terminación o liquidación, en los cuales, se verificara que su objeto y alcance, tenga relación directa con el objeto y alcance del presente proceso (...)."
K94: =IF(AND(IF(COUNTIF(L94,"VERDADERO")>0,"CUMPLE","NO CUMPLE")="CUMPLE",IF(COUNTIF(L95,"VERDADERO")>0,"CUMPLE","NO CUMPLE")="CUMPLE",IF(OR(COUNTIF(L96:N96,"VERDADERO")=0,COUNTIF(L96:N96,"VERDADERO")=2),"CUMPLE","NO CUMPLE")="CUMPLE",IF(OR(COUNTIF(L97:N97,"VERDADERO")=0,COUNTIF(L97:N97,"VERDADERO")=2),"CUMPLE","NO CUMPLE")="CUMPLE"),"CUMPLE","NO CUMPLE") -> NO CUMPLE | L94: FALSE
L95: FALSE
L96: FALSE | N96: FALSE
L97: FALSE | N97: FALSE
L98: FALSE
L99: FALSE
B100: CONSIDERACIONES
B102: OBSERVACIONES
B104: =IF(AND(B92="CUMPLE",K87="CUMPLE",K77="CUMPLE",K90="CUMPLE",K91="CUMPLE",K92="CUMPLE",K94="CUMPLE"),"CUMPLE","NO CUMPLE") -> NO CUMPLE
A105: 4 | B105: FALSE | J105: =(H105*I105) -> 0 | K105: Requerimientos de las certificación | L105: TRUE
B106: FALSE | K106: =IF(COUNTIF(L106:N114,"VERDADERO")=9,"CUMPLE","NO CUMPLE") -> NO CUMPLE | L106: FALSE
B107: FALSE | L107: FALSE
B108: FALSE | L108: FALSE
...

Sheet 4.1.3. CAPACIDAD TÉCNICA P4
A1: EVALUACIÓN TÉCNICA
A2: CONCURSO DE MÉRITOS ABIERTO CMA-005-2024
A3: VERIFICACION REQUISITOS HABILITANTES TÉCNICOS
A4: 4.1.3. CAPACIDAD TÉCNICA
A6: PROPONENTE | C6: PRODYGYTEK PROCESS DOCUMENT AND DATA SOLUTIONS SAS | M6: RESPONSABLE DE IVA | N6: REQUERIMIENTO NO RESPONSABLES DE IVA
A7: TRUE | E7: TRUE | G7: FALSE | H7: FALSE | K7: FALSE | M7: 907 | N7: 762
A8: CONDICIONES | K8: EXPERIENCIA ACREDITADA | M8: Mínimo requerido | N8: CONCEPTO
A9: b | B9: Acreditar contratos ejecutados por 907 SMMLV (Responsable IVA) o 762 SMMLV (No responsable de IVA). Para proponentes plurales, de acuerdo a su participación | K9: =SUM(IF(B46="CUMPLE",J18,0),IF(B75="CUMPLE",J47,0),IF(B104="CUMPLE",J76,0),IF(B133="CUMPLE",J105,0),IF(B162="CUMPLE",J134,0),IF(B191="CUMPLE",J163,0)) -> 1195.18 | M9: =IF(E7=TRUE,M7,N7) -> 907 | N9: =IF(K9>=M9,"CUMPLE","NO CUMPLE") -> CUMPLE
B11: Hasta 5 contratos (6 Pymes y emprendimientos de mujeres),contratos suscritos con entidades públicas o privadas, ejecutados en el territorio nacional en los últimos diez (10) años contados a partir de la fecha de cierre del proceso, los cuales deben encontrarse debidamente reportados en el RUP, actualizado, vigente y en firme.. | K11: =SUM(IF(B46="CUMPLE",1,0),IF(B75="CUMPLE",1,0),IF(B104="CUMPLE",1,0),IF(B133="CUMPLE",1,0),IF(B162="CUMPLE",1,0),IF(B191="CUMPLE",1,0)) -> 3 | M11: 1 | N11: =IF(K11>=M11,"CUMPLE","NO CUMPLE") -> CUMPLE
A12: d | B12: El objeto, obligaciones o funciones o entregables de cada uno de los contratos deberán indicar explícitamente al menos uno de los siguientes temas: TEMA 1: Planificación o diseño o modelación o automatización o implementación de procesos, flujos de información o flujos de datos. TEMA 2: Análisis o diseño o implementación o parametrización de Sistemas de Gestión de Documentos Electrónicos de Archivo – SGDEA. TEMA 3: Formulación o implementación de por lo menos uno de los siguientes instrumentos documentales - Modelo de requisitos para gestión de documentos electrónicos o, - Tablas de control de acceso – TCA o, - Esquemas de metadatos. | K12: =SUM(IF(AND(K29="CUMPLE",B46="CUMPLE"),1,0),IF(AND(K58="CUMPLE",B75="CUMPLE"),1,0),IF(AND(K87="CUMPLE",B104="CUMPLE"),1,0),IF(AND(K116="CUMPLE",B133="CUMPLE"),1,0),IF(AND(K145="CUMPLE",B162="CUMPLE"),1,0),IF(AND(K174="CUMPLE",B191="CUMPLE"),1,0)) -> 3 | M12: 1 | N12: =IF(K12>=M12,"CUMPLE","NO CUMPLE") -> CUMPLE
N13: =IF(K13>=M13,"CUMPLE","NO CUMPLE") -> CUMPLE | Q13: =24+26 -> 50
A14: e | B14: Como mínimo uno de los contratos debe acreditar experiencia en TEMA 2 de los previamente indicados | K14: =SUM(IF(AND(L30=TRUE,B46="CUMPLE"),1,0),IF(AND(L59=TRUE,B75="CUMPLE"),1,0),IF(AND(L88=TRUE,B104="CUMPLE"),1,0),IF(AND(L117=TRUE,B133="CUMPLE"),1,0),IF(AND(L146=TRUE,B162="CUMPLE"),1,0),IF(AND(L175=TRUE,B191="CUMPLE"),1,0)) -> 1 | M14: 1 | N14: =IF(K14>=M14,"CUMPLE","NO CUMPLE") -> CUMPLE | P14: 0
A15: f | B15: En suma, los contratos soportes de la experiencia específica habilitante del proponente deben incluir al menos dos (2) de los temas referidos en el literal d. | K15: =SUM(IF(SUM(IF(AND(L29=TRUE,B46="CUMPLE"),1,0),IF(AND(L58=TRUE,B75="CUMPLE"),1,0),IF(AND(L87=TRUE,B104="CUMPLE"),1,0),IF(AND(L116=TRUE,B133="CUMPLE"),1,0),IF(AND(L145=TRUE,B162="CUMPLE"),1,0),IF(AND(L174=TRUE,B191="CUMPLE"),1,0))>0,1,0),IF(SUM(IF(AND(L30=TRUE,B46="CUMPLE"),1,0),IF(AND(L59=TRUE,B75="CUMPLE"),1,0),IF(AND(L88=TRUE,B104="CUMPLE"),1,0),IF(AND(L117=TRUE,B133="CUMPLE"),1,0),IF(AND(L146=TRUE,B162="CUMPLE"),1,0),IF(AND(L175=TRUE,B191="CUMPLE"),1,0))>0,1,0),IF(SUM(IF(AND(L31=TRUE,B46="CUMPLE"),1,0),IF(AND(L60=TRUE,B75="CUMPLE"),1,0),IF(AND(L89=TRUE,B104="CUMPLE"),1,0),IF(AND(L118=TRUE,B133="CUMPLE"),1,0),IF(AND(L147=TRUE,B162="CUMPLE"),1,0),IF(AND(L176=TRUE,B191="CUMPLE"),1,0))>0,1,0)) -> 3 | M15: 2 | N15: =IF(K15>=M15,"CUMPLE","NO CUMPLE") -> CUMPLE | P15: 1
A16: No. | B16: CÓDIGO UNSPSC RELACIONADOS | C16: CONSECUTIVO EN RUP: | D16: ENTIDAD CONTRATANTE O EMPLEADORA | E16: NOMBRE DE LA FIRMA QUE LLEVÓ A CABO LA EJECUCIÓN DEL CONTRATO | F16: OBJETO CONTRACTUAL O FUNCIONES DESEMPEÑADAS | H16: EQUIVALENTE EN SMMLV | I16: % DE PARTICIPACIÓN | J16: SMMLV APORTADOS | K16: Documentación aportada
A18: 1 | B18: TRUE | C18: 30 | D18: EJERCITO NACIONAL S.A.S | E18: PRODYGYTEK PROCESS DOCUMENT AND DATA SOLUTIONS S.A.S | F18: "(…)Instalación, configuración y parametrización del sistema de Gestión de Historias Médico Laborales del Ejército (Sistema de Gestión Documental Webdokument)(…)" Información aportada en subsanación: *Instalación, configuración, implementación y parametrización del sistema de Gestión Documental Webdokument (Sistema de gestión documental que maneja las Historias Médico Laborales del Ejército). *Parametrización en el Sistema de Gestión Documental de Flujos de Radicación de correspondencia, Fichas medicas de ingreso, Fichas médicas de Viajes al Exterior, Fichas médicas de Ascensos, Fichas médicas de Retiros, Fichas médicas de Reintegros, Fichas médicas en General, Flujo de Juntas Médicas, Flujo de Tribunales Médicos, Flujo de Certificados de Invalidez, Flujo de Peticiones, Quejas y Solicitudes de los usuarios (PQRS), Flujo de Junta Médica Provisional, Flujo de Conceptos Médicos, Flujo de Solicitudes de Servicios y Flujo de Tratamiento Ambulatorio (...) | H18: 397.3 | I18: 1 | J18: =(H18*I18) -> 397.3 | K18: Requerimientos de las certificación | L18: TRUE
B19: TRUE | K19: =IF(COUNTIF(L19:N27,"VERDADERO")=8,"CUMPLE","NO CUMPLE") -> CUMPLE | L19: TRUE
B20: TRUE | L20: TRUE
B21: TRUE | L21: TRUE
B22: TRUE | L22: TRUE
L24: TRUE
L25: TRUE
L26: TRUE
L27: TRUE
K28: NO APLICA | L28: FALSE
K29: =IF(COUNTIF(L29:N31,"VERDADERO")>0,"CUMPLE","NO CUMPLE") -> CUMPLE | L29: TRUE | N29: FALSE
L30: FALSE | N30: FALSE
L31: =IF(COUNTIF(N29:N31,TRUE)>0,TRUE,FALSE) -> FALSE | N31: FALSE
K32: =IF(COUNTIF(L32,"VERDADERO")>0,"CUMPLE","NO CUMPLE") -> CUMPLE | L32: TRUE
K33: =IF(COUNTIF(L33,"VERDADERO")>0,"CUMPLE","NO CUMPLE") -> CUMPLE | L33: TRUE
B34: =IF(COUNTIF(B18:B31,"VERDADERO")>0,"CUMPLE","NO CUMPLE") -> CUMPLE | K34: =IF(COUNTIF(L34,"VERDADERO")>0,"CUMPLE","NO CUMPLE") -> CUMPLE | L34: TRUE
B35: DOCUMENTACIÓN APORTADA (…) El proponente deberá presentar las certificaciones de los contratos que están reportados como experiencia en el RUP o copia de los mismos con las correspondientes actas de terminación o liquidación, en los cuales, se verificara que su objeto y alcance, tenga relación directa con el objeto y alcance del presente proceso (...)."
B36: 4. RUP Prodygytek Agosto 15-2024.pdf (pag. 27-28) | K36: =IF(AND(IF(COUNTIF(L36,"VERDADERO")>0,"CUMPLE","NO CUMPLE")="CUMPLE",IF(COUNTIF(L37,"VERDADERO")>0,"CUMPLE","NO CUMPLE")="CUMPLE",IF(OR(COUNTIF(L38:N38,"VERDADERO")=0,COUNTIF(L38:N38,"VERDADERO")=2),"CUMPLE","NO CUMPLE")="CUMPLE",IF(OR(COUNTIF(L39:N39,"VERDADERO")=0,COUNTIF(L39:N39,"VERDADERO")=2),"CUMPLE","NO CUMPLE")="CUMPLE"),"CUMPLE","NO CUMPLE") -> CUMPLE | L36: TRUE
B37: ANEXO 10 EXPERIENCIA HABILITANTE PRODYGYTEK Soportes_3.pdf (pag. 2) | L37: TRUE
L38: FALSE | N38: FALSE
L39: FALSE | N39: FALSE
B40: ANEXO 10 EXPERIENCIA HABILITANTE PRODYGYTEK Soportes_3.pdf (pag. 1) | L40: TRUE
B41: Certificacion Contrato 1056 -CENAC-USAQUEN-2015 (aportado en subsanación) | L41: TRUE
B42: CONSIDERACIONES
B44: OBSERVACIONES
B45: Observación en informe preliminar: La certificación no cumple con ninguna de las temáticas requeridas en el Pliego de Condiciones e igualmente no se identifica información aportada de forma complementaria que permita validar el cumplimiento de dichas temáticas, tales como el contrato y los demás documentos aceptados de conformidad con el pliego de condiciones. Por lo anterior se requiere al contratista con el fin de que allegue subsanación correspondiente. Observaciones oferente en subsanación:(...) Se adjunta Certificación de la Dirección de Sanidad del Ejército, donde se amplían las actividades ejecutadas en el contrato 1056-CENAC-USAQUEN-2015, donde se puede evidenciar que el proyecto involucró actividades de implementación de procesos, flujos de datos o información y un SGDEA. Tema 1 y Tema 2, de los requerimientos solicitados por la Entidad.(...) Observaciones informe definitivo: El oferente, aporta documento adicional que permite evidenciar la experiencia del proponente en el tema 1, de conformidad con los requerimientos del pliego de condiciones. Sin embargo, el documento aportado no permite inferir que el "sistema de Gestión Documental Webdokument" es un Sistema de Gestión de Documentos Electronicos de Archivo - SGDEA, de conformidad con los requerimientos del pliego de condiciones para el TEMA 2.
B46: =IF(AND(B34="CUMPLE",K29="CUMPLE",K19="CUMPLE",K32="CUMPLE",K33="CUMPLE",K36="CUMPLE"),"CUMPLE","NO CUMPLE") -> CUMPLE
A47: 2 | B47: TRUE | C47: 41 | D47: DIRECCION GENERAL DE SANIDAD MILITAR S.A.S | E47: RODYGYTEK PROCESS DOCUMENT AND DATA SOLUTIONS S.A.S | F47: * Soporte a todos los módulos del sistema de gestión documental y flujos implementados (...) • Instalación, configuración y despliegue de licencias dentro del Sistema de Gestión Documental • Soporte y mantenimiento del sistema de gestión documental Webdokument (...) | H47: 190 | I47: 1 | J47: =(H47*I47) -> 190 | K47: Requerimientos de las certificación | L47: FALSE
B48: TRUE | K48: =IF(COUNTIF(L48:N56,"VERDADERO")=8,"CUMPLE","NO CUMPLE") -> CUMPLE | L48: TRUE
B49: TRUE | L49: TRUE
B50: TRUE | L50: TRUE
B51: TRUE | L51: TRUE
L53: TRUE
L54: TRUE
L55: TRUE
L56: TRUE
K57: NO APLICA | L57: FALSE
K58: =IF(COUNTIF(L58:N60,"VERDADERO")>0,"CUMPLE","NO CUMPLE") -> NO CUMPLE | L58: FALSE | N58: FALSE
L59: FALSE | N59: FALSE
L60: =IF(COUNTIF(N58:N60,TRUE)>0,TRUE,FALSE) -> FALSE | N60: FALSE
K61: =IF(COUNTIF(L61,"VERDADERO")>0,"CUMPLE","NO CUMPLE") -> CUMPLE | L61: TRUE
K62: =IF(COUNTIF(L62,"VERDADERO")>0,"CUMPLE","NO CUMPLE") -> CUMPLE | L62: TRUE
B63: =IF(COUNTIF(B47:B60,"VERDADERO")>0,"CUMPLE","NO CUMPLE") -> CUMPLE | K63: =IF(COUNTIF(L63,"VERDADERO")>0,"CUMPLE","NO CUMPLE") -> NO CUMPLE | L63: FALSE
B64: DOCUMENTACIÓN APORTADA (…) El proponente deberá presentar las certificaciones de los contratos que están reportados como experiencia en el RUP o copia de los mismos con las correspondientes actas de terminación o liquidación, en los cuales, se verificara que su objeto y alcance, tenga relación directa con el objeto y alcance del presente proceso (...)."
B65: 4. RUP Prodygytek Agosto 15-2024.pdf (pag. 35-36) | K65: =IF(AND(IF(COUNTIF(L65,"VERDADERO")>0,"CUMPLE","NO CUMPLE")="CUMPLE",IF(COUNTIF(L66,"VERDADERO")>0,"CUMPLE","NO CUMPLE")="CUMPLE",IF(OR(COUNTIF(L67:N67,"VERDADERO")=0,COUNTIF(L67:N67,"VERDADERO")=2),"CUMPLE","NO CUMPLE")="CUMPLE",IF(OR(COUNTIF(L68:N68,"VERDADERO")=0,COUNTIF(L68:N68,"VERDADERO")=2),"CUMPLE","NO CUMPLE")="CUMPLE"),"CUMPLE","NO CUMPLE") -> CUMPLE | L65: TRUE
B66: ANEXO 10 EXPERIENCIA HABILITANTE PRODYGYTEK Soportes_3.pdf (pag. 3-4) | L66: TRUE
L67: FALSE | N67: FALSE
L68: FALSE | N68: FALSE
B69: ANEXO 10 EXPERIENCIA HABILITANTE PRODYGYTEK Soportes_3.pdf (pag. 1) | L69: TRUE
L70: TRUE
B71: CONSIDERACIONES
B73: OBSERVACIONES
B74: Observaciones en informe preliminar La ceritificacion aportada no permite evidenciar que se haya ejecutado "planificación o diseño o modelación o automatización o implementación" sobre "flujos de información o flujos de datos", para acreditar el cumplimiento del TEMA 1 Asi mismo, no es posible inferir que la instalacion se hubiese generado sobre un SGDEA, de conformidad con los requerimientos del pliego de condiciones en el TEMA 2. Observaciones oferente en subsanación:(...)solicito a la entidad se revise la descripción de las actividades relacionadas en la certificación aportada donde la entidad especifica las actividades relacionadas así ”Flujos implementados Radicación de correspondencia, Fichas medicas de ingreso, Fichas médicas de Viajes al Exterior(...) Observaciones informe definitivo: Se valida nuevamente el documento ANEXO 10 EXPERIENCIA HABILITANTE PRODYGYTEK Soportes_3.pdf (pag. 3-4), aportado durante la etapa habilitante y se define que la ceritificacion aportada no permite evidenciar que se haya ejecutado "planificación o diseño o modelación o automatización o implementación" sobre "flujos de información o flujos de datos", para acreditar el cumplimiento del TEMA 1. Asi mismo, no es posible inferir que la instalacion se hubiese generado sobre un SGDEA, de conformidad con los requerimientos del pliego de condiciones en el TEMA 2.
B75: =IF(AND(B63="CUMPLE",K58="CUMPLE",K48="CUMPLE",K61="CUMPLE",K62="CUMPLE",K65="CUMPLE"),"CUMPLE","NO CUMPLE") -> NO CUMPLE
A76: 3 | B76: TRUE | C76: 57 | D76: AGENCIA DE DESARROLLO RURAL - ADR S.A.S | E76: PRODYGYTEK PROCESS DOCUMENT AND DATA SOLUTIONS S.A.S | F76: Implementar un sistema de información para la gestión documental en la Agencia de Desarrollo Rural- ADR., bajo la modalidad de software como servicio – saas (software as a service, por siglas en ingles), para la administración de los archivos y el manejo de la gestión documental, que se articule con los lineamientos definidos por el Archivo General de la Nación en la ley 594 de 2020 y decretos reglamentarios y el sistema integrado de conservación de la entidad. Información aportada en subsanación: Los SGDEA deben permitir como mínimo las siguientes acciones de disposición para cualquier regla de retención y disposición: • Conservación permanente • Eliminación automática • Eliminación con autorización del rol administrativo • Transferencia • Selección | H76: 427.8 | I76: 1 | J76: =(H76*I76) -> 427.8 | K76: Requerimientos de las certificación | L76: TRUE
B77: TRUE | K77: =IF(COUNTIF(L77:N85,"VERDADERO")=8,"CUMPLE","NO CUMPLE") -> CUMPLE | L77: TRUE
B78: TRUE | L78: TRUE
B79: TRUE | L79: TRUE
B80: TRUE | L80: TRUE
L82: TRUE
L83: TRUE
L84: TRUE
L85: TRUE
K86: NO APLICA | L86: FALSE
K87: =IF(COUNTIF(L87:N89,"VERDADERO")>0,"CUMPLE","NO CUMPLE") -> CUMPLE | L87: FALSE | N87: FALSE
L88: TRUE | N88: FALSE
L89: =IF(COUNTIF(N87:N89,TRUE)>0,TRUE,FALSE) -> FALSE | N89: FALSE
K90: =IF(COUNTIF(L90,"VERDADERO")>0,"CUMPLE","NO CUMPLE") -> CUMPLE | L90: TRUE
K91: =IF(COUNTIF(L91,"VERDADERO")>0,"CUMPLE","NO CUMPLE") -> CUMPLE | L91: TRUE
B92: =IF(COUNTIF(B76:B89,"VERDADERO")>0,"CUMPLE","NO CUMPLE") -> CUMPLE | K92: =IF(COUNTIF(L92,"VERDADERO")>0,"CUMPLE","NO CUMPLE") -> CUMPLE | L92: TRUE
B93: DOCUMENTACIÓN APORTADA (…) El proponente deberá presentar las certificaciones de los contratos que están reportados como experiencia en el RUP o copia de los mismos con las correspondientes actas de terminación o liquidación, en los cuales, se verificara que su objeto y alcance, tenga relación directa con el objeto y alcance del presente proceso (...)."
B94: 4. RUP Prodygytek Agosto 15-2024.pdf (pag. 51-52) | K94: =IF(AND(IF(COUNTIF(L94,"VERDADERO")>0,"CUMPLE","NO CUMPLE")="CUMPLE",IF(COUNTIF(L95,"VERDADERO")>0,"CUMPLE","NO CUMPLE")="CUMPLE",IF(OR(COUNTIF(L96:N96,"VERDADERO")=0,COUNTIF(L96:N96,"VERDADERO")=2),"CUMPLE","NO CUMPLE")="CUMPLE",IF(OR(COUNTIF(L97:N97,"VERDADERO")=0,COUNTIF(L97:N97,"VERDADERO")=2),"CUMPLE","NO CUMPLE")="CUMPLE"),"CUMPLE","NO CUMPLE") -> CUMPLE | L94: TRUE
B95: ANEXO 10 EXPERIENCIA HABILITANTE PRODYGYTEK Soportes_3.pdf (pag. 5-7) | L95: TRUE
L96: FALSE | N96: FALSE
L97: FALSE | N97: FALSE
B98: ANEXO 10 EXPERIENCIA HABILITANTE PRODYGYTEK Soportes_3.pdf (pag. 1) | L98: TRUE
B99: Aportados en subsanación: Contrato CCE-273-AM-2020; Ficha Tecnica SGDEA-ACUERDO MARCO CCE-273-AM-2020; Resolucion CCE-273-AM-2020 | L99: TRUE
B100: CONSIDERACIONES
B101: El proponente aporta en el documento ANEXO 10 EXPERIENCIA HABILITANTE PRODYGYTEK Soportes_3.pdf, en la página 5, CERTIFICACIÓN DE RECIBO A SATISFACCIÓN DE BIENES Y/O SERVICIOS Y AUTORIZACIÓN DE DESEMBOLSOS y en la página 6, ORDEN DE COMPRA, teniendo en cuenta el criterio 4.1.3.3 Verificación directa por parte de la entidad en certificaciones de contratos ejecutados, literal “c) También es aceptado como equivalente a la certificación de cumplimiento de los contratos ejecutados, copia de la respectiva acta de liquidación o su equivalente, suscrita por las partes y que de ella se extracte la información requerida del presente numeral”, se valida la experiencia del proponente en los documentos anteriormente referidos.
B102: OBSERVACIONES
B103: Observaciones en informe preliminar Si bien la certificacion aportada involucra la implementación de un sistema de informacion de conformidad con los terminos emanados por el Archivo General de la Nación, la informacion contenida no permite inferir que el sistema implementado corresponda a un SGDEA, de conformidad con los terminos solicitados en el pliego de condiciones, e igualmente no se identifica información aportada de forma complementaria que permita validar el cumplimiento de dichas temáticas, tales como el contrato y los demás documentos aceptados de en el pliego de condiciones . Por lo anterior se requiere al proponente con el fin de que allegue subsanación correspondiente. Observaciones oferente en subsanación: (...)en la ficha técnica se resaltan con color amarillo todo lo relacionado con Metadatos, flujos y en la página 3 se relaciona donde se especifica que el software implementado es un SGDEA, Tema 2.(...) Observaciones informe definitivo: Una vez validada la información del documento aportado en subsanación, Ficha Tecnica SGDEA-ACUERDO MARCO CCE-273-AM-2020 (Pag. 3, se puede inferir que la experiencia del proponente involucra la referida en el pliego de condiciones para la tematica 2.
B104: =IF(AND(B92="CUMPLE",K87="CUMPLE",K77="CUMPLE",K90="CUMPLE",K91="CUMPLE",K94="CUMPLE"),"CUMPLE","NO CUMPLE") -> CUMPLE
A105: 4 | B105: TRUE | C105: 35 | D105: INSTITUTO COLOMBIANO DE ANTROPOLOGIA E HISTORIA | E105: PRODYGYTEK PROCESS DOCUMENT AND DATA SOLUTIONS S.A.S | F105: Prestar los servicios especializados de consultoria que permita generar un diagnostico del ICANH en materia de gestion docuemental y proponer las acciones generales que se deben desarrollar para la implementación del sistema de gestión documental que requiere el ICANH. Información aportada en subsanación: Presentar el diseño lógico del sistema de gestión documental (componente tecnológico). | H105: 115.84 | I105: 1 | J105: =(H105*I105) -> 115.84 | K105: Requerimientos de las certificación | L105: TRUE
B106: TRUE | K106: =IF(COUNTIF(L106:N114,"VERDADERO")=8,"CUMPLE","NO CUMPLE") -> CUMPLE | L106: TRUE
B107: TRUE | L107: TRUE
B108: FALSE | L108: TRUE
...

Sheet 4.1.3. CAPACIDAD TÉCNICA P5
A1: EVALUACIÓN TÉCNICA
A2: CONCURSO DE MÉRITOS ABIERTO CMA-005-2024
A3: VERIFICACION REQUISITOS HABILITANTES TÉCNICOS
A4: 4.1.3. CAPACIDAD TÉCNICA
A6: PROPONENTE | C6: SOFT Y DI LTDA | M6: RESPONSABLE DE IVA | N6: REQUERIMIENTO NO RESPONSABLES DE IVA
A7: TRUE | E7: TRUE | G7: FALSE | K7: FALSE | M7: 907 | N7: 762
A8: CONDICIONES | K8: EXPERIENCIA ACREDITADA | M8: Mínimo requerido | N8: CONCEPTO
A9: b | B9: Acreditar contratos ejecutados por 907 SMMLV (Responsable IVA) o 762 SMMLV (No responsable de IVA). Para proponentes plurales, de acuerdo a su participación | K9: =SUM(IF(B46="CUMPLE",J18,0),IF(B75="CUMPLE",J47,0),IF(B104="CUMPLE",J76,0),IF(B133="CUMPLE",J105,0),IF(B162="CUMPLE",J134,0),IF(B191="CUMPLE",J163,0)) -> 1406.196 | M9: =IF(E7=TRUE,M7,N7) -> 907 | N9: =IF(K9>=M9,"CUMPLE","NO CUMPLE") -> CUMPLE
B11: Hasta 5 contratos (6 Pymes y emprendimientos de mujeres),contratos suscritos con entidades públicas o privadas, ejecutados en el territorio nacional en los últimos diez (10) años contados a partir de la fecha de cierre del proceso, los cuales deben encontrarse debidamente reportados en el RUP, actualizado, vigente y en firme.. | K11: =SUM(IF(B46="CUMPLE",1,0),IF(B75="CUMPLE",1,0),IF(B104="CUMPLE",1,0),IF(B133="CUMPLE",1,0),IF(B162="CUMPLE",1,0),IF(B191="CUMPLE",1,0)) -> 4 | M11: 1 | N11: =IF(K11>=M11,"CUMPLE","NO CUMPLE") -> CUMPLE
A12: d | B12: El objeto, obligaciones o funciones o entregables de cada uno de los contratos deberán indicar explícitamente al menos uno de los siguientes temas: TEMA 1: Planificación o diseño o modelación o automatización o implementación de procesos, flujos de información o flujos de datos. TEMA 2: Análisis o diseño o implementación o parametrización de Sistemas de Gestión de Documentos Electrónicos de Archivo – SGDEA. TEMA 3: Formulación o implementación de por lo menos uno de los siguientes instrumentos documentales - Modelo de requisitos para gestión de documentos electrónicos o, - Tablas de control de acceso – TCA o, - Esquemas de metadatos. | K12: =SUM(IF(AND(K29="CUMPLE",B46="CUMPLE"),1,0),IF(AND(K58="CUMPLE",B75="CUMPLE"),1,0),IF(AND(K87="CUMPLE",B104="CUMPLE"),1,0),IF(AND(K116="CUMPLE",B133="CUMPLE"),1,0),IF(AND(K145="CUMPLE",B162="CUMPLE"),1,0),IF(AND(K174="CUMPLE",B191="CUMPLE"),1,0)) -> 4 | M12: 1 | N12: =IF(K12>=M12,"CUMPLE","NO CUMPLE") -> CUMPLE
N13: =IF(K13>=M13,"CUMPLE","NO CUMPLE") -> CUMPLE | Q13: =24+26 -> 50
A14: e | B14: Como mínimo uno de los contratos debe acreditar experiencia en TEMA 2 de los previamente indicados | K14: =SUM(IF(AND(L30=TRUE,B46="CUMPLE"),1,0),IF(AND(L59=TRUE,B75="CUMPLE"),1,0),IF(AND(L88=TRUE,B104="CUMPLE"),1,0),IF(AND(L117=TRUE,B133="CUMPLE"),1,0),IF(AND(L146=TRUE,B162="CUMPLE"),1,0),IF(AND(L175=TRUE,B191="CUMPLE"),1,0)) -> 1 | M14: 1 | N14: =IF(K14>=M14,"CUMPLE","NO CUMPLE") -> CUMPLE
A15: f | B15: En suma, los contratos soportes de la experiencia específica habilitante del proponente deben incluir al menos dos (2) de los temas referidos en el literal d. | K15: =SUM(IF(SUM(IF(L29=TRUE,1,0),IF(L58=TRUE,1,0),IF(L87=TRUE,1,0),IF(L116=TRUE,1,0),IF(L145=TRUE,1,0),IF(L174=TRUE,1,0))>0,1,0),IF(SUM(IF(L30=TRUE,1,0),IF(L59=TRUE,1,0),IF(L88=TRUE,1,0),IF(L117=TRUE,1,0),IF(L146=TRUE,1,0),IF(L175=TRUE,1,0))>0,1,0),IF(SUM(IF(L31=TRUE,1,0),IF(L60=TRUE,1,0),IF(L89=TRUE,1,0),IF(L118=TRUE,1,0),IF(L147=TRUE,1,0),IF(L176=TRUE,1,0))>0,1,0)) -> 3 | M15: 2 | N15: =IF(K15>=M15,"CUMPLE","NO CUMPLE") -> CUMPLE
A16: No. | B16: CÓDIGO UNSPSC RELACIONADOS | C16: CONSECUTIVO EN RUP: | D16: ENTIDAD CONTRATANTE O EMPLEADORA | E16: NOMBRE DE LA FIRMA QUE LLEVÓ A CABO LA EJECUCIÓN DEL CONTRATO | F16: OBJETO CONTRACTUAL O FUNCIONES DESEMPEÑADAS | H16: EQUIVALENTE EN SMMLV | I16: % DE PARTICIPACIÓN | J16: SMMLV APORTADOS | K16: Documentación aportada
A18: 1 | B18: TRUE | C18: 20 | D18: Ministerio de Minas y Energía | E18: SOFT Y DI LTDA | F18: Contratar el diseño y formulación de estándares, lineamientos y especificaciones técnicas fundamentados en la Norma Técnica Colombiana NTCISO 15489, para los flujos documentales y gestión de registros electrónicos para la implementación del Modelo Gestión de Documentos Electrónicos de Archivo (SGDEA) en el Ministerio de Minas y Energía | H18: 377.49 | I18: 1 | J18: =(H18*I18) -> 377.49 | K18: Requerimientos de las certificación | L18: TRUE
B19: TRUE | K19: CUMPLE | L19: TRUE
B20: TRUE | L20: TRUE
B21: TRUE | L21: TRUE
B22: TRUE | L22: TRUE
L24: TRUE
L25: TRUE
L26: TRUE
L27: TRUE
K28: NO APLICA | L28: FALSE
K29: =IF(COUNTIF(L29:N31,"VERDADERO")>0,"CUMPLE","NO CUMPLE") -> CUMPLE | L29: TRUE | N29: FALSE
L30: TRUE | N30: FALSE
L31: =IF(COUNTIF(N29:N31,TRUE)>0,TRUE,FALSE) -> FALSE | N31: FALSE
K32: =IF(COUNTIF(L32,"VERDADERO")>0,"CUMPLE","NO CUMPLE") -> CUMPLE | L32: TRUE
K33: =IF(COUNTIF(L33,"VERDADERO")>0,"CUMPLE","NO CUMPLE") -> CUMPLE | L33: TRUE
B34: =IF(COUNTIF(B18:B31,"VERDADERO")>0,"CUMPLE","NO CUMPLE") -> CUMPLE | K34: =IF(COUNTIF(L34,"VERDADERO")>0,"CUMPLE","NO CUMPLE") -> CUMPLE | L34: TRUE
B35: DOCUMENTACIÓN APORTADA (…) El proponente deberá presentar las certificaciones de los contratos que están reportados como experiencia en el RUP o copia de los mismos con las correspondientes actas de terminación o liquidación, en los cuales, se verificara que su objeto y alcance, tenga relación directa con el objeto y alcance del presente proceso (...)."
B36: RUP_SoftyDI X. pdf (pag.17) | K36: =IF(AND(IF(COUNTIF(L36,"VERDADERO")>0,"CUMPLE","NO CUMPLE")="CUMPLE",IF(COUNTIF(L37,"VERDADERO")>0,"CUMPLE","NO CUMPLE")="CUMPLE",IF(OR(COUNTIF(L38:N38,"VERDADERO")=0,COUNTIF(L38:N38,"VERDADERO")=2),"CUMPLE","NO CUMPLE")="CUMPLE",IF(OR(COUNTIF(L39:N39,"VERDADERO")=0,COUNTIF(L39:N39,"VERDADERO")=2),"CUMPLE","NO CUMPLE")="CUMPLE"),"CUMPLE","NO CUMPLE") -> CUMPLE | L36: TRUE
B37: EXPERIENCIA HABILITANTE DEL PROPONENTE_1.pdf (pag.1-7) | L37: TRUE
L38: FALSE | N38: FALSE
L39: FALSE | N39: FALSE
B40: ANEXO 10 EXPERIENCIA HABILITANTE DEL PROPONENTE.xlsx | L40: TRUE
L41: FALSE
B42: CONSIDERACIONES
B44: OBSERVACIONES (No esta), Referir subsanación?
B46: =IF(AND(B34="CUMPLE",K29="CUMPLE",K19="CUMPLE",K32="CUMPLE",K33="CUMPLE",K34="CUMPLE",K36="CUMPLE"),"CUMPLE","NO CUMPLE") -> CUMPLE
A47: 2 | B47: TRUE | C47: 49 | D47: UNION TEMPORAL ABOX - UPTC 2018 | E47: Universidad Pedagógica y Tecnológica de Colombia | F47: 3. Alcance de la propuesta (…) "El proyecto contempla la implantación automatizada de los PROCESOS DOCUMENTALES DE LA UNIVERSIDAD (…)" | H47: 1084.07 | I47: 0.8 | J47: =(H47*I47) -> 867.256 | K47: Requerimientos de las certificación | L47: FALSE
B48: TRUE | K48: =IF(COUNTIF(L48:N56,"VERDADERO")=8,"CUMPLE","NO CUMPLE") -> CUMPLE | L48: TRUE
B49: TRUE | L49: TRUE
B50: TRUE | L50: TRUE
B51: TRUE | L51: TRUE
L53: TRUE
L54: TRUE
L55: TRUE
L56: TRUE
K57: CUMPLE | L57: FALSE
K58: =IF(COUNTIF(L58:N60,"VERDADERO")>0,"CUMPLE","NO CUMPLE") -> CUMPLE | L58: TRUE | N58: FALSE
L59: FALSE | N59: FALSE
L60: =IF(COUNTIF(N58:N60,TRUE)>0,TRUE,FALSE) -> FALSE | N60: FALSE
K61: =IF(COUNTIF(L61,"VERDADERO")>0,"CUMPLE","NO CUMPLE") -> CUMPLE | L61: TRUE
K62: =IF(COUNTIF(L62,"VERDADERO")>0,"CUMPLE","NO CUMPLE") -> CUMPLE | L62: TRUE
B63: =IF(COUNTIF(B47:B60,"VERDADERO")>0,"CUMPLE","NO CUMPLE") -> CUMPLE | K63: =IF(COUNTIF(L63,"VERDADERO")>0,"CUMPLE","NO CUMPLE") -> CUMPLE | L63: TRUE
B64: DOCUMENTACIÓN APORTADA (…) El proponente deberá presentar las certificaciones de los contratos que están reportados como experiencia en el RUP o copia de los mismos con las correspondientes actas de terminación o liquidación, en los cuales, se verificara que su objeto y alcance, tenga relación directa con el objeto y alcance del presente proceso (...)."
B65: RUP_SoftyDI X. pdf (pag.31-32) | K65: =IF(AND(IF(COUNTIF(L65,"VERDADERO")>0,"CUMPLE","NO CUMPLE")="CUMPLE",IF(COUNTIF(L66,"VERDADERO")>0,"CUMPLE","NO CUMPLE")="CUMPLE",IF(OR(COUNTIF(L67:N67,"VERDADERO")=0,COUNTIF(L67:N67,"VERDADERO")=2),"CUMPLE","NO CUMPLE")="CUMPLE",IF(OR(COUNTIF(L68:N68,"VERDADERO")=0,COUNTIF(L68:N68,"VERDADERO")=2),"CUMPLE","NO CUMPLE")="CUMPLE"),"CUMPLE","NO CUMPLE") -> CUMPLE | L65: TRUE
B66: EXPERIENCIA HABILITANTE DEL PROPONENTE_1.pdf (pag.19) | L66: TRUE
B67: EXPERIENCIA HABILITANTE DEL PROPONENTE_1.pdf (pag.8-18) | L67: TRUE | N67: TRUE
L68: FALSE | N68: FALSE
B69: ANEXO 10 EXPERIENCIA HABILITANTE DEL PROPONENTE.xlsx | L69: FALSE
B70: EXPERIENCIA HABILITANTE DEL PROPONENTE_1.pdf (pag.20-22) | L70: FALSE
B71: CONSIDERACIONES
B72: 1. El proponente aporta contrato con la Universidad Pedagógica y Tecnológica de Colombia EXPERIENCIA HABILITANTE DEL PROPONENTE_1.pdf (pag.8-18) en el cual se valida el numeral 3. ALCANCE DE LA PROPUESTA, "El proyecto contempla la implantación automatizada de los PROCESOS DOCUMENTALES DE LA UNIVERSIDAD (…)" lo anterior permite avalar el cumplimento de la temática numero 1 requerída en el pliego de condiciones. 2. El proponente aporta acta de conformación de unión temporal EXPERIENCIA HABILITANTE DEL PROPONENTE_1.pdf (pag.20-22), en donde es posible evidenciar el porcentaje de participación en la unión temporal ABOX-UPTC 2018. Por lo anterior se genera aval al requisito solicitado 4.1.3.3 Verificación directa por parte de la entidad en certificaciones de contratos ejecutados, literal k) (…)” Para los consorcios y uniones temporales, se deberá especificar el porcentaje de participación de cada uno en el contrato. (...).
B73: OBSERVACIONES
B75: =IF(AND(B63="CUMPLE",K58="CUMPLE",K48="CUMPLE",K61="CUMPLE",K62="CUMPLE",K63="CUMPLE",K65="CUMPLE"),"CUMPLE","NO CUMPLE") -> CUMPLE
A76: 3 | B76: TRUE | C76: 56 | D76: SOFT Y DI LTDA | E76: Adapting América S.A.S. | F76: Diagnóstico integral de implementación de ABOX - ECM, ampliación y ajuste de funcionalidad en módulo PQRS y acompañamiento técnico al modelo de gestión documental del Grupo Energía Bogotá Información aportada en subsanación Pag. 2-15 Carta de aceptación de la oferta (...) forma de pago (...)2. Entrega de modelos BPMN y funcionalidad validada por los responsables de GEB (...) Apéndice 1 (...) Alcance: (...) La solución se parametrizará dentro de la herramienta Abox-ECM e incluirá los subprocesos de recepción, trámite, respuesta, cierre y análisis de las peticiones realizadas.(...) Entregables (...)Entrega de modelos BPMN y funcionalidad validada por los responsables de GEB. (...) Paso a paso del trámite a modelar (...)Requisitos tecnológicos (...) Modelado de flujos: documentos de entrada tipo PQR y trámite de expedientes de PQR. | H76: 69.5 | I76: 1 | J76: =(H76*I76) -> 69.5 | K76: Requerimientos de las certificación | L76: TRUE
B77: TRUE | K77: =IF(COUNTIF(L77:N85,"VERDADERO")=8,"CUMPLE","NO CUMPLE") -> CUMPLE | L77: TRUE
B78: TRUE | L78: TRUE
B79: TRUE | L79: TRUE
B80: TRUE | L80: TRUE
L82: TRUE
L83: TRUE
L84: TRUE
L85: TRUE
K86: NO APLICA | L86: FALSE
K87: =IF(COUNTIF(L87:N89,"VERDADERO")>0,"CUMPLE","NO CUMPLE") -> CUMPLE | L87: TRUE | N87: FALSE
L88: FALSE | N88: FALSE
L89: =IF(COUNTIF(N87:N89,TRUE)>0,TRUE,FALSE) -> FALSE | N89: FALSE
K90: =IF(COUNTIF(L90,"VERDADERO")>0,"CUMPLE","NO CUMPLE") -> CUMPLE | L90: TRUE
K91: =IF(COUNTIF(L91,"VERDADERO")>0,"CUMPLE","NO CUMPLE") -> CUMPLE | L91: TRUE
B92: =IF(COUNTIF(B76:B89,"VERDADERO")>0,"CUMPLE","NO CUMPLE") -> CUMPLE | K92: =IF(COUNTIF(L92,"VERDADERO")>0,"CUMPLE","NO CUMPLE") -> CUMPLE | L92: TRUE
B93: DOCUMENTACIÓN APORTADA (…) El proponente deberá presentar las certificaciones de los contratos que están reportados como experiencia en el RUP o copia de los mismos con las correspondientes actas de terminación o liquidación, en los cuales, se verificara que su objeto y alcance, tenga relación directa con el objeto y alcance del presente proceso (...)."
B94: RUP_SoftyDI X. pdf (pag.36) | K94: =IF(AND(IF(COUNTIF(L94,"VERDADERO")>0,"CUMPLE","NO CUMPLE")="CUMPLE",IF(COUNTIF(L95,"VERDADERO")>0,"CUMPLE","NO CUMPLE")="CUMPLE",IF(OR(COUNTIF(L96:N96,"VERDADERO")=0,COUNTIF(L96:N96,"VERDADERO")=2),"CUMPLE","NO CUMPLE")="CUMPLE",IF(OR(COUNTIF(L97:N97,"VERDADERO")=0,COUNTIF(L97:N97,"VERDADERO")=2),"CUMPLE","NO CUMPLE")="CUMPLE"),"CUMPLE","NO CUMPLE") -> CUMPLE | L94: TRUE
B95: EXPERIENCIA HABILITANTE DEL PROPONENTE_1.pdf (pag.23-24) | L95: TRUE
B96: Observaciones-Subsanación_SoftyDI-CMA-005-2024.pdf (aportado en subsanación) | L96: TRUE | N96: TRUE
L97: FALSE | N97: FALSE
B98: ANEXO 10 EXPERIENCIA HABILITANTE DEL PROPONENTE.xlsx | L98: TRUE
L99: FALSE
B100: CONSIDERACIONES
B102: OBSERVACIONES
B103: Observaciones informe preliminar La certificación no cumple con ninguna de las temáticas requeridas en el Pliego de Condiciones e igualmente no se identifica información aportada de forma complementaria que permita validar el cumplimiento de dichas temáticas, tales como el contrato y los demás documentos aceptados de conformidad con el pliego de condiciones. Por lo anterior se requiere al contratista con el fin de que allegue subsanación correspondiente. Observaciones oferente en subsanación: Pag. 1. 1. CAPACIDAD TÉCNICA. Certificación No. 3 "Se subsana la certificación con copia del contrato ejecutado. Anexo No. 1." Observaciones informe definitivo: Se incluye información complementaria presentada por el Oferente en desarrollo de la subsanación.
B104: =IF(AND(B92="CUMPLE",K87="CUMPLE",K77="CUMPLE",K90="CUMPLE",K91="CUMPLE",K92="CUMPLE",K94="CUMPLE"),"CUMPLE","NO CUMPLE") -> CUMPLE
A105: 4 | B105: TRUE | C105: 15 | D105: SOFT Y DI LTDA | E105: Adapting América S.A.S. | F105: "Fijar los requisitos básicos de la gestión documental para los procesos corporativos determinados por medio del instrumento técnico TRD y Tablas de Control de Acceso en TRECSA, con el fin de modelizar el producto Abox ECM(...)" Información aportada en subsanación "(...)Alcance(…) Implementar las Tablas de control de acceso a los documentos y la información que resida en el software de gestión de documentos.(...)" | H105: 91.95 | I105: 1 | J105: =(H105*I105) -> 91.95 | K105: Requerimientos de las certificación | L105: TRUE
B106: TRUE | K106: =IF(COUNTIF(L106:N114,"VERDADERO")=8,"CUMPLE","NO CUMPLE") -> CUMPLE | L106: TRUE
B107: TRUE | L107: TRUE
B108: TRUE | L108: TRUE
B109: TRUE | L109: TRUE
L111: TRUE
...

Sheet 4.1.4 EQUIPO MÍNIMO P1
B1: AGENCIA NACIONAL DE MINERÍA
B2: CONCURSO DE MÉRITOS ABIERTO CMA-005-2024
B3: VERIFICACION REQUISITOS HABILITANTES TÉCNICOS
B4: 4.1.4. FORMACIÓN ACADÉMICA Y EXPERIENCIA DEL EQUIPO MÍNIMO DE TRABAJO
B6: PROPONENTE | E6: Unión Temporal SOAIN BUSINESS SUPPORT – SGDEA
A7: PERFIL 1 | B7: PERFIL 1 - REQUISITO
B8: Item | C8: No. | D8: Cargo | F8: Formación académica pregrado | H8: Formación académica posgrado | M8: Experiencia específica mínima
B9: 1 | C9: 1 | D9: Un (1) Gerente de proyecto | F9: Título profesional en carreras cuyo Núcleo Básico de Conocimiento NBC corresponda a alguno de los siguientes: * Ingeniería de Sistemas Telemática y afines * Ingeniería Electrónica, telecomunicaciones y afines * Ingeniería industrial y afines. | H9: Posgrado en la modalidad de especialización o maestría con titulaciones que incluyan dirección, gerencia, organización, gestión o administración de proyectos cuyo Núcleo Base de Conocimiento corresponda a alguno de los siguientes: * Administración * Ingeniería de Sistemas telemática y afines * Ingeniería industrial y afines | M9: * Experiencia profesional mínima de cinco (5) años. * Participación mínima en dos (2) proyectos de: - Planeación estratégica de TI o - Arquitectura empresarial o - Planeación o implementación de Sistemas de información o - Diseño o desarrollo software o - Implementación de Sistemas de Gestión de Documentos Electrónicos de Archivo – SGDEA Ejerciendo en dichos proyectos el rol o cargo de Gerente, Director, Coordinador o líder de proyecto Nota. La experiencia específica puede estar contenida dentro del término de la experiencia general certificada. Nota. La experiencia acreditada con la cantidad de proyectos indicada debe ser como mínimo de (12) doce meses No se contabilizan tiempos traslapados.
B10: EVALUACIÓN DE CUMPLIMIENTO
B11: DOCUMENTOS APORTADOS
B12: Nombre | E12: MONICA YULIETH SUAREZ ROLDAN | I12: Documento de identificación | K12: Cédula de ciudadanía | M12: Número | N12: 1110446336
B13: Requisito | H13: Aportado | I13: Documento soporte aportado | L13: Requisito | O13: Aportado | P13: Documento soporte aportado
B14: Documento acreditación académica pregrado | H14: SI | I14: Diploma Pregrado.pdf | L14: Tarjeta/Matricula profesional | O14: SI | P14: Tarjeta profesional (1).pdf
B15: Documento acreditación académica posgrado | H15: SI | I15: Diploma Maestria.jpeg | L15: Documento de identidad | O15: SI | P15: Cedula de Ciudadania.pdf
B16: Anexo 9 Equipo Mínimo de Trabajo | H16: SI | I16: ANEXO 9 EQUIPO MINIMO DE TRABAJO - HABILITANTE_1.xlsx | L16: Anexo 12 - Carta de compromiso | O16: NO | P16: No aporta
B17: ACREDITACIÓN REQUISITOS ACADEMICOS
B18: Título pregrado | E18: Ingeniero de Sistemas | I18: NBC Pregrado | J18: Ingeniería de Sistemas Telemática y afines | O18: Fecha | P18: 39557 | R18: ** DD/MM/AAAA
B19: Título posgrado | E19: Magíster en Gestión de Proyectos | I19: NBC Postgrado | J19: Administración | O19: Fecha | P19: 42626 | R19: Titulación | U19: Gestión
B20: Tarjeta profesional N° | E20: 70255211598TLM | G20: Fecha expedición | I20: 40773 | K20: CONCEPTO | M20: REQUISITOS ACADÉMICOS ACREDITADOS
B21: ACREDITACIÓN EXPERIENCIA ESPECÍFICA MÍNIMA
C22: Experiencia reportada | M22: Características de la certificación | S22: BALANCE CERTIFICACIÓN | T22: ¿Acredidación con documentos complementarios? | U22: Detalle experiencia | X22: EXPERIENCIA ACREDITADA | Y22: Información complementaria | AC22: Alertas traslapo | AF22: Fechas tomadas para cálculo | AH22: Tiempo acreditado en años
B23: No. | C23: Entidad Contratante o Empleadora | F23: Cargo - Objeto del contrato y/o nombre del proyecto, y/o obligaciones y/o actividades desarrolladas | K23: Fecha inicio | L23: Fecha fin | M23: Nombre de la entidad contratante o empleador | N23: Nombre del contratista o empleado con su identificación. | O23: Persona que expide la certificación, con nombre, y cargo. | P23: Objeto del contrato y/u obligaciones y/o actividades desarrolladas | Q23: Fecha de expedición de la certificación. | R23: Fecha de inicio y terminación del contrato y/o proyecto | U23: Proyecto en el que participa cumple con exp específica | V23: Cumple rol de proyecto (Exp. Específica) | W23: Tipo de experiencia | Y23: Denominación de documento soporte aportado, si esta dentro de un archivo general, incluir el rango de páginas que contiene la información | Z23: Formulación de documento soporte | AA23: Observaciones (en caso de requerir registrar) | AB23: Formula observaciones | AC23: Inicia en ejecución de otro contrato | AD23: Termina en ejecución de otro contrato | AE23: Contiene otra experiencia | AF23: Fecha inicial | AG23: Fecha final
B24: 1 | C24: SOAIN SOFTWARE ASSOCIATES S.A.S | F24: Certificación: "(…) desempeñando el rol de GERENTE DE PROYECTOS | K24: 43165 | L24: 45194 | M24: CUMPLE | N24: NO CUMPLE | O24: CUMPLE | P24: CUMPLE | Q24: CUMPLE | R24: CUMPLE | S24: =IF(C24<>"",IF(COUNTIF(M24:R24,"CUMPLE")=6,"CUMPLE","NO CUMPLE"),"") -> NO CUMPLE | T24: NO | U24: NO CUMPLE | V24: NO CUMPLE | W24: =IF(C24<>"",IF(AND(U24="CUMPLE",V24="CUMPLE"),"ESPECIFICA","GENERAL"),"") -> GENERAL | X24: =IF(C24<>"",IF(OR(AND(S24="CUMPLE",T24="N/A"),T24="SI"),"CUMPLE","NO CUMPLE"),"") -> NO CUMPLE | Y24: 08. Certificación Laboral Mónica Suárez.docx (1).pdf | Z24: =IF(Y24<>"","-"&Y24&CHAR(10),"") -> -08. Certificación Laboral Mónica Suárez.docx (1).pdf | AA24: La certificación no incluye el dato de identificación del perfil. Así mismo, la experiencia es certificada por uno de los miembros del proponente plural por cuanto debe estar acompañada con la documentación que acredite tal experiencia según los términos indicados en el Pliego de Condiciones. No fue aportada documentación complementaria. Con el objeto de contabilizar los términos de experiencia profesional, se asocia este apartado de la experiencia en registro independiente. | AB24: =IF(AA24<>"","Experiencia No. "&B24&": "&AA24&CHAR(10),"") -> Experiencia No. 1: La certificación no incluye el dato de identificación del perfil. Así mismo, la experiencia es certificada por uno de los miembros del proponente plural por cuanto debe estar acompañada con la documentación que acredite tal experiencia según los términos indicados en el Pliego de Condiciones. No fue aportada documentación complementaria. Con el objeto de contabilizar los términos de experiencia profesional, se asocia este apartado de la experiencia en registro independiente. | AC24: =IF(C24<>"",COUNTIFS(K$24:K$43,"<="&K24,L$24:L$43,">"&K24)-1,0) -> 0 | AD24: =IF(C24<>"",COUNTIFS(K$24:K$43,"<="&L24,L$24:L$43,">="&L24)-1,0) -> 0 | AE24: =IF(C24<>"",COUNTIFS(K$24:K$43,"><"&"",K$24:K$43,"<="&K24,L$24:L$43,">="&L24),0) -> 0 | AF24: 43165 | AG24: 45194 | AH24: =ROUND(IF(X24="CUMPLE",DAYS360(AF24,AG24,)/365,0),1) -> 0
C25: SOAIN SOFTWARE ASSOCIATES S.A.S | F25: Certificación: "(…) desempeñando el rol de GERENTE DE PROYECTOS (…) Cliente: Instituto Nacional de Vigilancia de Medicamentos y Alimentos - Invima Objeto: Desarrollar una solución tecnológica consistente en la implementación de la nueva plataforma de trámites y servicios para ejecutar en línea, las actividades misionales de los procesos: "registros sanitarios y trámites asociados" y "auditorías y certificaciones" del instituto nacional de vigilancia de medicamentos y alimentos – INVIMA (...)" | M25: CUMPLE | N25: NO CUMPLE | O25: CUMPLE | P25: CUMPLE | Q25: CUMPLE | R25: CUMPLE | S25: =IF(C25<>"",IF(COUNTIF(M25:R25,"CUMPLE")=6,"CUMPLE","NO CUMPLE"),"") -> NO CUMPLE | T25: NO | U25: CUMPLE | V25: CUMPLE | W25: =IF(C25<>"",IF(AND(U25="CUMPLE",V25="CUMPLE"),"ESPECIFICA","GENERAL"),"") -> ESPECIFICA | X25: =IF(C25<>"",IF(OR(AND(S25="CUMPLE",T25="N/A"),T25="SI"),"CUMPLE","NO CUMPLE"),"") -> NO CUMPLE | Y25: 08. Certificación Laboral Mónica Suárez.docx (1).pdf | Z25: =IF(Y25<>"","-"&Y25&CHAR(10),"") -> -08. Certificación Laboral Mónica Suárez.docx (1).pdf | AA25: La certificación no incluye el dato de identificación del perfil. Así mismo, la experiencia es certificada por uno de los miembros del proponente plural por cuanto debe estar acompañada con la documentación que acredite tal experiencia según los términos indicados en el Pliego de Condiciones. No fue aportada documentación complementaria. Con el fin de contabilizar los términos de experiencia en relación al proyecto objeto de revisión, se asocia este proyecto en registro independiente. En la documentación aportada no se evidencia datos de inicio y fin de la ejecución del proyecto analizado. | AB25: =IF(AA25<>"","Experiencia No. "&B25&": "&AA25&CHAR(10),"") -> Experiencia No. : La certificación no incluye el dato de identificación del perfil. Así mismo, la experiencia es certificada por uno de los miembros del proponente plural por cuanto debe estar acompañada con la documentación que acredite tal experiencia según los términos indicados en el Pliego de Condiciones. No fue aportada documentación complementaria. Con el fin de contabilizar los términos de experiencia en relación al proyecto objeto de revisión, se asocia este proyecto en registro independiente. En la documentación aportada no se evidencia datos de inicio y fin de la ejecución del proyecto analizado. | AC25: =IF(C25<>"",COUNTIFS(K$24:K$43,"<="&K25,L$24:L$43,">"&K25)-1,0) -> -1 | AD25: =IF(C25<>"",COUNTIFS(K$24:K$43,"<="&L25,L$24:L$43,">="&L25)-1,0) -> -1 | AE25: =IF(C25<>"",COUNTIFS(K$24:K$43,"><"&"",K$24:K$43,"<="&K25,L$24:L$43,">="&L25),0) -> 0 | AH25: =ROUND(IF(X25="CUMPLE",DAYS360(AF25,AG25,)/365,0),1) -> 0
C26: SOAIN SOFTWARE ASSOCIATES S.A.S | F26: Certificación: "(…) desempeñando el rol de GERENTE DE PROYECTOS (...) Cliente: Consejo Superior de la Judicatura - Rama Judicial Objeto: Adquirir el análisis, diseño y la herramienta para implementar la capacidad para la interoperabilidad e integración de servicios para la Rama Judicial.(...)" | M26: CUMPLE | N26: NO CUMPLE | O26: CUMPLE | P26: CUMPLE | Q26: CUMPLE | R26: CUMPLE | S26: =IF(C26<>"",IF(COUNTIF(M26:R26,"CUMPLE")=6,"CUMPLE","NO CUMPLE"),"") -> NO CUMPLE | T26: NO | U26: CUMPLE | V26: CUMPLE | W26: =IF(C26<>"",IF(AND(U26="CUMPLE",V26="CUMPLE"),"ESPECIFICA","GENERAL"),"") -> ESPECIFICA | X26: =IF(C26<>"",IF(OR(AND(S26="CUMPLE",T26="N/A"),T26="SI"),"CUMPLE","NO CUMPLE"),"") -> NO CUMPLE | Y26: 08. Certificación Laboral Mónica Suárez.docx (1).pdf | Z26: =IF(Y26<>"","-"&Y26&CHAR(10),"") -> -08. Certificación Laboral Mónica Suárez.docx (1).pdf | AA26: La certificación no incluye el dato de identificación del perfil. Así mismo, la experiencia es certificada por uno de los miembros del proponente plural por cuanto debe estar acompañada con la documentación que acredite tal experiencia según los términos indicados en el Pliego de Condiciones. No fue aportada documentación complementaria. Con el fin de contabilizar los términos de experiencia en relación al proyecto objeto de revisión, se asocia este proyecto en registro independiente. En la documentación aportada no se evidencia datos de inicio y fin de la ejecución del proyecto analizado. | AB26: =IF(AA26<>"","Experiencia No. "&B26&": "&AA26&CHAR(10),"") -> Experiencia No. : La certificación no incluye el dato de identificación del perfil. Así mismo, la experiencia es certificada por uno de los miembros del proponente plural por cuanto debe estar acompañada con la documentación que acredite tal experiencia según los términos indicados en el Pliego de Condiciones. No fue aportada documentación complementaria. Con el fin de contabilizar los términos de experiencia en relación al proyecto objeto de revisión, se asocia este proyecto en registro independiente. En la documentación aportada no se evidencia datos de inicio y fin de la ejecución del proyecto analizado. | AC26: =IF(C26<>"",COUNTIFS(K$24:K$43,"<="&K26,L$24:L$43,">"&K26)-1,0) -> -1 | AD26: =IF(C26<>"",COUNTIFS(K$24:K$43,"<="&L26,L$24:L$43,">="&L26)-1,0) -> -1 | AE26: =IF(C26<>"",COUNTIFS(K$24:K$43,"><"&"",K$24:K$43,"<="&K26,L$24:L$43,">="&L26),0) -> 0 | AH26: =ROUND(IF(X26="CUMPLE",DAYS360(AF26,AG26,)/365,0),1) -> 0
B27: 4 | S27: =IF(C27<>"",IF(COUNTIF(M27:R27,"CUMPLE")=6,"CUMPLE","NO CUMPLE"),"") | W27: =IF(C27<>"",IF(AND(U27="CUMPLE",V27="CUMPLE"),"ESPECIFICA","GENERAL"),"") | X27: =IF(C27<>"",IF(OR(AND(S27="CUMPLE",T27="N/A"),T27="SI"),"CUMPLE","NO CUMPLE"),"") | Z27: =IF(Y27<>"","-"&Y27&CHAR(10),"") | AB27: =IF(AA27<>"","Experiencia No. "&B27&": "&AA27&CHAR(10),"") | AC27: =IF(C27<>"",COUNTIFS(K$24:K$43,"<="&K27,L$24:L$43,">"&K27)-1,0) -> 0 | AD27: =IF(C27<>"",COUNTIFS(K$24:K$43,"<="&L27,L$24:L$43,">="&L27)-1,0) -> 0 | AE27: =IF(C27<>"",COUNTIFS(K$24:K$43,"><"&"",K$24:K$43,"<="&K27,L$24:L$43,">="&L27),0) -> 0 | AH27: =ROUND(IF(X27="CUMPLE",DAYS360(AF27,AG27,)/365,0),1) -> 0
B28: 5 | S28: =IF(C28<>"",IF(COUNTIF(M28:R28,"CUMPLE")=6,"CUMPLE","NO CUMPLE"),"") | W28: =IF(C28<>"",IF(AND(U28="CUMPLE",V28="CUMPLE"),"ESPECIFICA","GENERAL"),"") | X28: =IF(C28<>"",IF(OR(AND(S28="CUMPLE",T28="N/A"),T28="SI"),"CUMPLE","NO CUMPLE"),"") | Z28: =IF(Y28<>"","-"&Y28&CHAR(10),"") | AB28: =IF(AA28<>"","Experiencia No. "&B28&": "&AA28&CHAR(10),"") | AC28: =IF(C28<>"",COUNTIFS(K$24:K$43,"<="&K28,L$24:L$43,">"&K28)-1,0) -> 0 | AD28: =IF(C28<>"",COUNTIFS(K$24:K$43,"<="&L28,L$24:L$43,">="&L28)-1,0) -> 0 | AE28: =IF(C28<>"",COUNTIFS(K$24:K$43,"><"&"",K$24:K$43,"<="&K28,L$24:L$43,">="&L28),0) -> 0 | AH28: =IF(X28="CUMPLE",DAYS360(AF28,AG28,)/365,0) -> 0
B29: 6 | S29: =IF(C29<>"",IF(COUNTIF(M29:R29,"CUMPLE")=6,"CUMPLE","NO CUMPLE"),"") | W29: =IF(C29<>"",IF(AND(U29="CUMPLE",V29="CUMPLE"),"ESPECIFICA","GENERAL"),"") | X29: =IF(C29<>"",IF(OR(AND(S29="CUMPLE",T29="N/A"),T29="SI"),"CUMPLE","NO CUMPLE"),"") | Z29: =IF(Y29<>"","-"&Y29&CHAR(10),"") | AB29: =IF(AA29<>"","Experiencia No. "&B29&": "&AA29&CHAR(10),"") | AC29: =IF(C29<>"",COUNTIFS(K$24:K$43,"<="&K29,L$24:L$43,">"&K29)-1,0) -> 0 | AD29: =IF(C29<>"",COUNTIFS(K$24:K$43,"<="&L29,L$24:L$43,">="&L29)-1,0) -> 0 | AE29: =IF(C29<>"",COUNTIFS(K$24:K$43,"><"&"",K$24:K$43,"<="&K29,L$24:L$43,">="&L29),0) -> 0 | AH29: =IF(X29="CUMPLE",DAYS360(AF29,AG29,)/365,0) -> 0
B30: 7 | S30: =IF(C30<>"",IF(COUNTIF(M30:R30,"CUMPLE")=6,"CUMPLE","NO CUMPLE"),"") | W30: =IF(C30<>"",IF(AND(U30="CUMPLE",V30="CUMPLE"),"ESPECIFICA","GENERAL"),"") | X30: =IF(C30<>"",IF(OR(AND(S30="CUMPLE",T30="N/A"),T30="SI"),"CUMPLE","NO CUMPLE"),"") | Z30: =IF(Y30<>"","-"&Y30&CHAR(10),"") | AB30: =IF(AA30<>"","Experiencia No. "&B30&": "&AA30&CHAR(10),"") | AC30: =IF(C30<>"",COUNTIFS(K$24:K$43,"<="&K30,L$24:L$43,">"&K30)-1,0) -> 0 | AD30: =IF(C30<>"",COUNTIFS(K$24:K$43,"<="&L30,L$24:L$43,">="&L30)-1,0) -> 0 | AE30: =IF(C30<>"",COUNTIFS(K$24:K$43,"><"&"",K$24:K$43,"<="&K30,L$24:L$43,">="&L30),0) -> 0 | AH30: =IF(X30="CUMPLE",DAYS360(K30,L30,)/365,0) -> 0
B31: 8 | S31: =IF(C31<>"",IF(COUNTIF(M31:R31,"CUMPLE")=6,"CUMPLE","NO CUMPLE"),"") | W31: =IF(C31<>"",IF(AND(U31="CUMPLE",V31="CUMPLE"),"ESPECIFICA","GENERAL"),"") | X31: =IF(C31<>"",IF(OR(AND(S31="CUMPLE",T31="N/A"),T31="SI"),"CUMPLE","NO CUMPLE"),"") | Z31: =IF(Y31<>"","-"&Y31&CHAR(10),"") | AB31: =IF(AA31<>"","Experiencia No. "&B31&": "&AA31&CHAR(10),"") | AC31: =IF(C31<>"",COUNTIFS(K$24:K$43,"<="&K31,L$24:L$43,">"&K31)-1,0) -> 0 | AD31: =IF(C31<>"",COUNTIFS(K$24:K$43,"<="&L31,L$24:L$43,">="&L31)-1,0) -> 0 | AE31: =IF(C31<>"",COUNTIFS(K$24:K$43,"><"&"",K$24:K$43,"<="&K31,L$24:L$43,">="&L31),0) -> 0 | AH31: =IF(X31="CUMPLE",DAYS360(K31,L31,)/365,0) -> 0
B32: 9 | S32: =IF(C32<>"",IF(COUNTIF(M32:R32,"CUMPLE")=6,"CUMPLE","NO CUMPLE"),"") | W32: =IF(C32<>"",IF(AND(U32="CUMPLE",V32="CUMPLE"),"ESPECIFICA","GENERAL"),"") | X32: =IF(C32<>"",IF(OR(AND(S32="CUMPLE",T32="N/A"),T32="SI"),"CUMPLE","NO CUMPLE"),"") | Z32: =IF(Y32<>"","-"&Y32&CHAR(10),"") | AB32: =IF(AA32<>"","Experiencia No. "&B32&": "&AA32&CHAR(10),"") | AC32: =IF(C32<>"",COUNTIFS(K$24:K$43,"<="&K32,L$24:L$43,">"&K32)-1,0) -> 0 | AD32: =IF(C32<>"",COUNTIFS(K$24:K$43,"<="&L32,L$24:L$43,">="&L32)-1,0) -> 0 | AE32: =IF(C32<>"",COUNTIFS(K$24:K$43,"><"&"",K$24:K$43,"<="&K32,L$24:L$43,">="&L32),0) -> 0 | AH32: =IF(X32="CUMPLE",DAYS360(K32,L32,)/365,0) -> 0
B33: 10 | S33: =IF(C33<>"",IF(COUNTIF(M33:R33,"CUMPLE")=6,"CUMPLE","NO CUMPLE"),"") | W33: =IF(C33<>"",IF(AND(U33="CUMPLE",V33="CUMPLE"),"ESPECIFICA","GENERAL"),"") | X33: =IF(C33<>"",IF(OR(AND(S33="CUMPLE",T33="N/A"),T33="SI"),"CUMPLE","NO CUMPLE"),"") | Z33: =IF(Y33<>"","-"&Y33&CHAR(10),"") | AB33: =IF(AA33<>"","Experiencia No. "&B33&": "&AA33&CHAR(10),"") | AC33: =IF(C33<>"",COUNTIFS(K$24:K$43,"<="&K33,L$24:L$43,">"&K33)-1,0) -> 0 | AD33: =IF(C33<>"",COUNTIFS(K$24:K$43,"<="&L33,L$24:L$43,">="&L33)-1,0) -> 0 | AE33: =IF(C33<>"",COUNTIFS(K$24:K$43,"><"&"",K$24:K$43,"<="&K33,L$24:L$43,">="&L33),0) -> 0 | AH33: =IF(X33="CUMPLE",DAYS360(K33,L33,)/365,0) -> 0
B34: 11 | S34: =IF(C34<>"",IF(COUNTIF(M34:R34,"CUMPLE")=6,"CUMPLE","NO CUMPLE"),"") | W34: =IF(C34<>"",IF(AND(U34="CUMPLE",V34="CUMPLE"),"ESPECIFICA","GENERAL"),"") | X34: =IF(C34<>"",IF(OR(AND(S34="CUMPLE",T34="N/A"),T34="SI"),"CUMPLE","NO CUMPLE"),"") | Z34: =IF(Y34<>"","-"&Y34&CHAR(10),"") | AB34: =IF(AA34<>"","Experiencia No. "&B34&": "&AA34&CHAR(10),"") | AC34: =IF(C34<>"",COUNTIFS(K$24:K$43,"<="&K34,L$24:L$43,">"&K34)-1,0) -> 0 | AD34: =IF(C34<>"",COUNTIFS(K$24:K$43,"<="&L34,L$24:L$43,">="&L34)-1,0) -> 0 | AE34: =IF(C34<>"",COUNTIFS(K$24:K$43,"><"&"",K$24:K$43,"<="&K34,L$24:L$43,">="&L34),0) -> 0 | AH34: =IF(X34="CUMPLE",DAYS360(K34,L34,)/365,0) -> 0
B35: 12 | S35: =IF(C35<>"",IF(COUNTIF(M35:R35,"CUMPLE")=6,"CUMPLE","NO CUMPLE"),"") | W35: =IF(C35<>"",IF(AND(U35="CUMPLE",V35="CUMPLE"),"ESPECIFICA","GENERAL"),"") | X35: =IF(C35<>"",IF(OR(AND(S35="CUMPLE",T35="N/A"),T35="SI"),"CUMPLE","NO CUMPLE"),"") | Z35: =IF(Y35<>"","-"&Y35&CHAR(10),"") | AB35: =IF(AA35<>"","Experiencia No. "&B35&": "&AA35&CHAR(10),"") | AC35: =IF(C35<>"",COUNTIFS(K$24:K$43,"<="&K35,L$24:L$43,">"&K35)-1,0) -> 0 | AD35: =IF(C35<>"",COUNTIFS(K$24:K$43,"<="&L35,L$24:L$43,">="&L35)-1,0) -> 0 | AE35: =IF(C35<>"",COUNTIFS(K$24:K$43,"><"&"",K$24:K$43,"<="&K35,L$24:L$43,">="&L35),0) -> 0 | AH35: =IF(X35="CUMPLE",DAYS360(K35,L35,)/365,0) -> 0
B36: 13 | S36: =IF(C36<>"",IF(COUNTIF(M36:R36,"CUMPLE")=6,"CUMPLE","NO CUMPLE"),"") | W36: =IF(C36<>"",IF(AND(U36="CUMPLE",V36="CUMPLE"),"ESPECIFICA","GENERAL"),"") | X36: =IF(C36<>"",IF(OR(AND(S36="CUMPLE",T36="N/A"),T36="SI"),"CUMPLE","NO CUMPLE"),"") | Z36: =IF(Y36<>"","-"&Y36&CHAR(10),"") | AB36: =IF(AA36<>"","Experiencia No. "&B36&": "&AA36&CHAR(10),"") | AC36: =IF(C36<>"",COUNTIFS(K$24:K$43,"<="&K36,L$24:L$43,">"&K36)-1,0) -> 0 | AD36: =IF(C36<>"",COUNTIFS(K$24:K$43,"<="&L36,L$24:L$43,">="&L36)-1,0) -> 0 | AE36: =IF(C36<>"",COUNTIFS(K$24:K$43,"><"&"",K$24:K$43,"<="&K36,L$24:L$43,">="&L36),0) -> 0 | AH36: =IF(X36="CUMPLE",DAYS360(K36,L36,)/365,0) -> 0
B37: 14 | S37: =IF(C37<>"",IF(COUNTIF(M37:R37,"CUMPLE")=6,"CUMPLE","NO CUMPLE"),"") | W37: =IF(C37<>"",IF(AND(U37="CUMPLE",V37="CUMPLE"),"ESPECIFICA","GENERAL"),"") | X37: =IF(C37<>"",IF(OR(AND(S37="CUMPLE",T37="N/A"),T37="SI"),"CUMPLE","NO CUMPLE"),"") | Z37: =IF(Y37<>"","-"&Y37&CHAR(10),"") | AB37: =IF(AA37<>"","Experiencia No. "&B37&": "&AA37&CHAR(10),"") | AC37: =IF(C37<>"",COUNTIFS(K$24:K$43,"<="&K37,L$24:L$43,">"&K37)-1,0) -> 0 | AD37: =IF(C37<>"",COUNTIFS(K$24:K$43,"<="&L37,L$24:L$43,">="&L37)-1,0) -> 0 | AE37: =IF(C37<>"",COUNTIFS(K$24:K$43,"><"&"",K$24:K$43,"<="&K37,L$24:L$43,">="&L37),0) -> 0 | AH37: =IF(X37="CUMPLE",DAYS360(K37,L37,)/365,0) -> 0
B38: 15 | S38: =IF(C38<>"",IF(COUNTIF(M38:R38,"CUMPLE")=6,"CUMPLE","NO CUMPLE"),"") | W38: =IF(C38<>"",IF(AND(U38="CUMPLE",V38="CUMPLE"),"ESPECIFICA","GENERAL"),"") | X38: =IF(C38<>"",IF(OR(AND(S38="CUMPLE",T38="N/A"),T38="SI"),"CUMPLE","NO CUMPLE"),"") | Z38: =IF(Y38<>"","-"&Y38&CHAR(10),"") | AB38: =IF(AA38<>"","Experiencia No. "&B38&": "&AA38&CHAR(10),"") | AC38: =IF(C38<>"",COUNTIFS(K$24:K$43,"<="&K38,L$24:L$43,">"&K38)-1,0) -> 0 | AD38: =IF(C38<>"",COUNTIFS(K$24:K$43,"<="&L38,L$24:L$43,">="&L38)-1,0) -> 0 | AE38: =IF(C38<>"",COUNTIFS(K$24:K$43,"><"&"",K$24:K$43,"<="&K38,L$24:L$43,">="&L38),0) -> 0 | AH38: =IF(X38="CUMPLE",DAYS360(K38,L38,)/365,0) -> 0
B39: 16 | S39: =IF(C39<>"",IF(COUNTIF(M39:R39,"CUMPLE")=6,"CUMPLE","NO CUMPLE"),"") | W39: =IF(C39<>"",IF(AND(U39="CUMPLE",V39="CUMPLE"),"ESPECIFICA","GENERAL"),"") | X39: =IF(C39<>"",IF(OR(AND(S39="CUMPLE",T39="N/A"),T39="SI"),"CUMPLE","NO CUMPLE"),"") | Z39: =IF(Y39<>"","-"&Y39&CHAR(10),"") | AB39: =IF(AA39<>"","Experiencia No. "&B39&": "&AA39&CHAR(10),"") | AC39: =IF(C39<>"",COUNTIFS(K$24:K$43,"<="&K39,L$24:L$43,">"&K39)-1,0) -> 0 | AD39: =IF(C39<>"",COUNTIFS(K$24:K$43,"<="&L39,L$24:L$43,">="&L39)-1,0) -> 0 | AE39: =IF(C39<>"",COUNTIFS(K$24:K$43,"><"&"",K$24:K$43,"<="&K39,L$24:L$43,">="&L39),0) -> 0 | AH39: =IF(X39="CUMPLE",DAYS360(K39,L39,)/365,0) -> 0
B40: 17 | S40: =IF(C40<>"",IF(COUNTIF(M40:R40,"CUMPLE")=6,"CUMPLE","NO CUMPLE"),"") | W40: =IF(C40<>"",IF(AND(U40="CUMPLE",V40="CUMPLE"),"ESPECIFICA","GENERAL"),"") | X40: =IF(C40<>"",IF(OR(AND(S40="CUMPLE",T40="N/A"),T40="SI"),"CUMPLE","NO CUMPLE"),"") | Z40: =IF(Y40<>"","-"&Y40&CHAR(10),"") | AB40: =IF(AA40<>"","Experiencia No. "&B40&": "&AA40&CHAR(10),"") | AC40: =IF(C40<>"",COUNTIFS(K$24:K$43,"<="&K40,L$24:L$43,">"&K40)-1,0) -> 0 | AD40: =IF(C40<>"",COUNTIFS(K$24:K$43,"<="&L40,L$24:L$43,">="&L40)-1,0) -> 0 | AE40: =IF(C40<>"",COUNTIFS(K$24:K$43,"><"&"",K$24:K$43,"<="&K40,L$24:L$43,">="&L40),0) -> 0 | AH40: =IF(X40="CUMPLE",DAYS360(K40,L40,)/365,0) -> 0
B41: 18 | S41: =IF(C41<>"",IF(COUNTIF(M41:R41,"CUMPLE")=6,"CUMPLE","NO CUMPLE"),"") | W41: =IF(C41<>"",IF(AND(U41="CUMPLE",V41="CUMPLE"),"ESPECIFICA","GENERAL"),"") | X41: =IF(C41<>"",IF(OR(AND(S41="CUMPLE",T41="N/A"),T41="SI"),"CUMPLE","NO CUMPLE"),"") | Z41: =IF(Y41<>"","-"&Y41&CHAR(10),"") | AB41: =IF(AA41<>"","Experiencia No. "&B41&": "&AA41&CHAR(10),"") | AC41: =IF(C41<>"",COUNTIFS(K$24:K$43,"<="&K41,L$24:L$43,">"&K41)-1,0) -> 0 | AD41: =IF(C41<>"",COUNTIFS(K$24:K$43,"<="&L41,L$24:L$43,">="&L41)-1,0) -> 0 | AE41: =IF(C41<>"",COUNTIFS(K$24:K$43,"><"&"",K$24:K$43,"<="&K41,L$24:L$43,">="&L41),0) -> 0 | AH41: =IF(X41="CUMPLE",DAYS360(K41,L41,)/365,0) -> 0
... B43: 20 | S43: =IF(C43<>"",IF(COUNTIF(M43:R43,"CUMPLE")=6,"CUMPLE","NO CUMPLE"),"") | W43: =IF(C43<>"",IF(AND(U43="CUMPLE",V43="CUMPLE"),"ESPECIFICA","GENERAL"),"") | X43: =IF(C43<>"",IF(OR(AND(S43="CUMPLE",T43="N/A"),T43="SI"),"CUMPLE","NO CUMPLE"),"") | Z43: =IF(Y43<>"","-"&Y43&CHAR(10),"") | AB43: =IF(AA43<>"","Experiencia No. "&B43&": "&AA43&CHAR(10),"") | AC43: =IF(C43<>"",COUNTIFS(K$24:K$43,"<="&K43,L$24:L$43,">"&K43)-1,0) -> 0 | AD43: =IF(C43<>"",COUNTIFS(K$24:K$43,"<="&L43,L$24:L$43,">="&L43)-1,0) -> 0 | AE43: =IF(C43<>"",COUNTIFS(K$24:K$43,"><"&"",K$24:K$43,"<="&K43,L$24:L$43,">="&L43),0) -> 0 | AH43: =IF(X43="CUMPLE",DAYS360(K43,L43,)/365,0) -> 0
B44: Requisito de experiencia | F44: Acreditado | G44: Concepto | I44: Documentos evaluados
B45: Mínimo Proyectos específicos acreditados | E45: 2 | F45: =COUNTIFS(W24:W43,"ESPECIFICA",X24:X43,"CUMPLE") -> 0 | G45: =IF(F45>=E45,"REQUISITO ACREDITADO","REQUISITO NO ACREDITADO") -> REQUISITO NO ACREDITADO | I45: =_xlfn.CONCAT(Z24:Z25) -> -08. Certificación Laboral Mónica Suárez.docx (1).pdf -08. Certificación Laboral Mónica Suárez.docx (1).pdf
B46: Mínimo experiencia en proyectos específicos acreditados 12 meses / 1 año | E46: 1 | F46: =SUMIFS(AH24:AH43,W24:W43,"ESPECIFICA",X24:X43,"CUMPLE") -> 0 | G46: =IF(F46>=E46,"REQUISITO ACREDITADO","REQUISITO NO ACREDITADO") -> REQUISITO NO ACREDITADO
B47: Min Experiencia general requerida (años) | E47: 5 | F47: =SUMIFS(AH24:AH43,X24:X43,"CUMPLE") -> 0 | G47: =IF(F47>=E47,"REQUISITO ACREDITADO","REQUISITO NO ACREDITADO") -> REQUISITO NO ACREDITADO | I47: Consideraciones | K47: =_xlfn.CONCAT(AB24:AB43) -> Experiencia No. 1: La certificación no incluye el dato de identificación del perfil. Así mismo, la experiencia es certificada por uno de los miembros del proponente plural por cuanto debe estar acompañada con la documentación que acredite tal experiencia según los términos indicados en el Pliego de Condiciones. No fue aportada documentación complementaria. Con el objeto de contabilizar los términos de experiencia profesional, se asocia este apartado de la experiencia en registro independiente. Experiencia No. : La certificación no incluye el dato de identificación del perfil. Así mismo, la experiencia es certificada por uno de los miembros del proponente plural por cuanto debe estar acompañada con la documentación que acredite tal experiencia según los términos indicados en el Pliego de Condiciones. No fue aportada documentación complementaria. Con el fin de contabilizar los términos de experiencia en relación al proyecto objeto de revisión, se asocia este proyecto en registro independiente. En la documentación aportada no se evidencia datos de inicio y fin de la ejecución del proyecto analizado. Experiencia No. : La certificación no incluye el dato de identificación del perfil. Así mismo, la experiencia es certificada por uno de los miembros del proponente plural por cuanto debe estar acompañada con la documentación que acredite tal experiencia según los términos indicados en el Pliego de Condiciones. No fue aportada documentación complementaria. Con el fin de contabilizar los términos de experiencia en relación al proyecto objeto de revisión, se asocia este proyecto en registro independiente. En la documentación aportada no se evidencia datos de inicio y fin de la ejecución del proyecto analizado.
B48: Observaciones | F48: - La documentación aportada no permite acreditar el cumplimiento de la experiencia requerida de conformidad con los términos establecidos en el Pliego de Condiciones y Adenda. - No presenta Anexo 12 - Carta de compromiso
B49: NO CUMPLE
A51: PERFIL 2 | B51: PERFIL 2 - REQUISITO
B52: Item | C52: No. | D52: Cargo | F52: Formación académica pregrado | M52: Experiencia específica mínima
B53: 2 | C53: 1 | D53: Un (1) Analista de procesos | F53: Título profesional en carreras cuyo Núcleo Básico de Conocimiento NBC corresponda a alguno de los siguientes: * Ingeniería de Sistemas telemática y afines * Ingeniería Electrónica, telecomunicaciones y afines * Ingeniería industrial y afines. * Administración | M53: Experiencia mínima de 3 proyectos o 5 años desempeñando objetos, funciones o roles en donde adelante diseño, modelación o automatización de flujos de proceso. Nota. Si la experiencia se acredita con la cantidad de proyectos indicada, la sumatoria de tiempo certificado debe ser como mínimo de (12) doce meses. No se contabilizan tiempos traslapados.
B54: EVALUACIÓN DE CUMPLIMIENTO
B55: DOCUMENTOS APORTADOS
B56: Nombre | E56: JOHANNA ANDREA TORRES RIAÑO | I56: Documento de identificación | K56: Cédula de ciudadanía | M56: Número | N56: 1015427939
B57: Requisito | H57: Aportado | I57: Documento soporte aportado | L57: Requisito | O57: Aportado | P57: Documento soporte aportado
B58: Documento acreditación académica pregrado | H58: SI | I58: Diploma Pregrado.pdf | L58: Tarjeta/Matricula profesional | O58: SI | P58: Tarjeta Profesional y Certificado Copnia.pdf
L59: Documento de identidad | O59: SI | P59: Cédula De Ciudadanía.pdf
B60: Anexo 9 Equipo Mínimo de Trabajo | H60: SI | I60: ANEXO 9 EQUIPO MINIMO DE TRABAJO - HABILITANTE_1.xlsx | L60: Anexo 12 - Carta de compromiso | O60: NO | P60: No aporta
B61: ACREDITACIÓN REQUISITOS ACADEMICOS
B62: Título pregrado | E62: INGENIERA INDUSTRIAL | I62: NBC Pregrado | J62: Ingeniería Industrial y afines | O62: Fecha | P62: 41810 | R62: ** DD/MM/AAAA
B63: Tarjeta profesional N° | E63: 25228-291762 | G63: Fecha expedición | I63: 41977 | K63: CONCEPTO | M63: REQUISITOS ACADÉMICOS ACREDITADOS
B64: ACREDITACIÓN EXPERIENCIA ESPECÍFICA MÍNIMA
C65: Experiencia reportada | M65: Características de la certificación | S65: BALANCE CERTIFICACIÓN | T65: ¿Acredidación con documentos complementarios? | U65: Detalle experiencia | X65: EXPERIENCIA ACREDITADA | Y65: Información complementaria | AC65: Alertas traslapo | AF65: Fechas tomadas para cálculo | AH65: Tiempo acreditado en años
B66: No. | C66: Entidad Contratante o Empleadora | F66: Cargo - Objeto del contrato y/o nombre del proyecto, y/o obligaciones y/o actividades desarrolladas | K66: Fecha inicio | L66: Fecha fin | M66: Nombre de la entidad contratante o empleador | N66: Nombre del contratista o empleado con su identificación. | O66: Persona que expide la certificación, con nombre, y cargo. | P66: Objeto del contrato y/u obligaciones y/o actividades desarrolladas | Q66: Fecha de expedición de la certificación. | R66: Fecha de inicio y terminación del contrato y/o proyecto | U66: Diseño, modelación o automatización de flujos de proceso. | Y66: Denominación de documento soporte aportado, si esta dentro de un archivo general, incluir el rango de páginas que contiene la información | Z66: Formulación de documento soporte | AA66: Observaciones (en caso de requerir registrar) | AB66: Formula observaciones | AC66: Inicia en ejecución de otro contrato | AD66: Termina en ejecución de otro contrato | AE66: Contiene otra experiencia | AF66: Fecha inicial | AG66: Fecha final
B67: 1 | C67: SOAIN SOFTWARE ASSOCIATES S.A.S | F67: Certificación "(…) desempeñando el cargo de Consultor Funcional Senior (...) - Levantar, documentar la información y entender el negocio. - Lidera el descubrimiento, documentación, análisis, manejo de alcance y optimización de procesos. (...) - Transferir sus conocimientos, entendimiento y requerimientos de los procesos de negocio al equipo de pruebas.(...)" | K67: 42137 | L67: 44323 | M67: CUMPLE | N67: CUMPLE | O67: CUMPLE | P67: CUMPLE | Q67: CUMPLE | R67: CUMPLE | S67: =IF(C67<>"",IF(COUNTIF(M67:R67,"CUMPLE")=6,"CUMPLE","NO CUMPLE"),"") -> CUMPLE | T67: NO | U67: CUMPLE | X67: =IF(C67<>"",IF(OR(AND(U67="CUMPLE",S67="CUMPLE",T67="N/A"),AND(T67="SI",U67="CUMPLE")),"CUMPLE","NO CUMPLE"),"") -> NO CUMPLE | Y67: Certificado Laboral.pdf | Z67: =IF(Y67<>"","-"&Y67&CHAR(10),"") -> -Certificado Laboral.pdf | AA67: La experiencia es certificada por uno de los miembros del proponente plural por cuanto debe estar acompañada con la documentación que acredite tal experiencia según los términos indicados en el Pliego de Condiciones. No fue aportada documentación complementaria. | AB67: =IF(AA67<>"","Experiencia No. "&B67&": "&AA67&CHAR(10),"") -> Experiencia No. 1: La experiencia es certificada por uno de los miembros del proponente plural por cuanto debe estar acompañada con la documentación que acredite tal experiencia según los términos indicados en el Pliego de Condiciones. No fue aportada documentación complementaria. | AC67: =IF(C67<>"",COUNTIFS(K$67:K$86,"<="&K67,L$67:L$86,">"&K67)-1,0) -> 0 | AD67: =IF(C67<>"",COUNTIFS(K$67:K$86,"<="&L67,L$67:L$86,">="&L67)-1,0) -> 0 | AE67: =IF(C67<>"",COUNTIFS(K$67:K$86,"><"&"",K$67:K$86,"<="&K67,L$67:L$86,">="&L67),0) -> 0 | AF67: 42137 | AG67: 44323 | AH67: =ROUND(IF(X67="CUMPLE",DAYS360(AF67,AG67,)/365,0),1) -> 0
B68: 2 | S68: =IF(C68<>"",IF(COUNTIF(M68:R68,"CUMPLE")=6,"CUMPLE","NO CUMPLE"),"") | X68: =IF(C68<>"",IF(OR(AND(U68="CUMPLE",S68="CUMPLE",T68="N/A"),AND(T68="SI",U68="CUMPLE")),"CUMPLE","NO CUMPLE"),"") | Z68: =IF(Y68<>"","-"&Y68&CHAR(10),"") | AB68: =IF(AA68<>"","Experiencia No. "&B68&": "&AA68&CHAR(10),"") | AC68: =IF(C68<>"",COUNTIFS(K$67:K$86,"<="&K68,L$67:L$86,">"&K68)-1,0) -> 0 | AD68: =IF(C68<>"",COUNTIFS(K$67:K$86,"<="&L68,L$67:L$86,">="&L68)-1,0) -> 0 | AE68: =IF(C68<>"",COUNTIFS(K$67:K$86,"><"&"",K$67:K$86,"<="&K68,L$67:L$86,">="&L68),0) -> 0 | AH68: =ROUND(IF(X68="CUMPLE",DAYS360(AF68,AG68,)/365,0),1) -> 0
B69: 3 | S69: =IF(C69<>"",IF(COUNTIF(M69:R69,"CUMPLE")=6,"CUMPLE","NO CUMPLE"),"") | X69: =IF(C69<>"",IF(OR(AND(U69="CUMPLE",S69="CUMPLE",T69="N/A"),AND(T69="SI",U69="CUMPLE")),"CUMPLE","NO CUMPLE"),"") | Z69: =IF(Y69<>"","-"&Y69&CHAR(10),"") | AB69: =IF(AA69<>"","Experiencia No. "&B69&": "&AA69&CHAR(10),"") | AC69: =IF(C69<>"",COUNTIFS(K$67:K$86,"<="&K69,L$67:L$86,">"&K69)-1,0) -> 0 | AD69: =IF(C69<>"",COUNTIFS(K$67:K$86,"<="&L69,L$67:L$86,">="&L69)-1,0) -> 0 | AE69: =IF(C69<>"",COUNTIFS(K$67:K$86,"><"&"",K$67:K$86,"<="&K69,L$67:L$86,">="&L69),0) -> 0 | AH69: =ROUND(IF(X69="CUMPLE",DAYS360(AF69,AG69,)/365,0),1) -> 0
B70: 4 | S70: =IF(C70<>"",IF(COUNTIF(M70:R70,"CUMPLE")=6,"CUMPLE","NO CUMPLE"),"") | X70: =IF(C70<>"",IF(OR(AND(U70="CUMPLE",S70="CUMPLE",T70="N/A"),AND(T70="SI",U70="CUMPLE")),"CUMPLE","NO CUMPLE"),"") | Z70: =IF(Y70<>"","-"&Y70&CHAR(10),"") | AB70: =IF(AA70<>"","Experiencia No. "&B70&": "&AA70&CHAR(10),"") | AC70: =IF(C70<>"",COUNTIFS(K$67:K$86,"<="&K70,L$67:L$86,">"&K70)-1,0) -> 0 | AD70: =IF(C70<>"",COUNTIFS(K$67:K$86,"<="&L70,L$67:L$86,">="&L70)-1,0) -> 0 | AE70: =IF(C70<>"",COUNTIFS(K$67:K$86,"><"&"",K$67:K$86,"<="&K70,L$67:L$86,">="&L70),0) -> 0 | AH70: =IF(X70="CUMPLE",DAYS360(AF70,AG70,)/365,0) -> 0
B71: 5 | S71: =IF(C71<>"",IF(COUNTIF(M71:R71,"CUMPLE")=6,"CUMPLE","NO CUMPLE"),"") | X71: =IF(C71<>"",IF(OR(AND(U71="CUMPLE",S71="CUMPLE",T71="N/A"),AND(T71="SI",U71="CUMPLE")),"CUMPLE","NO CUMPLE"),"") | Z71: =IF(Y71<>"","-"&Y71&CHAR(10),"") | AB71: =IF(AA71<>"","Experiencia No. "&B71&": "&AA71&CHAR(10),"") | AC71: =IF(C71<>"",COUNTIFS(K$67:K$86,"<="&K71,L$67:L$86,">"&K71)-1,0) -> 0 | AD71: =IF(C71<>"",COUNTIFS(K$67:K$86,"<="&L71,L$67:L$86,">="&L71)-1,0) -> 0 | AE71: =IF(C71<>"",COUNTIFS(K$67:K$86,"><"&"",K$67:K$86,"<="&K71,L$67:L$86,">="&L71),0) -> 0
B72: 6 | S72: =IF(C72<>"",IF(COUNTIF(M72:R72,"CUMPLE")=6,"CUMPLE","NO CUMPLE"),"") | X72: =IF(C72<>"",IF(OR(AND(U72="CUMPLE",S72="CUMPLE",T72="N/A"),AND(T72="SI",U72="CUMPLE")),"CUMPLE","NO CUMPLE"),"") | Z72: =IF(Y72<>"","-"&Y72&CHAR(10),"") | AB72: =IF(AA72<>"","Experiencia No. "&B72&": "&AA72&CHAR(10),"") | AC72: =IF(C72<>"",COUNTIFS(K$67:K$86,"<="&K72,L$67:L$86,">"&K72)-1,0) -> 0 | AD72: =IF(C72<>"",COUNTIFS(K$67:K$86,"<="&L72,L$67:L$86,">="&L72)-1,0) -> 0 | AE72: =IF(C72<>"",COUNTIFS(K$67:K$86,"><"&"",K$67:K$86,"<="&K72,L$67:L$86,">="&L72),0) -> 0 | AH72: =IF(X72="CUMPLE",DAYS360(AF72,AG72,)/365,0) -> 0
B73: 7 | S73: =IF(C73<>"",IF(COUNTIF(M73:R73,"CUMPLE")=6,"CUMPLE","NO CUMPLE"),"") | X73: =IF(C73<>"",IF(OR(AND(U73="CUMPLE",S73="CUMPLE",T73="N/A"),AND(T73="SI",U73="CUMPLE")),"CUMPLE","NO CUMPLE"),"") | Z73: =IF(Y73<>"","-"&Y73&CHAR(10),"") | AB73: =IF(AA73<>"","Experiencia No. "&B73&": "&AA73&CHAR(10),"") | AC73: =IF(C73<>"",COUNTIFS(K$67:K$86,"<="&K73,L$67:L$86,">"&K73)-1,0) -> 0 | AD73: =IF(C73<>"",COUNTIFS(K$67:K$86,"<="&L73,L$67:L$86,">="&L73)-1,0) -> 0 | AE73: =IF(C73<>"",COUNTIFS(K$67:K$86,"><"&"",K$67:K$86,"<="&K73,L$67:L$86,">="&L73),0) -> 0 | AH73: =IF(X73="CUMPLE",DAYS360(AF73,AG73,)/365,0) -> 0
B74: 8 | S74: =IF(C74<>"",IF(COUNTIF(M74:R74,"CUMPLE")=6,"CUMPLE","NO CUMPLE"),"") | X74: =IF(C74<>"",IF(OR(AND(U74="CUMPLE",S74="CUMPLE",T74="N/A"),AND(T74="SI",U74="CUMPLE")),"CUMPLE","NO CUMPLE"),"") | Z74: =IF(Y74<>"","-"&Y74&CHAR(10),"") | AB74: =IF(AA74<>"","Experiencia No. "&B74&": "&AA74&CHAR(10),"") | AC74: =IF(C74<>"",COUNTIFS(K$67:K$86,"<="&K74,L$67:L$86,">"&K74)-1,0) -> 0 | AD74: =IF(C74<>"",COUNTIFS(K$67:K$86,"<="&L74,L$67:L$86,">="&L74)-1,0) -> 0 | AE74: =IF(C74<>"",COUNTIFS(K$67:K$86,"><"&"",K$67:K$86,"<="&K74,L$67:L$86,">="&L74),0) -> 0 | AH74: =IF(X74="CUMPLE",DAYS360(AF74,AG74,)/365,0) -> 0
B75: 9 | S75: =IF(C75<>"",IF(COUNTIF(M75:R75,"CUMPLE")=6,"CUMPLE","NO CUMPLE"),"") | X75: =IF(C75<>"",IF(OR(AND(U75="CUMPLE",S75="CUMPLE",T75="N/A"),AND(T75="SI",U75="CUMPLE")),"CUMPLE","NO CUMPLE"),"") | Z75: =IF(Y75<>"","-"&Y75&CHAR(10),"") | AB75: =IF(AA75<>"","Experiencia No. "&B75&": "&AA75&CHAR(10),"") | AC75: =IF(C75<>"",COUNTIFS(K$67:K$86,"<="&K75,L$67:L$86,">"&K75)-1,0) -> 0 | AD75: =IF(C75<>"",COUNTIFS(K$67:K$86,"<="&L75,L$67:L$86,">="&L75)-1,0) -> 0 | AE75: =IF(C75<>"",COUNTIFS(K$67:K$86,"><"&"",K$67:K$86,"<="&K75,L$67:L$86,">="&L75),0) -> 0 | AH75: =IF(X75="CUMPLE",DAYS360(AF75,AG75,)/365,0) -> 0
B76: 10 | S76: =IF(C76<>"",IF(COUNTIF(M76:R76,"CUMPLE")=6,"CUMPLE","NO CUMPLE"),"") | X76: =IF(C76<>"",IF(OR(AND(U76="CUMPLE",S76="CUMPLE",T76="N/A"),AND(T76="SI",U76="CUMPLE")),"CUMPLE","NO CUMPLE"),"") | Z76: =IF(Y76<>"","-"&Y76&CHAR(10),"") | AB76: =IF(AA76<>"","Experiencia No. "&B76&": "&AA76&CHAR(10),"") | AC76: =IF(C76<>"",COUNTIFS(K$67:K$86,"<="&K76,L$67:L$86,">"&K76)-1,0) -> 0 | AD76: =IF(C76<>"",COUNTIFS(K$67:K$86,"<="&L76,L$67:L$86,">="&L76)-1,0) -> 0 | AE76: =IF(C76<>"",COUNTIFS(K$67:K$86,"><"&"",K$67:K$86,"<="&K76,L$67:L$86,">="&L76),0) -> 0 | AH76: =IF(X76="CUMPLE",DAYS360(AF76,AG76,)/365,0) -> 0
B77: 11 | S77: =IF(C77<>"",IF(COUNTIF(M77:R77,"CUMPLE")=6,"CUMPLE","NO CUMPLE"),"") | X77: =IF(C77<>"",IF(OR(AND(U77="CUMPLE",S77="CUMPLE",T77="N/A"),AND(T77="SI",U77="CUMPLE")),"CUMPLE","NO CUMPLE"),"") | Z77: =IF(Y77<>"","-"&Y77&CHAR(10),"") | AB77: =IF(AA77<>"","Experiencia No. "&B77&": "&AA77&CHAR(10),"") | AC77: =IF(C77<>"",COUNTIFS(K$67:K$86,"<="&K77,L$67:L$86,">"&K77)-1,0) -> 0 | AD77: =IF(C77<>"",COUNTIFS(K$67:K$86,"<="&L77,L$67:L$86,">="&L77)-1,0) -> 0 | AE77: =IF(C77<>"",COUNTIFS(K$67:K$86,"><"&"",K$67:K$86,"<="&K77,L$67:L$86,">="&L77),0) -> 0 | AH77: =IF(X77="CUMPLE",DAYS360(AF77,AG77,)/365,0) -> 0
B78: 12 | S78: =IF(C78<>"",IF(COUNTIF(M78:R78,"CUMPLE")=6,"CUMPLE","NO CUMPLE"),"") | X78: =IF(C78<>"",IF(OR(AND(U78="CUMPLE",S78="CUMPLE",T78="N/A"),AND(T78="SI",U78="CUMPLE")),"CUMPLE","NO CUMPLE"),"") | Z78: =IF(Y78<>"","-"&Y78&CHAR(10),"") | AB78: =IF(AA78<>"","Experiencia No. "&B78&": "&AA78&CHAR(10),"") | AC78: =IF(C78<>"",COUNTIFS(K$67:K$86,"<="&K78,L$67:L$86,">"&K78)-1,0) -> 0 | AD78: =IF(C78<>"",COUNTIFS(K$67:K$86,"<="&L78,L$67:L$86,">="&L78)-1,0) -> 0 | AE78: =IF(C78<>"",COUNTIFS(K$67:K$86,"><"&"",K$67:K$86,"<="&K78,L$67:L$86,">="&L78),0) -> 0 | AH78: =IF(X78="CUMPLE",DAYS360(AF78,AG78,)/365,0) -> 0
B79: 13 | S79: =IF(C79<>"",IF(COUNTIF(M79:R79,"CUMPLE")=6,"CUMPLE","NO CUMPLE"),"") | X79: =IF(C79<>"",IF(OR(AND(U79="CUMPLE",S79="CUMPLE",T79="N/A"),AND(T79="SI",U79="CUMPLE")),"CUMPLE","NO CUMPLE"),"") | Z79: =IF(Y79<>"","-"&Y79&CHAR(10),"") | AB79: =IF(AA79<>"","Experiencia No. "&B79&": "&AA79&CHAR(10),"") | AC79: =IF(C79<>"",COUNTIFS(K$67:K$86,"<="&K79,L$67:L$86,">"&K79)-1,0) -> 0 | AD79: =IF(C79<>"",COUNTIFS(K$67:K$86,"<="&L79,L$67:L$86,">="&L79)-1,0) -> 0 | AE79: =IF(C79<>"",COUNTIFS(K$67:K$86,"><"&"",K$67:K$86,"<="&K79,L$67:L$86,">="&L79),0) -> 0 | AH79: =IF(X79="CUMPLE",DAYS360(AF79,AG79,)/365,0) -> 0
B80: 14 | S80: =IF(C80<>"",IF(COUNTIF(M80:R80,"CUMPLE")=6,"CUMPLE","NO CUMPLE"),"") | X80: =IF(C80<>"",IF(OR(AND(U80="CUMPLE",S80="CUMPLE",T80="N/A"),AND(T80="SI",U80="CUMPLE")),"CUMPLE","NO CUMPLE"),"") | Z80: =IF(Y80<>"","-"&Y80&CHAR(10),"") | AB80: =IF(AA80<>"","Experiencia No. "&B80&": "&AA80&CHAR(10),"") | AC80: =IF(C80<>"",COUNTIFS(K$67:K$86,"<="&K80,L$67:L$86,">"&K80)-1,0) -> 0 | AD80: =IF(C80<>"",COUNTIFS(K$67:K$86,"<="&L80,L$67:L$86,">="&L80)-1,0) -> 0 | AE80: =IF(C80<>"",COUNTIFS(K$67:K$86,"><"&"",K$67:K$86,"<="&K80,L$67:L$86,">="&L80),0) -> 0 | AH80: =IF(X80="CUMPLE",DAYS360(AF80,AG80,)/365,0) -> 0
B81: 15 | S81: =IF(C81<>"",IF(COUNTIF(M81:R81,"CUMPLE")=6,"CUMPLE","NO CUMPLE"),"") | X81: =IF(C81<>"",IF(OR(AND(U81="CUMPLE",S81="CUMPLE",T81="N/A"),AND(T81="SI",U81="CUMPLE")),"CUMPLE","NO CUMPLE"),"") | Z81: =IF(Y81<>"","-"&Y81&CHAR(10),"") | AB81: =IF(AA81<>"","Experiencia No. "&B81&": "&AA81&CHAR(10),"") | AC81: =IF(C81<>"",COUNTIFS(K$67:K$86,"<="&K81,L$67:L$86,">"&K81)-1,0) -> 0 | AD81: =IF(C81<>"",COUNTIFS(K$67:K$86,"<="&L81,L$67:L$86,">="&L81)-1,0) -> 0 | AE81: =IF(C81<>"",COUNTIFS(K$67:K$86,"><"&"",K$67:K$86,"<="&K81,L$67:L$86,">="&L81),0) -> 0 | AH81: =IF(X81="CUMPLE",DAYS360(AF81,AG81,)/365,0) -> 0
B82: 16 | S82: =IF(C82<>"",IF(COUNTIF(M82:R82,"CUMPLE")=6,"CUMPLE","NO CUMPLE"),"") | X82: =IF(C82<>"",IF(OR(AND(U82="CUMPLE",S82="CUMPLE",T82="N/A"),AND(T82="SI",U82="CUMPLE")),"CUMPLE","NO CUMPLE"),"") | Z82: =IF(Y82<>"","-"&Y82&CHAR(10),"") | AB82: =IF(AA82<>"","Experiencia No. "&B82&": "&AA82&CHAR(10),"") | AC82: =IF(C82<>"",COUNTIFS(K$67:K$86,"<="&K82,L$67:L$86,">"&K82)-1,0) -> 0 | AD82: =IF(C82<>"",COUNTIFS(K$67:K$86,"<="&L82,L$67:L$86,">="&L82)-1,0) -> 0 | AE82: =IF(C82<>"",COUNTIFS(K$67:K$86,"><"&"",K$67:K$86,"<="&K82,L$67:L$86,">="&L82),0) -> 0 | AH82: =IF(X82="CUMPLE",DAYS360(AF82,AG82,)/365,0) -> 0
B83: 17 | S83: =IF(C83<>"",IF(COUNTIF(M83:R83,"CUMPLE")=6,"CUMPLE","NO CUMPLE"),"") | X83: =IF(C83<>"",IF(OR(AND(U83="CUMPLE",S83="CUMPLE",T83="N/A"),AND(T83="SI",U83="CUMPLE")),"CUMPLE","NO CUMPLE"),"") | Z83: =IF(Y83<>"","-"&Y83&CHAR(10),"") | AB83: =IF(AA83<>"","Experiencia No. "&B83&": "&AA83&CHAR(10),"") | AC83: =IF(C83<>"",COUNTIFS(K$67:K$86,"<="&K83,L$67:L$86,">"&K83)-1,0) -> 0 | AD83: =IF(C83<>"",COUNTIFS(K$67:K$86,"<="&L83,L$67:L$86,">="&L83)-1,0) -> 0 | AE83: =IF(C83<>"",COUNTIFS(K$67:K$86,"><"&"",K$67:K$86,"<="&K83,L$67:L$86,">="&L83),0) -> 0 | AH83: =IF(X83="CUMPLE",DAYS360(AF83,AG83,)/365,0) -> 0
... B86: 20 | S86: =IF(C86<>"",IF(COUNTIF(M86:R86,"CUMPLE")=6,"CUMPLE","NO CUMPLE"),"") | X86: =IF(C86<>"",IF(OR(AND(U86="CUMPLE",S86="CUMPLE",T86="N/A"),AND(T86="SI",U86="CUMPLE")),"CUMPLE","NO CUMPLE"),"") | Z86: =IF(Y86<>"","-"&Y86&CHAR(10),"") | AB86: =IF(AA86<>"","Experiencia No. "&B86&": "&AA86&CHAR(10),"") | AC86: =IF(C86<>"",COUNTIFS(K$67:K$86,"<="&K86,L$67:L$86,">"&K86)-1,0) -> 0 | AD86: =IF(C86<>"",COUNTIFS(K$67:K$86,"<="&L86,L$67:L$86,">="&L86)-1,0) -> 0 | AE86: =IF(C86<>"",COUNTIFS(K$67:K$86,"><"&"",K$67:K$86,"<="&K86,L$67:L$86,">="&L86),0) -> 0 | AH86: =IF(X86="CUMPLE",DAYS360(AF86,AG86,)/365,0) -> 0
B87: Requisito de experiencia | F87: Acreditado | G87: Concepto | I87: Documentos evaluados
B88: Mínimo Proyectos específicos acreditados | E88: 3 | F88: =COUNTIF(X67:X86,"CUMPLE") -> 0 | G88: =IF(F88>=E88,"REQUISITO ACREDITADO","REQUISITO NO ACREDITADO") -> REQUISITO NO ACREDITADO | I88: =_xlfn.CONCAT(Z67:Z68) -> -Certificado Laboral.pdf
B89: Mínimo experiencia en proyectos específicos acreditados 12 meses / 1 año | E89: 1 | F89: =SUMIFS(AH67:AH86,X67:X86,"CUMPLE") -> 0 | G89: =IF(F89>=E89,"REQUISITO ACREDITADO","REQUISITO NO ACREDITADO") -> REQUISITO NO ACREDITADO
B90: Min Experiencia en (años) | E90: 5 | G90: =IF(F90>=E90,"REQUISITO ACREDITADO","REQUISITO NO ACREDITADO") -> REQUISITO NO ACREDITADO | I90: Consideraciones | K90: =_xlfn.CONCAT(AB67:AB86) -> Experiencia No. 1: La experiencia es certificada por uno de los miembros del proponente plural por cuanto debe estar acompañada con la documentación que acredite tal experiencia según los términos indicados en el Pliego de Condiciones. No fue aportada documentación complementaria.
B91: Observaciones | F91: - La documentación aportada no permite acreditar el cumplimiento de la experiencia requerida de conformidad con los términos establecidos en el Pliego de Condiciones y Adenda. - No presenta Anexo 12 - Carta de compromiso
B92: NO CUMPLE
A93: PERFIL 3 | B93: PERFIL 3 - REQUISITO
B94: Item | C94: No. | D94: Cargo | F94: Formación académica pregrado | H94: Formación académica posgrado | M94: Experiencia específica mínima
B95: 3 | C95: 1 | D95: Un (1) líder en modelación de requisitos de sistemas de gestión de documentos electrónicos de archivo - Moreq | F95: Opción 1: Título profesional en carreras cuyo NBC corresponda a * Ingeniería de Sistemas telemática y afines * Ingeniería Electrónica, telecomunicaciones y afines. * Ingeniería industrial y afines. | H95: Con posgrado en la modalidad de especialización, maestría o doctorado en alguna de las siguientes titulaciones (Requerimiento taxativo frente a la denominación de la titulación): *Sistemas de información y gerencia de documentos * Archivística * Archivística histórica * Redes de información documental * Gerencia de servicios de información * Ciencia de la información * Documentación digital, gestión del conocimiento de la información | M95: Experiencia profesional mínima de tres (3) proyectos o dos (2) años ejerciendo roles, objetos contractuales, obligaciones, funciones o entregables que incluyan: el diseño, formulación, evaluación o seguimiento a la implementación de Modelos de Requisitos para la Gestión de Documentos Electrónicos de Archivo. Nota. Si la experiencia se acredita con la cantidad de proyectos indicada, la sumatoria de tiempo certificado debe ser como mínimo de (12) doce meses. No se contabilizan tiempos traslapados.
F96: Opción 2: Título profesional en carreras NBC corresponda a Bibliotecología, otros de ciencias sociales y humanas | H96: Con posgrado en la modalidad de especialización, maestría o doctorado en titulaciones cuyo NBC corresponda a alguna de las siguientes: * Ingeniería de Sistemas telemática y afines * Ingeniería Electrónica, telecomunicaciones y afines. * Ingeniería industrial y afines.
B97: EVALUACIÓN DE CUMPLIMIENTO
B98: DOCUMENTOS APORTADOS
B99: Nombre | E99: TATIANA ANDREA RENGIFO QUINTANA | I99: Documento de identificación | K99: Cédula de ciudadanía | M99: Número | N99: 1032381275
B100: Requisito | H100: Aportado | I100: Documento soporte aportado | L100: Requisito | O100: Aportado | P100: Documento soporte aportado
B101: Documento acreditación académica pregrado | H101: SI | I101: Acta de grado.pdf Acta de grado universidad de la salle.jpg | L101: Tarjeta/Matricula profesional | O101: SI | P101: TP Tatiana Rengifo.pdf
B102: Documento acreditación académica posgrado | H102: SI | I102: Acta_de_grado _postgrado_universidad nacional.pdf | L102: Documento de identidad | O102: SI | P102: 02. Cedula de Ciudadania.pdf
B103: Anexo 9 Equipo Mínimo de Trabajo | H103: SI | I103: ANEXO 9 EQUIPO MINIMO DE TRABAJO - HABILITANTE_1.xlsx | L103: Anexo 12 - Carta de compromiso | O103: NO | P103: No aporta
B104: ACREDITACIÓN REQUISITOS ACADEMICOS
B105: Título pregrado | E105: PROFESIONAL EN SISTEMAS DE INFORMACIÓN, BIBLIOTECOLOGÍA Y ARCHÍVISTA | I105: NBC Pregrado | J105: Bibliotecología, otros de ciencias sociales y humanas | O105: Fecha | P105: 41558 | R105: ** DD/MM/AAAA
...

Sheet 4.1.4 EQUIPO MÍNIMO P2
B1: ='RESUMEN HABILITANTES '!A1 -> AGENCIA NACIONAL DE MINERÍA
B2: ='RESUMEN HABILITANTES '!A3 -> CONCURSO DE MÉRITOS ABIERTO CMA-005-2024
B3: VERIFICACION REQUISITOS HABILITANTES TÉCNICOS
B4: ='RESUMEN HABILITANTES '!G10 -> 4.1.4. FORMACIÓN ACADÉMICA Y EXPERIENCIA DEL EQUIPO MÍNIMO DE TRABAJO
B6: PROPONENTE | E6: ='RESUMEN HABILITANTES '!C14 -> UT SGDEA ANM 2024
A7: PERFIL 1 | B7: PERFIL 1 - REQUISITO
B8: Item | C8: No. | D8: Cargo | F8: Formación académica pregrado | H8: Formación académica posgrado | M8: Experiencia específica mínima
B9: 1 | C9: 1 | D9: Un (1) Gerente de proyecto | F9: Título profesional en carreras cuyo Núcleo Básico de Conocimiento NBC corresponda a alguno de los siguientes: * Ingeniería de Sistemas Telemática y afines * Ingeniería Electrónica, telecomunicaciones y afines * Ingeniería industrial y afines. | H9: Posgrado en la modalidad de especialización o maestría con titulaciones que incluyan dirección, gerencia, organización, gestión o administración de proyectos cuyo Núcleo Base de Conocimiento corresponda a alguno de los siguientes: * Administración * Ingeniería de Sistemas telemática y afines * Ingeniería industrial y afines | M9: * Experiencia profesional mínima de cinco (5) años. * Participación mínima en dos (2) proyectos de: - Planeación estratégica de TI o - Arquitectura empresarial o - Planeación o implementación de Sistemas de información o - Diseño o desarrollo software o - Implementación de Sistemas de Gestión de Documentos Electrónicos de Archivo – SGDEA Ejerciendo en dichos proyectos el rol o cargo de Gerente, Director, Coordinador o líder de proyecto Nota. La experiencia específica puede estar contenida dentro del término de la experiencia general certificada. Nota. La experiencia acreditada con la cantidad de proyectos indicada debe ser como mínimo de (12) doce meses No se contabilizan tiempos traslapados.
B10: EVALUACIÓN DE CUMPLIMIENTO
B11: DOCUMENTOS APORTADOS
B12: Nombre | E12: Martha Yaneth Cárdenas Gallego | I12: Documento de identificación | K12: Cédula de ciudadanía | M12: Número | N12: 24231693
B13: Requisito | H13: Aportado | I13: Documento soporte aportado | L13: Requisito | O13: Aportado | P13: Documento soporte aportado
B14: Documento acreditación académica pregrado | H14: SI | I14: HV Martha Cardenas Gallego-Gerente de Proyectos.pdf Pag. 9/13 | L14: Tarjeta/Matricula profesional | O14: SI | P14: HV Martha Cardenas Gallego-Gerente de Proyectos.pdf Pag. 7
B15: Documento acreditación académica posgrado | H15: SI | I15: HV Martha Cardenas Gallego-Gerente de Proyectos.pdf Pag. 14 | L15: Documento de identidad | O15: SI | P15: HV Martha Cardenas Gallego-Gerente de Proyectos.pdf Pag. 6
B16: Anexo 9 Equipo Mínimo de Trabajo | H16: SI | I16: ANEXO 9 EQUIPO MINIMO DE TRABAJO - HABILITANTE.xlsx | L16: Anexo 12 - Carta de compromiso | O16: SI | P16: ANEXO 12 CARTA DE COMPROMISO DEL EQUIPO DE TRABAJO Gerente De Proyectos Firmada.pdf
B17: ACREDITACIÓN REQUISITOS ACADEMICOS
B18: Título pregrado | E18: Ingeniera de Telecomunicaciones | I18: NBC Pregrado | J18: Ingeniería Electrónica, Telecomunicaciones y Afines | O18: Fecha | P18: 39031 | R18: ** DD/MM/AAAA
B19: Título posgrado | E19: Especialista en Gerencia de Proyectos en Ingeniería de telecomunicaciones | I19: NBC Postgrado | J19: Administración | O19: Fecha | P19: 40716 | R19: Titulación | U19: Gerencia
B20: Tarjeta profesional N° | E20: CN.290-98486 | G20: Fecha expedición | I20: 41605 | K20: CONCEPTO | M20: REQUISITOS ACADÉMICOS ACREDITADOS
B21: ACREDITACIÓN EXPERIENCIA ESPECÍFICA MÍNIMA
C22: Experiencia reportada | M22: Características de la certificación | S22: BALANCE CERTIFICACIÓN | T22: ¿Acredidación con documentos complementarios? | U22: Detalle experiencia | X22: EXPERIENCIA ACREDITADA | Y22: Información complementaria | AC22: Alertas traslapo | AF22: Fechas tomadas para cálculo | AH22: Tiempo acreditado en años
B23: No. | C23: Entidad Contratante o Empleadora | F23: Cargo - Objeto del contrato y/o nombre del proyecto, y/o obligaciones y/o actividades desarrolladas | K23: Fecha inicio | L23: Fecha fin | M23: Nombre de la entidad contratante o empleador | N23: Nombre del contratista o empleado con su identificación. | O23: Persona que expide la certificación, con nombre, y cargo. | P23: Objeto del contrato y/u obligaciones y/o actividades desarrolladas | Q23: Fecha de expedición de la certificación. | R23: Fecha de inicio y terminación del contrato y/o proyecto | U23: Proyecto en el que participa cumple con exp específica | V23: Cumple rol de proyecto (Exp. Específica) | W23: Tipo de experiencia | Y23: Denominación de documento soporte aportado, si esta dentro de un archivo general, incluir el rango de páginas que contiene la información | Z23: Formulación de documento soporte | AA23: Observaciones (en caso de requerir registrar) | AB23: Formula observaciones | AC23: Inicia en ejecución de otro contrato | AD23: Termina en ejecución de otro contrato | AE23: Contiene otra experiencia | AF23: Fecha inicial | AG23: Fecha final
B24: 1 | C24: Infomedia Service S.A | F24: Certificación: '"(...) Gerente de proyectos (...) en el área de implementación(...)" | K24: 41974 | L24: 42661 | M24: CUMPLE | N24: CUMPLE | O24: CUMPLE | P24: CUMPLE | Q24: CUMPLE | R24: CUMPLE | S24: =IF(C24<>"",IF(COUNTIF(M24:R24,"CUMPLE")=6,"CUMPLE","NO CUMPLE"),"") -> CUMPLE | T24: N/A | U24: NO CUMPLE | V24: CUMPLE | W24: =IF(C24<>"",IF(AND(U24="CUMPLE",V24="CUMPLE"),"ESPECIFICA","GENERAL"),"") -> GENERAL | X24: =IF(C24<>"",IF(OR(AND(S24="CUMPLE",T24="N/A"),T24="SI"),"CUMPLE","NO CUMPLE"),"") -> CUMPLE | Y24: HV Martha Cardenas Gallego-Gerente de Proyectos.pdf Pag. 24 | Z24: =IF(Y24<>"","-"&Y24&CHAR(10),"") -> -HV Martha Cardenas Gallego-Gerente de Proyectos.pdf Pag. 24 | AA24: La documentación aportada no permite inferir el pleno cumplimiento de los requisitos solicitados en el perfil en relación a la participación en proyectos de las características indicadas dentro de la experiencia específica. | AB24: =IF(AA24<>"","Experiencia No. "&B24&": "&AA24&CHAR(10),"") -> Experiencia No. 1: La documentación aportada no permite inferir el pleno cumplimiento de los requisitos solicitados en el perfil en relación a la participación en proyectos de las características indicadas dentro de la experiencia específica. | AC24: =IF(C24<>"",COUNTIFS(K$24:K$43,"<="&K24,L$24:L$43,">"&K24)-1,0) -> 0 | AD24: =IF(C24<>"",COUNTIFS(K$24:K$43,"<="&L24,L$24:L$43,">="&L24)-1,0) -> 0 | AE24: =IF(C24<>"",COUNTIFS(K$24:K$43,"><"&"",K$24:K$43,"<="&K24,L$24:L$43,">="&L24),0) -> 0 | AF24: 41974 | AG24: 42661 | AH24: =ROUND(IF(X24="CUMPLE",DAYS360(AF24,AG24,)/365,0),1) -> 1.9
B25: 2 | C25: Control On Line SAS | F25: Gerente de proyectos para la implementacion del SGDEA software control DOC | K25: 42691 | L25: 45382 | M25: CUMPLE | N25: CUMPLE | O25: CUMPLE | P25: CUMPLE | Q25: CUMPLE | R25: CUMPLE | S25: =IF(C25<>"",IF(COUNTIF(M25:R25,"CUMPLE")=6,"CUMPLE","NO CUMPLE"),"") -> CUMPLE | T25: NO | U25: CUMPLE | V25: CUMPLE | W25: =IF(C25<>"",IF(AND(U25="CUMPLE",V25="CUMPLE"),"ESPECIFICA","GENERAL"),"") -> ESPECIFICA | X25: =IF(C25<>"",IF(OR(AND(S25="CUMPLE",T25="N/A"),T25="SI"),"CUMPLE","NO CUMPLE"),"") -> NO CUMPLE | Y25: HV Martha Cardenas Gallego-Gerente de Proyectos.pdf Pag. 25 | Z25: =IF(Y25<>"","-"&Y25&CHAR(10),"") -> -HV Martha Cardenas Gallego-Gerente de Proyectos.pdf Pag. 25 | AA25: Observaciones en informe preliminar La documentación aportada no especifica los proyectos sobre los cuales ejerció el rol solicitado, por cuanto se contabilizaría como 1 proyecto en cumplimiento del requisito. Así mismo, la experiencia es certificada por uno de los miembros del proponente plural por cuanto debe estar acompañada con la documentación que acredite tal experiencia según los términos indicados en el Pliego de Condiciones. No fue aportada documentación complementaria. Observaciones presentadas por el oferente en subsanación: (…) “(...) Subsanación contratos soporte experiencia personal control online (...)nos permitimos adjuntar los contratos soporte para los perfiles Martha Cárdenas Gallego YOLANDA MILENA VANEGAS TORRE YULIETH MELO TOVAR(...)” Observación en informe definitivo: En desarrollo de la subsanación no fue aportado el documento "Copia del contrato celebrado entre EL OFERENTE y el profesional propuesto, que corresponda con la totalidad del tiempo de vinculación" de conformidad con el pliego de condiciones en el título 4.1.4. FORMACIÓN ACADÉMICA Y EXPERIENCIA DEL EQUIPO MÍNIMO DE TRABAJO. Asi mismo no se aportó documentación que permitiera validar los proyectos en los cuales partició el profesional en el ejercicio del ron indicado en la certificación. | AB25: =IF(AA25<>"","Experiencia No. "&B25&": "&AA25&CHAR(10),"") -> Experiencia No. 2: Observaciones en informe preliminar La documentación aportada no especifica los proyectos sobre los cuales ejerció el rol solicitado, por cuanto se contabilizaría como 1 proyecto en cumplimiento del requisito. Así mismo, la experiencia es certificada por uno de los miembros del proponente plural por cuanto debe estar acompañada con la documentación que acredite tal experiencia según los términos indicados en el Pliego de Condiciones. No fue aportada documentación complementaria. Observaciones presentadas por el oferente en subsanación: (…) “(...) Subsanación contratos soporte experiencia personal control online (...)nos permitimos adjuntar los contratos soporte para los perfiles Martha Cárdenas Gallego YOLANDA MILENA VANEGAS TORRE YULIETH MELO TOVAR(...)” Observación en informe definitivo: En desarrollo de la subsanación no fue aportado el documento "Copia del contrato celebrado entre EL OFERENTE y el profesional propuesto, que corresponda con la totalidad del tiempo de vinculación" de conformidad con el pliego de condiciones en el título 4.1.4. FORMACIÓN ACADÉMICA Y EXPERIENCIA DEL EQUIPO MÍNIMO DE TRABAJO. Asi mismo no se aportó documentación que permitiera validar los proyectos en los cuales partició el profesional en el ejercicio del ron indicado en la certificación. | AC25: =IF(C25<>"",COUNTIFS(K$24:K$43,"<="&K25,L$24:L$43,">"&K25)-1,0) -> 0 | AD25: =IF(C25<>"",COUNTIFS(K$24:K$43,"<="&L25,L$24:L$43,">="&L25)-1,0) -> 0 | AE25: =IF(C25<>"",COUNTIFS(K$24:K$43,"><"&"",K$24:K$43,"<="&K25,L$24:L$43,">="&L25),0) -> 0 | AH25: =ROUND(IF(X25="CUMPLE",DAYS360(AF25,AG25,)/365,0),1) -> 0
B26: 3 | S26: =IF(C26<>"",IF(COUNTIF(M26:R26,"CUMPLE")=6,"CUMPLE","NO CUMPLE"),"") | W26: =IF(C26<>"",IF(AND(U26="CUMPLE",V26="CUMPLE"),"ESPECIFICA","GENERAL"),"") | X26: =IF(C26<>"",IF(OR(AND(S26="CUMPLE",T26="N/A"),T26="SI"),"CUMPLE","NO CUMPLE"),"") | Z26: =IF(Y26<>"","-"&Y26&CHAR(10),"") | AB26: =IF(AA26<>"","Experiencia No. "&B26&": "&AA26&CHAR(10),"") | AC26: =IF(C26<>"",COUNTIFS(K$24:K$43,"<="&K26,L$24:L$43,">"&K26)-1,0) -> 0 | AD26: =IF(C26<>"",COUNTIFS(K$24:K$43,"<="&L26,L$24:L$43,">="&L26)-1,0) -> 0 | AE26: =IF(C26<>"",COUNTIFS(K$24:K$43,"><"&"",K$24:K$43,"<="&K26,L$24:L$43,">="&L26),0) -> 0 | AF26: 41548 | AG26: 41669 | AH26: =ROUND(IF(X26="CUMPLE",DAYS360(AF26,AG26,)/365,0),1) -> 0
B27: 4 | S27: =IF(C27<>"",IF(COUNTIF(M27:R27,"CUMPLE")=6,"CUMPLE","NO CUMPLE"),"") | W27: =IF(C27<>"",IF(AND(U27="CUMPLE",V27="CUMPLE"),"ESPECIFICA","GENERAL"),"") | X27: =IF(C27<>"",IF(OR(AND(S27="CUMPLE",T27="N/A"),T27="SI"),"CUMPLE","NO CUMPLE"),"") | Z27: =IF(Y27<>"","-"&Y27&CHAR(10),"") | AB27: =IF(AA27<>"","Experiencia No. "&B27&": "&AA27&CHAR(10),"") | AC27: =IF(C27<>"",COUNTIFS(K$24:K$43,"<="&K27,L$24:L$43,">"&K27)-1,0) -> 0 | AD27: =IF(C27<>"",COUNTIFS(K$24:K$43,"<="&L27,L$24:L$43,">="&L27)-1,0) -> 0 | AE27: =IF(C27<>"",COUNTIFS(K$24:K$43,"><"&"",K$24:K$43,"<="&K27,L$24:L$43,">="&L27),0) -> 0 | AF27: 40212 | AG27: 40592 | AH27: =ROUND(IF(X27="CUMPLE",DAYS360(AF27,AG27,)/365,0),1) -> 0
B28: 5 | S28: =IF(C28<>"",IF(COUNTIF(M28:R28,"CUMPLE")=6,"CUMPLE","NO CUMPLE"),"") | W28: =IF(C28<>"",IF(AND(U28="CUMPLE",V28="CUMPLE"),"ESPECIFICA","GENERAL"),"") | X28: =IF(C28<>"",IF(OR(AND(S28="CUMPLE",T28="N/A"),T28="SI"),"CUMPLE","NO CUMPLE"),"") | Z28: =IF(Y28<>"","-"&Y28&CHAR(10),"") | AB28: =IF(AA28<>"","Experiencia No. "&B28&": "&AA28&CHAR(10),"") | AC28: =IF(C28<>"",COUNTIFS(K$24:K$43,"<="&K28,L$24:L$43,">"&K28)-1,0) -> 0 | AD28: =IF(C28<>"",COUNTIFS(K$24:K$43,"<="&L28,L$24:L$43,">="&L28)-1,0) -> 0 | AE28: =IF(C28<>"",COUNTIFS(K$24:K$43,"><"&"",K$24:K$43,"<="&K28,L$24:L$43,">="&L28),0) -> 0 | AH28: =IF(X28="CUMPLE",DAYS360(AF28,AG28,)/365,0) -> 0
B29: 6 | S29: =IF(C29<>"",IF(COUNTIF(M29:R29,"CUMPLE")=6,"CUMPLE","NO CUMPLE"),"") | W29: =IF(C29<>"",IF(AND(U29="CUMPLE",V29="CUMPLE"),"ESPECIFICA","GENERAL"),"") | X29: =IF(C29<>"",IF(OR(AND(S29="CUMPLE",T29="N/A"),T29="SI"),"CUMPLE","NO CUMPLE"),"") | Z29: =IF(Y29<>"","-"&Y29&CHAR(10),"") | AB29: =IF(AA29<>"","Experiencia No. "&B29&": "&AA29&CHAR(10),"") | AC29: =IF(C29<>"",COUNTIFS(K$24:K$43,"<="&K29,L$24:L$43,">"&K29)-1,0) -> 0 | AD29: =IF(C29<>"",COUNTIFS(K$24:K$43,"<="&L29,L$24:L$43,">="&L29)-1,0) -> 0 | AE29: =IF(C29<>"",COUNTIFS(K$24:K$43,"><"&"",K$24:K$43,"<="&K29,L$24:L$43,">="&L29),0) -> 0 | AF29: 44807 | AG29: 44960 | AH29: =IF(X29="CUMPLE",DAYS360(AF29,AG29,)/365,0) -> 0
B30: 7 | S30: =IF(C30<>"",IF(COUNTIF(M30:R30,"CUMPLE")=6,"CUMPLE","NO CUMPLE"),"") | W30: =IF(C30<>"",IF(AND(U30="CUMPLE",V30="CUMPLE"),"ESPECIFICA","GENERAL"),"") | X30: =IF(C30<>"",IF(OR(AND(S30="CUMPLE",T30="N/A"),T30="SI"),"CUMPLE","NO CUMPLE"),"") | Z30: =IF(Y30<>"","-"&Y30&CHAR(10),"") | AB30: =IF(AA30<>"","Experiencia No. "&B30&": "&AA30&CHAR(10),"") | AC30: =IF(C30<>"",COUNTIFS(K$24:K$43,"<="&K30,L$24:L$43,">"&K30)-1,0) -> 0 | AD30: =IF(C30<>"",COUNTIFS(K$24:K$43,"<="&L30,L$24:L$43,">="&L30)-1,0) -> 0 | AE30: =IF(C30<>"",COUNTIFS(K$24:K$43,"><"&"",K$24:K$43,"<="&K30,L$24:L$43,">="&L30),0) -> 0 | AF30: 42164 | AG30: 42369 | AH30: =IF(X30="CUMPLE",DAYS360(K30,L30,)/365,0) -> 0
B31: 8 | S31: =IF(C31<>"",IF(COUNTIF(M31:R31,"CUMPLE")=6,"CUMPLE","NO CUMPLE"),"") | W31: =IF(C31<>"",IF(AND(U31="CUMPLE",V31="CUMPLE"),"ESPECIFICA","GENERAL"),"") | X31: =IF(C31<>"",IF(OR(AND(S31="CUMPLE",T31="N/A"),T31="SI"),"CUMPLE","NO CUMPLE"),"") | Z31: =IF(Y31<>"","-"&Y31&CHAR(10),"") | AB31: =IF(AA31<>"","Experiencia No. "&B31&": "&AA31&CHAR(10),"") | AC31: =IF(C31<>"",COUNTIFS(K$24:K$43,"<="&K31,L$24:L$43,">"&K31)-1,0) -> 0 | AD31: =IF(C31<>"",COUNTIFS(K$24:K$43,"<="&L31,L$24:L$43,">="&L31)-1,0) -> 0 | AE31: =IF(C31<>"",COUNTIFS(K$24:K$43,"><"&"",K$24:K$43,"<="&K31,L$24:L$43,">="&L31),0) -> 0 | AH31: =IF(X31="CUMPLE",DAYS360(K31,L31,)/365,0) -> 0
B32: 9 | S32: =IF(C32<>"",IF(COUNTIF(M32:R32,"CUMPLE")=6,"CUMPLE","NO CUMPLE"),"") | W32: =IF(C32<>"",IF(AND(U32="CUMPLE",V32="CUMPLE"),"ESPECIFICA","GENERAL"),"") | X32: =IF(C32<>"",IF(OR(AND(S32="CUMPLE",T32="N/A"),T32="SI"),"CUMPLE","NO CUMPLE"),"") | Z32: =IF(Y32<>"","-"&Y32&CHAR(10),"") | AB32: =IF(AA32<>"","Experiencia No. "&B32&": "&AA32&CHAR(10),"") | AC32: =IF(C32<>"",COUNTIFS(K$24:K$43,"<="&K32,L$24:L$43,">"&K32)-1,0) -> 0 | AD32: =IF(C32<>"",COUNTIFS(K$24:K$43,"<="&L32,L$24:L$43,">="&L32)-1,0) -> 0 | AE32: =IF(C32<>"",COUNTIFS(K$24:K$43,"><"&"",K$24:K$43,"<="&K32,L$24:L$43,">="&L32),0) -> 0 | AH32: =IF(X32="CUMPLE",DAYS360(K32,L32,)/365,0) -> 0
B33: 10 | S33: =IF(C33<>"",IF(COUNTIF(M33:R33,"CUMPLE")=6,"CUMPLE","NO CUMPLE"),"") | W33: =IF(C33<>"",IF(AND(U33="CUMPLE",V33="CUMPLE"),"ESPECIFICA","GENERAL"),"") | X33: =IF(C33<>"",IF(OR(AND(S33="CUMPLE",T33="N/A"),T33="SI"),"CUMPLE","NO CUMPLE"),"") | Z33: =IF(Y33<>"","-"&Y33&CHAR(10),"") | AB33: =IF(AA33<>"","Experiencia No. "&B33&": "&AA33&CHAR(10),"") | AC33: =IF(C33<>"",COUNTIFS(K$24:K$43,"<="&K33,L$24:L$43,">"&K33)-1,0) -> 0 | AD33: =IF(C33<>"",COUNTIFS(K$24:K$43,"<="&L33,L$24:L$43,">="&L33)-1,0) -> 0 | AE33: =IF(C33<>"",COUNTIFS(K$24:K$43,"><"&"",K$24:K$43,"<="&K33,L$24:L$43,">="&L33),0) -> 0 | AH33: =IF(X33="CUMPLE",DAYS360(K33,L33,)/365,0) -> 0
B34: 11 | S34: =IF(C34<>"",IF(COUNTIF(M34:R34,"CUMPLE")=6,"CUMPLE","NO CUMPLE"),"") | W34: =IF(C34<>"",IF(AND(U34="CUMPLE",V34="CUMPLE"),"ESPECIFICA","GENERAL"),"") | X34: =IF(C34<>"",IF(OR(AND(S34="CUMPLE",T34="N/A"),T34="SI"),"CUMPLE","NO CUMPLE"),"") | Z34: =IF(Y34<>"","-"&Y34&CHAR(10),"") | AB34: =IF(AA34<>"","Experiencia No. "&B34&": "&AA34&CHAR(10),"") | AC34: =IF(C34<>"",COUNTIFS(K$24:K$43,"<="&K34,L$24:L$43,">"&K34)-1,0) -> 0 | AD34: =IF(C34<>"",COUNTIFS(K$24:K$43,"<="&L34,L$24:L$43,">="&L34)-1,0) -> 0 | AE34: =IF(C34<>"",COUNTIFS(K$24:K$43,"><"&"",K$24:K$43,"<="&K34,L$24:L$43,">="&L34),0) -> 0 | AH34: =IF(X34="CUMPLE",DAYS360(K34,L34,)/365,0) -> 0
B35: 12 | S35: =IF(C35<>"",IF(COUNTIF(M35:R35,"CUMPLE")=6,"CUMPLE","NO CUMPLE"),"") | W35: =IF(C35<>"",IF(AND(U35="CUMPLE",V35="CUMPLE"),"ESPECIFICA","GENERAL"),"") | X35: =IF(C35<>"",IF(OR(AND(S35="CUMPLE",T35="N/A"),T35="SI"),"CUMPLE","NO CUMPLE"),"") | Z35: =IF(Y35<>"","-"&Y35&CHAR(10),"") | AB35: =IF(AA35<>"","Experiencia No. "&B35&": "&AA35&CHAR(10),"") | AC35: =IF(C35<>"",COUNTIFS(K$24:K$43,"<="&K35,L$24:L$43,">"&K35)-1,0) -> 0 | AD35: =IF(C35<>"",COUNTIFS(K$24:K$43,"<="&L35,L$24:L$43,">="&L35)-1,0) -> 0 | AE35: =IF(C35<>"",COUNTIFS(K$24:K$43,"><"&"",K$24:K$43,"<="&K35,L$24:L$43,">="&L35),0) -> 0 | AH35: =IF(X35="CUMPLE",DAYS360(K35,L35,)/365,0) -> 0
B36: 13 | S36: =IF(C36<>"",IF(COUNTIF(M36:R36,"CUMPLE")=6,"CUMPLE","NO CUMPLE"),"") | W36: =IF(C36<>"",IF(AND(U36="CUMPLE",V36="CUMPLE"),"ESPECIFICA","GENERAL"),"") | X36: =IF(C36<>"",IF(OR(AND(S36="CUMPLE",T36="N/A"),T36="SI"),"CUMPLE","NO CUMPLE"),"") | Z36: =IF(Y36<>"","-"&Y36&CHAR(10),"") | AB36: =IF(AA36<>"","Experiencia No. "&B36&": "&AA36&CHAR(10),"") | AC36: =IF(C36<>"",COUNTIFS(K$24:K$43,"<="&K36,L$24:L$43,">"&K36)-1,0) -> 0 | AD36: =IF(C36<>"",COUNTIFS(K$24:K$43,"<="&L36,L$24:L$43,">="&L36)-1,0) -> 0 | AE36: =IF(C36<>"",COUNTIFS(K$24:K$43,"><"&"",K$24:K$43,"<="&K36,L$24:L$43,">="&L36),0) -> 0 | AH36: =IF(X36="CUMPLE",DAYS360(K36,L36,)/365,0) -> 0
B37: 14 | S37: =IF(C37<>"",IF(COUNTIF(M37:R37,"CUMPLE")=6,"CUMPLE","NO CUMPLE"),"") | W37: =IF(C37<>"",IF(AND(U37="CUMPLE",V37="CUMPLE"),"ESPECIFICA","GENERAL"),"") | X37: =IF(C37<>"",IF(OR(AND(S37="CUMPLE",T37="N/A"),T37="SI"),"CUMPLE","NO CUMPLE"),"") | Z37: =IF(Y37<>"","-"&Y37&CHAR(10),"") | AB37: =IF(AA37<>"","Experiencia No. "&B37&": "&AA37&CHAR(10),"") | AC37: =IF(C37<>"",COUNTIFS(K$24:K$43,"<="&K37,L$24:L$43,">"&K37)-1,0) -> 0 | AD37: =IF(C37<>"",COUNTIFS(K$24:K$43,"<="&L37,L$24:L$43,">="&L37)-1,0) -> 0 | AE37: =IF(C37<>"",COUNTIFS(K$24:K$43,"><"&"",K$24:K$43,"<="&K37,L$24:L$43,">="&L37),0) -> 0 | AH37: =IF(X37="CUMPLE",DAYS360(K37,L37,)/365,0) -> 0
B38: 15 | S38: =IF(C38<>"",IF(COUNTIF(M38:R38,"CUMPLE")=6,"CUMPLE","NO CUMPLE"),"") | W38: =IF(C38<>"",IF(AND(U38="CUMPLE",V38="CUMPLE"),"ESPECIFICA","GENERAL"),"") | X38: =IF(C38<>"",IF(OR(AND(S38="CUMPLE",T38="N/A"),T38="SI"),"CUMPLE","NO CUMPLE"),"") | Z38: =IF(Y38<>"","-"&Y38&CHAR(10),"") | AB38: =IF(AA38<>"","Experiencia No. "&B38&": "&AA38&CHAR(10),"") | AC38: =IF(C38<>"",COUNTIFS(K$24:K$43,"<="&K38,L$24:L$43,">"&K38)-1,0) -> 0 | AD38: =IF(C38<>"",COUNTIFS(K$24:K$43,"<="&L38,L$24:L$43,">="&L38)-1,0) -> 0 | AE38: =IF(C38<>"",COUNTIFS(K$24:K$43,"><"&"",K$24:K$43,"<="&K38,L$24:L$43,">="&L38),0) -> 0 | AH38: =IF(X38="CUMPLE",DAYS360(K38,L38,)/365,0) -> 0
B39: 16 | S39: =IF(C39<>"",IF(COUNTIF(M39:R39,"CUMPLE")=6,"CUMPLE","NO CUMPLE"),"") | W39: =IF(C39<>"",IF(AND(U39="CUMPLE",V39="CUMPLE"),"ESPECIFICA","GENERAL"),"") | X39: =IF(C39<>"",IF(OR(AND(S39="CUMPLE",T39="N/A"),T39="SI"),"CUMPLE","NO CUMPLE"),"") | Z39: =IF(Y39<>"","-"&Y39&CHAR(10),"") | AB39: =IF(AA39<>"","Experiencia No. "&B39&": "&AA39&CHAR(10),"") | AC39: =IF(C39<>"",COUNTIFS(K$24:K$43,"<="&K39,L$24:L$43,">"&K39)-1,0) -> 0 | AD39: =IF(C39<>"",COUNTIFS(K$24:K$43,"<="&L39,L$24:L$43,">="&L39)-1,0) -> 0 | AE39: =IF(C39<>"",COUNTIFS(K$24:K$43,"><"&"",K$24:K$43,"<="&K39,L$24:L$43,">="&L39),0) -> 0 | AH39: =IF(X39="CUMPLE",DAYS360(K39,L39,)/365,0) -> 0
B40: 17 | S40: =IF(C40<>"",IF(COUNTIF(M40:R40,"CUMPLE")=6,"CUMPLE","NO CUMPLE"),"") | W40: =IF(C40<>"",IF(AND(U40="CUMPLE",V40="CUMPLE"),"ESPECIFICA","GENERAL"),"") | X40: =IF(C40<>"",IF(OR(AND(S40="CUMPLE",T40="N/A"),T40="SI"),"CUMPLE","NO CUMPLE"),"") | Z40: =IF(Y40<>"","-"&Y40&CHAR(10),"") | AB40: =IF(AA40<>"","Experiencia No. "&B40&": "&AA40&CHAR(10),"") | AC40: =IF(C40<>"",COUNTIFS(K$24:K$43,"<="&K40,L$24:L$43,">"&K40)-1,0) -> 0 | AD40: =IF(C40<>"",COUNTIFS(K$24:K$43,"<="&L40,L$24:L$43,">="&L40)-1,0) -> 0 | AE40: =IF(C40<>"",COUNTIFS(K$24:K$43,"><"&"",K$24:K$43,"<="&K40,L$24:L$43,">="&L40),0) -> 0 | AH40: =IF(X40="CUMPLE",DAYS360(K40,L40,)/365,0) -> 0
B41: 18 | S41: =IF(C41<>"",IF(COUNTIF(M41:R41,"CUMPLE")=6,"CUMPLE","NO CUMPLE"),"") | W41: =IF(C41<>"",IF(AND(U41="CUMPLE",V41="CUMPLE"),"ESPECIFICA","GENERAL"),"") | X41: =IF(C41<>"",IF(OR(AND(S41="CUMPLE",T41="N/A"),T41="SI"),"CUMPLE","NO CUMPLE"),"") | Z41: =IF(Y41<>"","-"&Y41&CHAR(10),"") | AB41: =IF(AA41<>"","Experiencia No. "&B41&": "&AA41&CHAR(10),"") | AC41: =IF(C41<>"",COUNTIFS(K$24:K$43,"<="&K41,L$24:L$43,">"&K41)-1,0) -> 0 | AD41: =IF(C41<>"",COUNTIFS(K$24:K$43,"<="&L41,L$24:L$43,">="&L41)-1,0) -> 0 | AE41: =IF(C41<>"",COUNTIFS(K$24:K$43,"><"&"",K$24:K$43,"<="&K41,L$24:L$43,">="&L41),0) -> 0 | AH41: =IF(X41="CUMPLE",DAYS360(K41,L41,)/365,0) -> 0
B42: 19 | S42: =IF(C42<>"",IF(COUNTIF(M42:R42,"CUMPLE")=6,"CUMPLE","NO CUMPLE"),"") | W42: =IF(C42<>"",IF(AND(U42="CUMPLE",V42="CUMPLE"),"ESPECIFICA","GENERAL"),"") | X42: =IF(C42<>"",IF(OR(AND(S42="CUMPLE",T42="N/A"),T42="SI"),"CUMPLE","NO CUMPLE"),"") | Z42: =IF(Y42<>"","-"&Y42&CHAR(10),"") | AB42: =IF(AA42<>"","Experiencia No. "&B42&": "&AA42&CHAR(10),"") | AC42: =IF(C42<>"",COUNTIFS(K$24:K$43,"<="&K42,L$24:L$43,">"&K42)-1,0) -> 0 | AD42: =IF(C42<>"",COUNTIFS(K$24:K$43,"<="&L42,L$24:L$43,">="&L42)-1,0) -> 0 | AE42: =IF(C42<>"",COUNTIFS(K$24:K$43,"><"&"",K$24:K$43,"<="&K42,L$24:L$43,">="&L42),0) -> 0 | AH42: =IF(X42="CUMPLE",DAYS360(K42,L42,)/365,0) -> 0
B43: 20 | S43: =IF(C43<>"",IF(COUNTIF(M43:R43,"CUMPLE")=6,"CUMPLE","NO CUMPLE"),"") | W43: =IF(C43<>"",IF(AND(U43="CUMPLE",V43="CUMPLE"),"ESPECIFICA","GENERAL"),"") | X43: =IF(C43<>"",IF(OR(AND(S43="CUMPLE",T43="N/A"),T43="SI"),"CUMPLE","NO CUMPLE"),"") | Z43: =IF(Y43<>"","-"&Y43&CHAR(10),"") | AB43: =IF(AA43<>"","Experiencia No. "&B43&": "&AA43&CHAR(10),"") | AC43: =IF(C43<>"",COUNTIFS(K$24:K$43,"<="&K43,L$24:L$43,">"&K43)-1,0) -> 0 | AD43: =IF(C43<>"",COUNTIFS(K$24:K$43,"<="&L43,L$24:L$43,">="&L43)-1,0) -> 0 | AE43: =IF(C43<>"",COUNTIFS(K$24:K$43,"><"&"",K$24:K$43,"<="&K43,L$24:L$43,">="&L43),0) -> 0 | AH43: =IF(X43="CUMPLE",DAYS360(K43,L43,)/365,0) -> 0
B44: Requisito de experiencia | F44: Acreditado | G44: Concepto | I44: Documentos evaluados
B45: Mínimo Proyectos específicos acreditados | E45: 2 | F45: =COUNTIFS(W24:W43,"ESPECIFICA",X24:X43,"CUMPLE") -> 0 | G45: =IF(F45>=E45,"REQUISITO ACREDITADO","REQUISITO NO ACREDITADO") -> REQUISITO NO ACREDITADO | I45: =_xlfn.CONCAT(Z24:Z25) -> -HV Martha Cardenas Gallego-Gerente de Proyectos.pdf Pag. 24 -HV Martha Cardenas Gallego-Gerente de Proyectos.pdf Pag. 25
B46: Mínimo experiencia en proyectos específicos acreditados 12 meses / 1 año | E46: 1 | F46: =SUMIFS(AF24:AF43,W24:W43,"ESPECIFICA",X24:X43,"CUMPLE") -> 0 | G46: =IF(F46>=E46,"REQUISITO ACREDITADO","REQUISITO NO ACREDITADO") -> REQUISITO NO ACREDITADO
B47: Min Experiencia general requerida (años) | E47: 5 | F47: =SUMIFS(AH24:AH43,X24:X43,"CUMPLE") -> 1.9 | G47: =IF(F47>=E47,"REQUISITO ACREDITADO","REQUISITO NO ACREDITADO") -> REQUISITO NO ACREDITADO | I47: Consideraciones | K47: =_xlfn.CONCAT(AB24:AB43) -> Experiencia No. 1: La documentación aportada no permite inferir el pleno cumplimiento de los requisitos solicitados en el perfil en relación a la participación en proyectos de las características indicadas dentro de la experiencia específica. Experiencia No. 2: Observaciones en informe preliminar La documentación aportada no especifica los proyectos sobre los cuales ejerció el rol solicitado, por cuanto se contabilizaría como 1 proyecto en cumplimiento del requisito. Así mismo, la experiencia es certificada por uno de los miembros del proponente plural por cuanto debe estar acompañada con la documentación que acredite tal experiencia según los términos indicados en el Pliego de Condiciones. No fue aportada documentación complementaria. Observaciones presentadas por el oferente en subsanación: (…) “(...) Subsanación contratos soporte experiencia personal control online (...)nos permitimos adjuntar los contratos soporte para los perfiles Martha Cárdenas Gallego YOLANDA MILENA VANEGAS TORRE YULIETH MELO TOVAR(...)” Observación en informe definitivo: En desarrollo de la subsanación no fue aportado el documento "Copia del contrato celebrado entre EL OFERENTE y el profesional propuesto, que corresponda con la totalidad del tiempo de vinculación" de conformidad con el pliego de condiciones en el título 4.1.4. FORMACIÓN ACADÉMICA Y EXPERIENCIA DEL EQUIPO MÍNIMO DE TRABAJO. Asi mismo no se aportó documentación que permitiera validar los proyectos en los cuales partició el profesional en el ejercicio del ron indicado en la certificación.
B48: Observaciones | F48: Observación informe preliminar' El perfil no acredita la experiencia solicitada de conformidad con lo previsto en el Pliego de Condiciones y Adenda. Por lo anterior se solicita al proponente allegar la subsanación correspondiente. Observación en informe definitivo: En desarrollo de la subsanación no presentada documentación que permita constatar la experiencia requerida en los términos definidos en el pliego de condiciones y adenda
B49: NO CUMPLE
A51: PERFIL 2 | B51: PERFIL 2 - REQUISITO
B52: Item | C52: No. | D52: Cargo | F52: Formación académica pregrado | M52: Experiencia específica mínima
B53: 2 | C53: 1 | D53: Un (1) Analista de procesos | F53: Título profesional en carreras cuyo Núcleo Básico de Conocimiento NBC corresponda a alguno de los siguientes: * Ingeniería de Sistemas telemática y afines * Ingeniería Electrónica, telecomunicaciones y afines * Ingeniería industrial y afines. * Administración | M53: Experiencia mínima de 3 proyectos o 5 años desempeñando objetos, funciones o roles en donde adelante diseño, modelación o automatización de flujos de proceso. Nota. Si la experiencia se acredita con la cantidad de proyectos indicada, la sumatoria de tiempo certificado debe ser como mínimo de (12) doce meses. No se contabilizan tiempos traslapados.
B54: EVALUACIÓN DE CUMPLIMIENTO
B55: DOCUMENTOS APORTADOS
B56: Nombre | E56: VICTOR DUVAN VELASQUEZ LARA | I56: Documento de identificación | K56: Cédula de ciudadanía | M56: Número | N56: 1071629524
B57: Requisito | H57: Aportado | I57: Documento soporte aportado | L57: Requisito | O57: Aportado | P57: Documento soporte aportado
B58: Documento acreditación académica pregrado | H58: SI | I58: Victor Duvan Velazquez Lara.pdf Pag. 33-4 | L58: Tarjeta/Matricula profesional | O58: SI | P58: Victor Duvan Velazquez Lara.pdf Pag. 35
L59: Documento de identidad | O59: SI | P59: Victor Duvan Velazquez Lara.pdf Pag. 12
B60: Anexo 9 Equipo Mínimo de Trabajo | H60: SI | I60: ANEXO 9 EQUIPO MINIMO DE TRABAJO - HABILITANTE.xlsx | L60: Anexo 12 - Carta de compromiso | O60: SI | P60: Victor Duvan Velazquez Lara.pdf Pag. 3
B61: ACREDITACIÓN REQUISITOS ACADEMICOS
B62: Título pregrado | E62: INGENIERO DE SISTEMAS | I62: NBC Pregrado | J62: Ingeniería de Sistemas Telemática y afines | O62: Fecha | P62: 41884 | R62: ** DD/MM/AAAA
B63: Tarjeta profesional N° | E63: 25255-287967 CND | G63: Fecha expedición | I63: 41933 | K63: CONCEPTO | M63: REQUISITOS ACADÉMICOS ACREDITADOS
B64: ACREDITACIÓN EXPERIENCIA ESPECÍFICA MÍNIMA
C65: Experiencia reportada | M65: Características de la certificación | S65: BALANCE CERTIFICACIÓN | T65: ¿Acredidación con documentos complementarios? | U65: Detalle experiencia | X65: EXPERIENCIA ACREDITADA | Y65: Información complementaria | AC65: Alertas traslapo | AF65: Fechas tomadas para cálculo | AH65: Tiempo acreditado en años
B66: No. | C66: Entidad Contratante o Empleadora | F66: Cargo - Objeto del contrato y/o nombre del proyecto, y/o obligaciones y/o actividades desarrolladas | K66: Fecha inicio | L66: Fecha fin | M66: Nombre de la entidad contratante o empleador | N66: Nombre del contratista o empleado con su identificación. | O66: Persona que expide la certificación, con nombre, y cargo. | P66: Objeto del contrato y/u obligaciones y/o actividades desarrolladas | Q66: Fecha de expedición de la certificación. | R66: Fecha de inicio y terminación del contrato y/o proyecto | U66: Diseño, modelación o automatización de flujos de proceso. | Y66: Denominación de documento soporte aportado, si esta dentro de un archivo general, incluir el rango de páginas que contiene la información | Z66: Formulación de documento soporte | AA66: Observaciones (en caso de requerir registrar) | AB66: Formula observaciones | AC66: Inicia en ejecución de otro contrato | AD66: Termina en ejecución de otro contrato | AE66: Contiene otra experiencia | AF66: Fecha inicial | AG66: Fecha final
B67: 1 | C67: SUPERINTENDENCIA NACIONAL DE SALUD | F67: Registro de información indicado en el Anexo 9: "• Realizar las actividades tendientes a la generación, diseño y parametrización de consultas y reportes de los procesos que se encuentran en el BPM. • Realizar el Modelo de datos, el cual debe incluir el diccionario de datos de acuerdo con el desarrollo de cada funcionalidad. • Garantizar la transferencia de conocimiento de los procesos implementados en la herramienta AuraQuantic al personal." Nota. Información NO corroborada en la documentación aportada | K67: 45313 | L67: 45532 | M67: NO CUMPLE | N67: NO CUMPLE | O67: NO CUMPLE | P67: NO CUMPLE | Q67: NO CUMPLE | R67: NO CUMPLE | S67: =IF(C67<>"",IF(COUNTIF(M67:R67,"CUMPLE")=6,"CUMPLE","NO CUMPLE"),"") -> NO CUMPLE | T67: N/A | U67: NO CUMPLE | X67: =IF(C67<>"",IF(OR(AND(U67="CUMPLE",S67="CUMPLE",T67="N/A"),AND(T67="SI",U67="CUMPLE")),"CUMPLE","NO CUMPLE"),"") -> NO CUMPLE | Z67: =IF(Y67<>"","-"&Y67&CHAR(10),"") | AA67: La información registrada en el Anexo 9, numeral 1 no corresponde a ninguna certificación o documento aportado por el oferente en términos que pueda comprobarse inequivocamente la información suministrada. Pese a remitir varios documentos con relacionamiento contractual con la entidad contratatante, ninguno coincide con los términos indicados en el Anexo 9 por cuanto la experiencia no puede ser acreditada. | AB67: =IF(AA67<>"","Experiencia No. "&B67&": "&AA67&CHAR(10),"") -> Experiencia No. 1: La información registrada en el Anexo 9, numeral 1 no corresponde a ninguna certificación o documento aportado por el oferente en términos que pueda comprobarse inequivocamente la información suministrada. Pese a remitir varios documentos con relacionamiento contractual con la entidad contratatante, ninguno coincide con los términos indicados en el Anexo 9 por cuanto la experiencia no puede ser acreditada. | AC67: =IF(C67<>"",COUNTIFS(K$67:K$86,"<="&K67,L$67:L$86,">"&K67)-1,0) -> 1 | AD67: =IF(C67<>"",COUNTIFS(K$67:K$86,"<="&L67,L$67:L$86,">="&L67)-1,0) -> 0 | AE67: =IF(C67<>"",COUNTIFS(K$67:K$86,"><"&"",K$67:K$86,"<="&K67,L$67:L$86,">="&L67),0) -> 0 | AH67: =ROUND(IF(X67="CUMPLE",DAYS360(AF67,AG67,)/365,0),1) -> 0
B68: 2 | C68: SOFTTEK RENOVATION S.A.S. | F68: Certificación: "(...) desempeñando el cargo de SOFTWARE DEVELOPER(...)" Registro de información indicado en el Anexo 9: "Levantamiento de Requerimientos e Implementación IBM Business Automation Workflow (BAW)." | K68: 44834 | L68: 45343 | M68: CUMPLE | N68: CUMPLE | O68: CUMPLE | P68: NO CUMPLE | Q68: CUMPLE | R68: CUMPLE | S68: =IF(C68<>"",IF(COUNTIF(M68:R68,"CUMPLE")=6,"CUMPLE","NO CUMPLE"),"") -> NO CUMPLE | T68: N/A | U68: NO CUMPLE | X68: =IF(C68<>"",IF(OR(AND(U68="CUMPLE",S68="CUMPLE",T68="N/A"),AND(T68="SI",U68="CUMPLE")),"CUMPLE","NO CUMPLE"),"") -> NO CUMPLE | Y68: Victor Duvan Velazquez Lara.pdf Pag. 13 | Z68: =IF(Y68<>"","-"&Y68&CHAR(10),"") -> -Victor Duvan Velazquez Lara.pdf Pag. 13 | AA68: La información registrada en el Anexo 9 no corresponde al contenido indicado en la certificación, por cuanto no es posible inferir el cumplimento del requisito de experiencia específica con la documentación aportada. | AB68: =IF(AA68<>"","Experiencia No. "&B68&": "&AA68&CHAR(10),"") -> Experiencia No. 2: La información registrada en el Anexo 9 no corresponde al contenido indicado en la certificación, por cuanto no es posible inferir el cumplimento del requisito de experiencia específica con la documentación aportada. | AC68: =IF(C68<>"",COUNTIFS(K$67:K$86,"<="&K68,L$67:L$86,">"&K68)-1,0) -> 2 | AD68: =IF(C68<>"",COUNTIFS(K$67:K$86,"<="&L68,L$67:L$86,">="&L68)-1,0) -> 1 | AE68: =IF(C68<>"",COUNTIFS(K$67:K$86,"><"&"",K$67:K$86,"<="&K68,L$67:L$86,">="&L68),0) -> 0 | AF68: =K68 -> 44834 | AG68: =L68 -> 45343 | AH68: =ROUND(IF(X68="CUMPLE",DAYS360(AF68,AG68,)/365,0),1) -> 0
B69: 3 | C69: SUPERINTENDENCIA NACIONAL DE SALUD | F69: Registro de información indicado en el Anexo 9: "(...) Acompañar al Grupo de Aplicaciones en la realización de actividades que permitan el diseño, modelamiento e implementación de procesos en notación BPMN en la plataforma AuraPortal. • Realizar la configuración y parametrización de formularios en la plataforma AuraPortal. • Realizar acompañamiento en las actividades que permitan crear, diseñar y parametrizar las consultas y reportes de los procesos implementados. • Verificar la integridad del desarrollo e implementarlo en el ambiente de calidad para las pruebas funcionales respectivas mediante un plan de pruebas debidamente documentado y entregado al Supervisor del contrato.(...)" Nota. Información NO corroborada en la documentación aportada | K69: 43971 | L69: 44837 | M69: NO CUMPLE | N69: NO CUMPLE | O69: NO CUMPLE | P69: NO CUMPLE | Q69: NO CUMPLE | R69: NO CUMPLE | S69: =IF(C69<>"",IF(COUNTIF(M69:R69,"CUMPLE")=6,"CUMPLE","NO CUMPLE"),"") -> NO CUMPLE | T69: N/A | U69: NO CUMPLE | X69: =IF(C69<>"",IF(OR(AND(U69="CUMPLE",S69="CUMPLE",T69="N/A"),AND(T69="SI",U69="CUMPLE")),"CUMPLE","NO CUMPLE"),"") -> NO CUMPLE | Z69: =IF(Y69<>"","-"&Y69&CHAR(10),"") | AA69: La información registrada en el Anexo 9, numeral 3 no corresponde a ninguna certificación o documento aportado por el oferente en términos que pueda comprobarse inequivocamente la información suministrada. Pese a remitir varios documentos con relacionamiento contractual con la entidad contratatante, ninguno coincide con los términos indicados en el Anexo 9 por cuanto la experiencia no puede ser acreditada. | AB69: =IF(AA69<>"","Experiencia No. "&B69&": "&AA69&CHAR(10),"") -> Experiencia No. 3: La información registrada en el Anexo 9, numeral 3 no corresponde a ninguna certificación o documento aportado por el oferente en términos que pueda comprobarse inequivocamente la información suministrada. Pese a remitir varios documentos con relacionamiento contractual con la entidad contratatante, ninguno coincide con los términos indicados en el Anexo 9 por cuanto la experiencia no puede ser acreditada. | AC69: =IF(C69<>"",COUNTIFS(K$67:K$86,"<="&K69,L$67:L$86,">"&K69)-1,0) -> 1 | AD69: =IF(C69<>"",COUNTIFS(K$67:K$86,"<="&L69,L$67:L$86,">="&L69)-1,0) -> 2 | AE69: =IF(C69<>"",COUNTIFS(K$67:K$86,"><"&"",K$67:K$86,"<="&K69,L$67:L$86,">="&L69),0) -> 0 | AH69: =ROUND(IF(X69="CUMPLE",DAYS360(AF69,AG69,)/365,0),1) -> 0
B70: 4 | C70: MINISTERIO DEL INTERIOR | F70: Certificación 'Contrato 684 DE 2021 (...) Apoyando actividaddes de planeación, viabilización, supervisión y control de proyectos (...) Registro de información indicado en el Anexo 9: "(...)'• Apoyar el levantamiento para la arquitectura de integración, especificación de mecanismo de transferencia externos, reglas de negocio y validaciones dentro los procesos modelados. • Actualizar las bases de datos con que cuente la Subdirección de Infraestructura, para el apoyo a la supervisión, seguimiento y control a la ejecución de los proyectos. • Apoyar la definición e implementación de los esquemas de seguridad, roles y autorizaciones de la herramienta BPM (Auraportal). • Brindar apoyo en la implementación de la mecánica de tareas del sistema generados por la herramienta BPM (Auraportal), según las necesidades de información.(...)" Nota: Información NO corroborada en la documentación aportada | K70: 44275 | L70: 44365 | M70: CUMPLE | N70: CUMPLE | O70: CUMPLE | P70: NO CUMPLE | Q70: NO CUMPLE | R70: NO CUMPLE | S70: =IF(C70<>"",IF(COUNTIF(M70:R70,"CUMPLE")=6,"CUMPLE","NO CUMPLE"),"") -> NO CUMPLE | T70: N/A | U70: NO CUMPLE | X70: =IF(C70<>"",IF(OR(AND(U70="CUMPLE",S70="CUMPLE",T70="N/A"),AND(T70="SI",U70="CUMPLE")),"CUMPLE","NO CUMPLE"),"") -> NO CUMPLE | Y70: Victor Duvan Velazquez Lara.pdf Pag. 25-26 | Z70: =IF(Y70<>"","-"&Y70&CHAR(10),"") -> -Victor Duvan Velazquez Lara.pdf Pag. 25-26 | AA70: La información registrada en el Anexo 9 no corresponde al contenido indicado en la certificación, por cuanto no es posible inferir el cumplimento del requisito de experiencia específica con la documentación aportada. | AB70: =IF(AA70<>"","Experiencia No. "&B70&": "&AA70&CHAR(10),"") -> Experiencia No. 4: La información registrada en el Anexo 9 no corresponde al contenido indicado en la certificación, por cuanto no es posible inferir el cumplimento del requisito de experiencia específica con la documentación aportada. | AC70: =IF(C70<>"",COUNTIFS(K$67:K$86,"<="&K70,L$67:L$86,">"&K70)-1,0) -> 3 | AD70: =IF(C70<>"",COUNTIFS(K$67:K$86,"<="&L70,L$67:L$86,">="&L70)-1,0) -> 3 | AE70: =IF(C70<>"",COUNTIFS(K$67:K$86,"><"&"",K$67:K$86,"<="&K70,L$67:L$86,">="&L70),0) -> 0 | AF70: =K70 -> 44275 | AG70: =L70 -> 44365 | AH70: =IF(X70="CUMPLE",DAYS360(AF70,AG70,)/365,0) -> 0
B71: 5 | C71: BPM-LAT | F71: Certificación '"(...) Contratado como Consultor Senior Las funciones y responsabilidades del cargo fueron: * Levantamiento, diagnóstico y análisis de procesos. • Diseño, modelamiento e implementación de procesos en notación BPMN en la plataforma AuraPortal. • Diseño, configuración y parametrización de formularios en la plataforma AuraPortal.(...)" | K71: 42682 | L71: 43554 | M71: CUMPLE | N71: CUMPLE | O71: CUMPLE | P71: CUMPLE | Q71: CUMPLE | R71: CUMPLE | S71: =IF(C71<>"",IF(COUNTIF(M71:R71,"CUMPLE")=6,"CUMPLE","NO CUMPLE"),"") -> CUMPLE | T71: N/A | U71: CUMPLE | X71: =IF(C71<>"",IF(OR(AND(U71="CUMPLE",S71="CUMPLE",T71="N/A"),AND(T71="SI",U71="CUMPLE")),"CUMPLE","NO CUMPLE"),"") -> CUMPLE | Y71: Victor Duvan Velazquez Lara.pdf Pag. 31 | Z71: =IF(Y71<>"","-"&Y71&CHAR(10),"") -> -Victor Duvan Velazquez Lara.pdf Pag. 31 | AB71: =IF(AA71<>"","Experiencia No. "&B71&": "&AA71&CHAR(10),"") | AC71: =IF(C71<>"",COUNTIFS(K$67:K$86,"<="&K71,L$67:L$86,">"&K71)-1,0) -> 0 | AD71: =IF(C71<>"",COUNTIFS(K$67:K$86,"<="&L71,L$67:L$86,">="&L71)-1,0) -> 0 | AE71: =IF(C71<>"",COUNTIFS(K$67:K$86,"><"&"",K$67:K$86,"<="&K71,L$67:L$86,">="&L71),0) -> 0 | AF71: =K71 -> 42682 | AG71: =L71 -> 43554 | AH71: =IF(X71="CUMPLE",DAYS360(AF71,AG71,)/365,0) -> 2.3616438
B72: 6 | C72: SUPERINTENDENCIA NACIONAL DE SALUD | F72: CONTRATO 202 DE 2023 Prestar servicios profesionales para el desarrollo, modelamiento y automatización de procesos para la implementación e integración de soluciones tecnológicas BPM para la Superintendencia Nacional de Salud. | K72: 45254 | L72: 45275 | M72: CUMPLE | N72: CUMPLE | O72: CUMPLE | P72: CUMPLE | Q72: CUMPLE | R72: CUMPLE | S72: =IF(C72<>"",IF(COUNTIF(M72:R72,"CUMPLE")=6,"CUMPLE","NO CUMPLE"),"") -> CUMPLE | T72: N/A | U72: CUMPLE | X72: =IF(C72<>"",IF(OR(AND(U72="CUMPLE",S72="CUMPLE",T72="N/A"),AND(T72="SI",U72="CUMPLE")),"CUMPLE","NO CUMPLE"),"") -> CUMPLE | Y72: Victor Duvan Velazquez Lara.pdf Pag. 15 (aportado en subsanación) ANEXO 9 EQUIPO MINIMO DE TRABAJO - HABILITANTE.pdf (aportado en subsanación) | Z72: =IF(Y72<>"","-"&Y72&CHAR(10),"") -> -Victor Duvan Velazquez Lara.pdf Pag. 15 (aportado en subsanación) ANEXO 9 EQUIPO MINIMO DE TRABAJO - HABILITANTE.pdf (aportado en subsanación) | AA72: Observación en informe definitivo: La experiencia incluida en subsanación asocia un documento aportado en la propuesta originalmente allegada, se procede a su evaluación otorgando el cumplimiento de los requisitos indicados en el pliego condiciones y adenda | AB72: =IF(AA72<>"","Experiencia No. "&B72&": "&AA72&CHAR(10),"") -> Experiencia No. 6: Observación en informe definitivo: La experiencia incluida en subsanación asocia un documento aportado en la propuesta originalmente allegada, se procede a su evaluación otorgando el cumplimiento de los requisitos indicados en el pliego condiciones y adenda | AC72: =IF(C72<>"",COUNTIFS(K$67:K$86,"<="&K72,L$67:L$86,">"&K72)-1,0) -> 1 | AD72: =IF(C72<>"",COUNTIFS(K$67:K$86,"<="&L72,L$67:L$86,">="&L72)-1,0) -> 1 | AE72: =IF(C72<>"",COUNTIFS(K$67:K$86,"><"&"",K$67:K$86,"<="&K72,L$67:L$86,">="&L72),0) -> 0 | AF72: 45254 | AG72: 45275 | AH72: =IF(X72="CUMPLE",DAYS360(AF72,AG72,)/365,0) -> 0.057534247
B73: 7 | C73: SUPERINTENDENCIA NACIONAL DE SALUD | F73: Profesional Especializado | K73: 44574 | L73: 44837 | M73: CUMPLE | N73: CUMPLE | O73: CUMPLE | P73: CUMPLE | Q73: CUMPLE | R73: CUMPLE | S73: =IF(C73<>"",IF(COUNTIF(M73:R73,"CUMPLE")=6,"CUMPLE","NO CUMPLE"),"") -> CUMPLE | T73: N/A | U73: NO CUMPLE | X73: =IF(C73<>"",IF(OR(AND(U73="CUMPLE",S73="CUMPLE",T73="N/A"),AND(T73="SI",U73="CUMPLE")),"CUMPLE","NO CUMPLE"),"") -> NO CUMPLE | Y73: Victor Duvan Velazquez Lara.pdf Pag. 16-18 (aportado en subsanación) ANEXO 9 EQUIPO MINIMO DE TRABAJO - HABILITANTE.pdf (aportado en subsanación) | Z73: =IF(Y73<>"","-"&Y73&CHAR(10),"") -> -Victor Duvan Velazquez Lara.pdf Pag. 16-18 (aportado en subsanación) ANEXO 9 EQUIPO MINIMO DE TRABAJO - HABILITANTE.pdf (aportado en subsanación) | AA73: Observación en informe definitivo: La experiencia incluida en subsanación asocia un documento aportado en la propuesta originalmente allegada, se procede a su evaluación otorgando el cumplimiento de los requisitos indicados en el pliego condiciones y adenda | AB73: =IF(AA73<>"","Experiencia No. "&B73&": "&AA73&CHAR(10),"") -> Experiencia No. 7: Observación en informe definitivo: La experiencia incluida en subsanación asocia un documento aportado en la propuesta originalmente allegada, se procede a su evaluación otorgando el cumplimiento de los requisitos indicados en el pliego condiciones y adenda | AC73: =IF(C73<>"",COUNTIFS(K$67:K$86,"<="&K73,L$67:L$86,">"&K73)-1,0) -> 1 | AD73: =IF(C73<>"",COUNTIFS(K$67:K$86,"<="&L73,L$67:L$86,">="&L73)-1,0) -> 2 | AE73: =IF(C73<>"",COUNTIFS(K$67:K$86,"><"&"",K$67:K$86,"<="&K73,L$67:L$86,">="&L73),0) -> 0 | AH73: =IF(X73="CUMPLE",DAYS360(AF73,AG73,)/365,0) -> 0
B74: 8 | C74: SUPERINTENDENCIA NACIONAL DE SALUD | F74: CONTRATO 247 DE 2021 Prestar servicios profesionales para la Implementación e integración de soluciones tecnológicas BPM en la vigencia 2021 para la Superintendencia Nacional de Salud, cumpliendo con calidad y con los indicadores de Gestión. | K74: 44232 | L74: 44557 | M74: CUMPLE | N74: CUMPLE | O74: CUMPLE | P74: CUMPLE | Q74: CUMPLE | R74: CUMPLE | S74: =IF(C74<>"",IF(COUNTIF(M74:R74,"CUMPLE")=6,"CUMPLE","NO CUMPLE"),"") -> CUMPLE | T74: N/A | U74: CUMPLE | X74: =IF(C74<>"",IF(OR(AND(U74="CUMPLE",S74="CUMPLE",T74="N/A"),AND(T74="SI",U74="CUMPLE")),"CUMPLE","NO CUMPLE"),"") -> CUMPLE | Y74: Victor Duvan Velazquez Lara.pdf Pag. 19-21 (aportado en subsanación) ANEXO 9 EQUIPO MINIMO DE TRABAJO - HABILITANTE.pdf (aportado en subsanación) | Z74: =IF(Y74<>"","-"&Y74&CHAR(10),"") -> -Victor Duvan Velazquez Lara.pdf Pag. 19-21 (aportado en subsanación) ANEXO 9 EQUIPO MINIMO DE TRABAJO - HABILITANTE.pdf (aportado en subsanación) | AA74: Observación en informe definitivo: La experiencia incluida en subsanación asocia un documento aportado en la propuesta originalmente allegada, se procede a su evaluación otorgando el cumplimiento de los requisitos indicados en el pliego condiciones y adenda | AB74: =IF(AA74<>"","Experiencia No. "&B74&": "&AA74&CHAR(10),"") -> Experiencia No. 8: Observación en informe definitivo: La experiencia incluida en subsanación asocia un documento aportado en la propuesta originalmente allegada, se procede a su evaluación otorgando el cumplimiento de los requisitos indicados en el pliego condiciones y adenda | AC74: =IF(C74<>"",COUNTIFS(K$67:K$86,"<="&K74,L$67:L$86,">"&K74)-1,0) -> 1 | AD74: =IF(C74<>"",COUNTIFS(K$67:K$86,"<="&L74,L$67:L$86,">="&L74)-1,0) -> 1 | AE74: =IF(C74<>"",COUNTIFS(K$67:K$86,"><"&"",K$67:K$86,"<="&K74,L$67:L$86,">="&L74),0) -> 0 | AF74: 44232 | AG74: 44557 | AH74: =IF(X74="CUMPLE",DAYS360(AF74,AG74,)/365,0) -> 0.88219178
B75: 9 | C75: SUPERINTENDENCIA NACIONAL DE SALUD | F75: CONTRATO 343 DE 2020: Prestar servicios profesionales a la Oficina de Tecnologías de la Información para realizar actividades relacionadas con la Implementación e integración de soluciones tecnológicas BPM | K75: 43972 | L75: 44182 | M75: CUMPLE | N75: CUMPLE | O75: CUMPLE | P75: CUMPLE | Q75: CUMPLE | R75: CUMPLE | S75: =IF(C75<>"",IF(COUNTIF(M75:R75,"CUMPLE")=6,"CUMPLE","NO CUMPLE"),"") -> CUMPLE | T75: N/A | U75: CUMPLE | X75: =IF(C75<>"",IF(OR(AND(U75="CUMPLE",S75="CUMPLE",T75="N/A"),AND(T75="SI",U75="CUMPLE")),"CUMPLE","NO CUMPLE"),"") -> CUMPLE | Y75: Victor Duvan Velazquez Lara.pdf Pag. 22-24 (aportado en subsanación) ANEXO 9 EQUIPO MINIMO DE TRABAJO - HABILITANTE.pdf (aportado en subsanación) | Z75: =IF(Y75<>"","-"&Y75&CHAR(10),"") -> -Victor Duvan Velazquez Lara.pdf Pag. 22-24 (aportado en subsanación) ANEXO 9 EQUIPO MINIMO DE TRABAJO - HABILITANTE.pdf (aportado en subsanación) | AA75: Observación en informe definitivo: La experiencia incluida en subsanación asocia un documento aportado en la propuesta originalmente allegada, se procede a su evaluación otorgando el cumplimiento de los requisitos indicados en el pliego condiciones y adenda. La experiencia se traslapa con la número 11 acreditada estando completamente contenida en su término de ejecución por cuanto no se contabiliza para el presente cálculo | AB75: =IF(AA75<>"","Experiencia No. "&B75&": "&AA75&CHAR(10),"") -> Experiencia No. 9: Observación en informe definitivo: La experiencia incluida en subsanación asocia un documento aportado en la propuesta originalmente allegada, se procede a su evaluación otorgando el cumplimiento de los requisitos indicados en el pliego condiciones y adenda. La experiencia se traslapa con la número 11 acreditada estando completamente contenida en su término de ejecución por cuanto no se contabiliza para el presente cálculo | AC75: =IF(C75<>"",COUNTIFS(K$67:K$86,"<="&K75,L$67:L$86,">"&K75)-1,0) -> 2 | AD75: =IF(C75<>"",COUNTIFS(K$67:K$86,"<="&L75,L$67:L$86,">="&L75)-1,0) -> 2 | AE75: =IF(C75<>"",COUNTIFS(K$67:K$86,"><"&"",K$67:K$86,"<="&K75,L$67:L$86,">="&L75),0) -> 0 | AH75: =IF(X75="CUMPLE",DAYS360(AF75,AG75,)/365,0) -> 0
B76: 10 | C76: MINISTERIO DEL INTERIOR | F76: 684 DE 2021 | K76: 44275 | L76: 44365 | M76: CUMPLE | N76: CUMPLE | O76: CUMPLE | P76: CUMPLE | Q76: CUMPLE | R76: CUMPLE | S76: =IF(C76<>"",IF(COUNTIF(M76:R76,"CUMPLE")=6,"CUMPLE","NO CUMPLE"),"") -> CUMPLE | T76: N/A | U76: NO CUMPLE | X76: =IF(C76<>"",IF(OR(AND(U76="CUMPLE",S76="CUMPLE",T76="N/A"),AND(T76="SI",U76="CUMPLE")),"CUMPLE","NO CUMPLE"),"") -> NO CUMPLE | Y76: Victor Duvan Velazquez Lara.pdf Pag. 25-26 (aportado en subsanación) ANEXO 9 EQUIPO MINIMO DE TRABAJO - HABILITANTE.pdf (aportado en subsanación) | Z76: =IF(Y76<>"","-"&Y76&CHAR(10),"") -> -Victor Duvan Velazquez Lara.pdf Pag. 25-26 (aportado en subsanación) ANEXO 9 EQUIPO MINIMO DE TRABAJO - HABILITANTE.pdf (aportado en subsanación) | AA76: Observación en informe definitivo: La experiencia incluida en subsanación asocia un documento aportado en la propuesta originalmente allegada, se procede a su evaluación otorgando el cumplimiento de los requisitos indicados en el pliego condiciones y adenda | AB76: =IF(AA76<>"","Experiencia No. "&B76&": "&AA76&CHAR(10),"") -> Experiencia No. 10: Observación en informe definitivo: La experiencia incluida en subsanación asocia un documento aportado en la propuesta originalmente allegada, se procede a su evaluación otorgando el cumplimiento de los requisitos indicados en el pliego condiciones y adenda | AC76: =IF(C76<>"",COUNTIFS(K$67:K$86,"<="&K76,L$67:L$86,">"&K76)-1,0) -> 3 | AD76: =IF(C76<>"",COUNTIFS(K$67:K$86,"<="&L76,L$67:L$86,">="&L76)-1,0) -> 3 | AE76: =IF(C76<>"",COUNTIFS(K$67:K$86,"><"&"",K$67:K$86,"<="&K76,L$67:L$86,">="&L76),0) -> 0 | AH76: =IF(X76="CUMPLE",DAYS360(AF76,AG76,)/365,0) -> 0
B77: 11 | C77: MINISTERIO DEL INTERIOR | F77: 274 DE 2020 12. Apoyar en la implementación de la mecánica de tareas del sistema generados por la herramienta BPM (Auraportal), según las necesidades de información. 13. Apoyar la construcción de rutinas de transferencia de información entre los componentes y sistemas afectados por el modelamiento de los procesos de la herramienta BPM (Auraportal). | K77: 43866 | L77: 44196 | M77: CUMPLE | N77: CUMPLE | O77: CUMPLE | P77: CUMPLE | Q77: CUMPLE | R77: CUMPLE | S77: =IF(C77<>"",IF(COUNTIF(M77:R77,"CUMPLE")=6,"CUMPLE","NO CUMPLE"),"") -> CUMPLE | T77: N/A | U77: CUMPLE | X77: =IF(C77<>"",IF(OR(AND(U77="CUMPLE",S77="CUMPLE",T77="N/A"),AND(T77="SI",U77="CUMPLE")),"CUMPLE","NO CUMPLE"),"") -> CUMPLE | Y77: Victor Duvan Velazquez Lara.pdf Pag. 27-28 (aportado en subsanación) ANEXO 9 EQUIPO MINIMO DE TRABAJO - HABILITANTE.pdf (aportado en subsanación) | Z77: =IF(Y77<>"","-"&Y77&CHAR(10),"") -> -Victor Duvan Velazquez Lara.pdf Pag. 27-28 (aportado en subsanación) ANEXO 9 EQUIPO MINIMO DE TRABAJO - HABILITANTE.pdf (aportado en subsanación) | AA77: Observación en informe definitivo: La experiencia incluida en subsanación asocia un documento aportado en la propuesta originalmente allegada, se procede a su evaluación otorgando el cumplimiento de los requisitos indicados en el pliego condiciones y adenda | AB77: =IF(AA77<>"","Experiencia No. "&B77&": "&AA77&CHAR(10),"") -> Experiencia No. 11: Observación en informe definitivo: La experiencia incluida en subsanación asocia un documento aportado en la propuesta originalmente allegada, se procede a su evaluación otorgando el cumplimiento de los requisitos indicados en el pliego condiciones y adenda | AC77: =IF(C77<>"",COUNTIFS(K$67:K$86,"<="&K77,L$67:L$86,">"&K77)-1,0) -> 0 | AD77: =IF(C77<>"",COUNTIFS(K$67:K$86,"<="&L77,L$67:L$86,">="&L77)-1,0) -> 1 | AE77: =IF(C77<>"",COUNTIFS(K$67:K$86,"><"&"",K$67:K$86,"<="&K77,L$67:L$86,">="&L77),0) -> 0 | AF77: 43866 | AG77: 44196 | AH77: =IF(X77="CUMPLE",DAYS360(AF77,AG77,)/365,0) -> 0.89315068
B78: 12 | C78: MINISTERIO DEL INTERIOR | F78: 718 DE 2019 (…) 4. Apoyar el levantamiento para la arquitectura de integración, especificación de mecanismo de transferencia externos, reglas de negocio y validaciones dentro los procesos modelados. 5 | K78: 43614 | L78: 43830 | M78: CUMPLE | N78: CUMPLE | O78: CUMPLE | P78: CUMPLE | Q78: CUMPLE | R78: CUMPLE | S78: =IF(C78<>"",IF(COUNTIF(M78:R78,"CUMPLE")=6,"CUMPLE","NO CUMPLE"),"") -> CUMPLE | T78: N/A | U78: CUMPLE | X78: =IF(C78<>"",IF(OR(AND(U78="CUMPLE",S78="CUMPLE",T78="N/A"),AND(T78="SI",U78="CUMPLE")),"CUMPLE","NO CUMPLE"),"") -> CUMPLE | Y78: Victor Duvan Velazquez Lara.pdf Pag. 29-30 (aportado en subsanación) ANEXO 9 EQUIPO MINIMO DE TRABAJO - HABILITANTE.pdf (aportado en subsanación) | Z78: =IF(Y78<>"","-"&Y78&CHAR(10),"") -> -Victor Duvan Velazquez Lara.pdf Pag. 29-30 (aportado en subsanación) ANEXO 9 EQUIPO MINIMO DE TRABAJO - HABILITANTE.pdf (aportado en subsanación) | AA78: Observación en informe definitivo: La experiencia incluida en subsanación asocia un documento aportado en la propuesta originalmente allegada, se procede a su evaluación otorgando el cumplimiento de los requisitos indicados en el pliego condiciones y adenda | AB78: =IF(AA78<>"","Experiencia No. "&B78&": "&AA78&CHAR(10),"") -> Experiencia No. 12: Observación en informe definitivo: La experiencia incluida en subsanación asocia un documento aportado en la propuesta originalmente allegada, se procede a su evaluación otorgando el cumplimiento de los requisitos indicados en el pliego condiciones y adenda | AC78: =IF(C78<>"",COUNTIFS(K$67:K$86,"<="&K78,L$67:L$86,">"&K78)-1,0) -> 0 | AD78: =IF(C78<>"",COUNTIFS(K$67:K$86,"<="&L78,L$67:L$86,">="&L78)-1,0) -> 0 | AE78: =IF(C78<>"",COUNTIFS(K$67:K$86,"><"&"",K$67:K$86,"<="&K78,L$67:L$86,">="&L78),0) -> 0 | AF78: 43614 | AG78: 43830 | AH78: =IF(X78="CUMPLE",DAYS360(AF78,AG78,)/365,0) -> 0.58082192
B79: 13 | C79: ACI PROYECTOS | F79: INGENIERO DE PROYECTOS ESPECIALES (…) Levantamiento de requerimientos con el fin de proponer nuévo~ modelos de procesos para dar solución a las diferentes actividades de la empresa | K79: 41947 | L79: 42677 | M79: CUMPLE | N79: CUMPLE | O79: CUMPLE | P79: CUMPLE | Q79: CUMPLE | R79: CUMPLE | S79: =IF(C79<>"",IF(COUNTIF(M79:R79,"CUMPLE")=6,"CUMPLE","NO CUMPLE"),"") -> CUMPLE | T79: N/A | U79: CUMPLE | X79: =IF(C79<>"",IF(OR(AND(U79="CUMPLE",S79="CUMPLE",T79="N/A"),AND(T79="SI",U79="CUMPLE")),"CUMPLE","NO CUMPLE"),"") -> CUMPLE | Y79: Victor Duvan Velazquez Lara.pdf Pag. 32 (aportado en subsanación) ANEXO 9 EQUIPO MINIMO DE TRABAJO - HABILITANTE.pdf (aportado en subsanación) | Z79: =IF(Y79<>"","-"&Y79&CHAR(10),"") -> -Victor Duvan Velazquez Lara.pdf Pag. 32 (aportado en subsanación) ANEXO 9 EQUIPO MINIMO DE TRABAJO - HABILITANTE.pdf (aportado en subsanación) | AA79: Observación en informe definitivo: La experiencia incluida en subsanación asocia un documento aportado en la propuesta originalmente allegada, se procede a su evaluación otorgando el cumplimiento de los requisitos indicados en el pliego condiciones y adenda | AB79: =IF(AA79<>"","Experiencia No. "&B79&": "&AA79&CHAR(10),"") -> Experiencia No. 13: Observación en informe definitivo: La experiencia incluida en subsanación asocia un documento aportado en la propuesta originalmente allegada, se procede a su evaluación otorgando el cumplimiento de los requisitos indicados en el pliego condiciones y adenda | AC79: =IF(C79<>"",COUNTIFS(K$67:K$86,"<="&K79,L$67:L$86,">"&K79)-1,0) -> 0 | AD79: =IF(C79<>"",COUNTIFS(K$67:K$86,"<="&L79,L$67:L$86,">="&L79)-1,0) -> 0 | AE79: =IF(C79<>"",COUNTIFS(K$67:K$86,"><"&"",K$67:K$86,"<="&K79,L$67:L$86,">="&L79),0) -> 0 | AF79: 41947 | AG79: 42677 | AH79: =IF(X79="CUMPLE",DAYS360(AF79,AG79,)/365,0) -> 1.969863
B80: 14 | S80: =IF(C80<>"",IF(COUNTIF(M80:R80,"CUMPLE")=6,"CUMPLE","NO CUMPLE"),"") | X80: =IF(C80<>"",IF(OR(AND(U80="CUMPLE",S80="CUMPLE",T80="N/A"),AND(T80="SI",U80="CUMPLE")),"CUMPLE","NO CUMPLE"),"") | Z80: =IF(Y80<>"","-"&Y80&CHAR(10),"") | AB80: =IF(AA80<>"","Experiencia No. "&B80&": "&AA80&CHAR(10),"") | AC80: =IF(C80<>"",COUNTIFS(K$67:K$86,"<="&K80,L$67:L$86,">"&K80)-1,0) -> 0 | AD80: =IF(C80<>"",COUNTIFS(K$67:K$86,"<="&L80,L$67:L$86,">="&L80)-1,0) -> 0 | AE80: =IF(C80<>"",COUNTIFS(K$67:K$86,"><"&"",K$67:K$86,"<="&K80,L$67:L$86,">="&L80),0) -> 0 | AH80: =IF(X80="CUMPLE",DAYS360(AF80,AG80,)/365,0) -> 0
B81: 15 | S81: =IF(C81<>"",IF(COUNTIF(M81:R81,"CUMPLE")=6,"CUMPLE","NO CUMPLE"),"") | X81: =IF(C81<>"",IF(OR(AND(U81="CUMPLE",S81="CUMPLE",T81="N/A"),AND(T81="SI",U81="CUMPLE")),"CUMPLE","NO CUMPLE"),"") | Z81: =IF(Y81<>"","-"&Y81&CHAR(10),"") | AB81: =IF(AA81<>"","Experiencia No. "&B81&": "&AA81&CHAR(10),"") | AC81: =IF(C81<>"",COUNTIFS(K$67:K$86,"<="&K81,L$67:L$86,">"&K81)-1,0) -> 0 | AD81: =IF(C81<>"",COUNTIFS(K$67:K$86,"<="&L81,L$67:L$86,">="&L81)-1,0) -> 0 | AE81: =IF(C81<>"",COUNTIFS(K$67:K$86,"><"&"",K$67:K$86,"<="&K81,L$67:L$86,">="&L81),0) -> 0 | AH81: =IF(X81="CUMPLE",DAYS360(AF81,AG81,)/365,0) -> 0
B82: 16 | S82: =IF(C82<>"",IF(COUNTIF(M82:R82,"CUMPLE")=6,"CUMPLE","NO CUMPLE"),"") | X82: =IF(C82<>"",IF(OR(AND(U82="CUMPLE",S82="CUMPLE",T82="N/A"),AND(T82="SI",U82="CUMPLE")),"CUMPLE","NO CUMPLE"),"") | Z82: =IF(Y82<>"","-"&Y82&CHAR(10),"") | AB82: =IF(AA82<>"","Experiencia No. "&B82&": "&AA82&CHAR(10),"") | AC82: =IF(C82<>"",COUNTIFS(K$67:K$86,"<="&K82,L$67:L$86,">"&K82)-1,0) -> 0 | AD82: =IF(C82<>"",COUNTIFS(K$67:K$86,"<="&L82,L$67:L$86,">="&L82)-1,0) -> 0 | AE82: =IF(C82<>"",COUNTIFS(K$67:K$86,"><"&"",K$67:K$86,"<="&K82,L$67:L$86,">="&L82),0) -> 0 | AH82: =IF(X82="CUMPLE",DAYS360(AF82,AG82,)/365,0) -> 0
B83: 17 | S83: =IF(C83<>"",IF(COUNTIF(M83:R83,"CUMPLE")=6,"CUMPLE","NO CUMPLE"),"") | X83: =IF(C83<>"",IF(OR(AND(U83="CUMPLE",S83="CUMPLE",T83="N/A"),AND(T83="SI",U83="CUMPLE")),"CUMPLE","NO CUMPLE"),"") | Z83: =IF(Y83<>"","-"&Y83&CHAR(10),"") | AB83: =IF(AA83<>"","Experiencia No. "&B83&": "&AA83&CHAR(10),"") | AC83: =IF(C83<>"",COUNTIFS(K$67:K$86,"<="&K83,L$67:L$86,">"&K83)-1,0) -> 0 | AD83: =IF(C83<>"",COUNTIFS(K$67:K$86,"<="&L83,L$67:L$86,">="&L83)-1,0) -> 0 | AE83: =IF(C83<>"",COUNTIFS(K$67:K$86,"><"&"",K$67:K$86,"<="&K83,L$67:L$86,">="&L83),0) -> 0 | AH83: =IF(X83="CUMPLE",DAYS360(AF83,AG83,)/365,0) -> 0
B84: 18 | S84: =IF(C84<>"",IF(COUNTIF(M84:R84,"CUMPLE")=6,"CUMPLE","NO CUMPLE"),"") | X84: =IF(C84<>"",IF(OR(AND(U84="CUMPLE",S84="CUMPLE",T84="N/A"),AND(T84="SI",U84="CUMPLE")),"CUMPLE","NO CUMPLE"),"") | Z84: =IF(Y84<>"","-"&Y84&CHAR(10),"") | AB84: =IF(AA84<>"","Experiencia No. "&B84&": "&AA84&CHAR(10),"") | AC84: =IF(C84<>"",COUNTIFS(K$67:K$86,"<="&K84,L$67:L$86,">"&K84)-1,0) -> 0 | AD84: =IF(C84<>"",COUNTIFS(K$67:K$86,"<="&L84,L$67:L$86,">="&L84)-1,0) -> 0 | AE84: =IF(C84<>"",COUNTIFS(K$67:K$86,"><"&"",K$67:K$86,"<="&K84,L$67:L$86,">="&L84),0) -> 0 | AH84: =IF(X84="CUMPLE",DAYS360(AF84,AG84,)/365,0) -> 0
B85: 19 | S85: =IF(C85<>"",IF(COUNTIF(M85:R85,"CUMPLE")=6,"CUMPLE","NO CUMPLE"),"") | X85: =IF(C85<>"",IF(OR(AND(U85="CUMPLE",S85="CUMPLE",T85="N/A"),AND(T85="SI",U85="CUMPLE")),"CUMPLE","NO CUMPLE"),"") | Z85: =IF(Y85<>"","-"&Y85&CHAR(10),"") | AB85: =IF(AA85<>"","Experiencia No. "&B85&": "&AA85&CHAR(10),"") | AC85: =IF(C85<>"",COUNTIFS(K$67:K$86,"<="&K85,L$67:L$86,">"&K85)-1,0) -> 0 | AD85: =IF(C85<>"",COUNTIFS(K$67:K$86,"<="&L85,L$67:L$86,">="&L85)-1,0) -> 0 | AE85: =IF(C85<>"",COUNTIFS(K$67:K$86,"><"&"",K$67:K$86,"<="&K85,L$67:L$86,">="&L85),0) -> 0 | AH85: =IF(X85="CUMPLE",DAYS360(AF85,AG85,)/365,0) -> 0
B86: 20 | S86: =IF(C86<>"",IF(COUNTIF(M86:R86,"CUMPLE")=6,"CUMPLE","NO CUMPLE"),"") | X86: =IF(C86<>"",IF(OR(AND(U86="CUMPLE",S86="CUMPLE",T86="N/A"),AND(T86="SI",U86="CUMPLE")),"CUMPLE","NO CUMPLE"),"") | Z86: =IF(Y86<>"","-"&Y86&CHAR(10),"") | AB86: =IF(AA86<>"","Experiencia No. "&B86&": "&AA86&CHAR(10),"") | AC86: =IF(C86<>"",COUNTIFS(K$67:K$86,"<="&K86,L$67:L$86,">"&K86)-1,0) -> 0 | AD86: =IF(C86<>"",COUNTIFS(K$67:K$86,"<="&L86,L$67:L$86,">="&L86)-1,0) -> 0 | AE86: =IF(C86<>"",COUNTIFS(K$67:K$86,"><"&"",K$67:K$86,"<="&K86,L$67:L$86,">="&L86),0) -> 0 | AH86: =IF(X86="CUMPLE",DAYS360(AF86,AG86,)/365,0) -> 0
B87: Requisito de experiencia | F87: Acreditado | G87: Concepto | I87: Documentos evaluados
B88: Mínimo Proyectos específicos acreditados | E88: 3 | F88: =COUNTIF(X67:X86,"CUMPLE") -> 7 | G88: =IF(F88>=E88,"REQUISITO ACREDITADO","REQUISITO NO ACREDITADO") -> REQUISITO ACREDITADO | I88: =_xlfn.CONCAT(Z67:Z71) -> -Victor Duvan Velazquez Lara.pdf Pag. 13 -Victor Duvan Velazquez Lara.pdf Pag. 25-26 -Victor Duvan Velazquez Lara.pdf Pag. 31
B89: Mínimo experiencia en proyectos específicos acreditados 12 meses / 1 año | E89: 1 | F89: =SUMIFS(AH67:AH86,X67:X86,"CUMPLE") -> 6.7452055 | G89: =IF(F89>=E89,"REQUISITO ACREDITADO","REQUISITO NO ACREDITADO") -> REQUISITO ACREDITADO
B90: Min Experiencia en (años) | E90: 5 | G90: =IF(F89>=E90,"REQUISITO ACREDITADO","REQUISITO NO ACREDITADO") -> REQUISITO ACREDITADO | I90: Consideraciones | K90: =_xlfn.CONCAT(AB67:AB86) -> Experiencia No. 1: La información registrada en el Anexo 9, numeral 1 no corresponde a ninguna certificación o documento aportado por el oferente en términos que pueda comprobarse inequivocamente la información suministrada. Pese a remitir varios documentos con relacionamiento contractual con la entidad contratatante, ninguno coincide con los términos indicados en el Anexo 9 por cuanto la experiencia no puede ser acreditada. Experiencia No. 2: La información registrada en el Anexo 9 no corresponde al contenido indicado en la certificación, por cuanto no es posible inferir el cumplimento del requisito de experiencia específica con la documentación aportada. Experiencia No. 3: La información registrada en el Anexo 9, numeral 3 no corresponde a ninguna certificación o documento aportado por el oferente en términos que pueda comprobarse inequivocamente la información suministrada. Pese a remitir varios documentos con relacionamiento contractual con la entidad contratatante, ninguno coincide con los términos indicados en el Anexo 9 por cuanto la experiencia no puede ser acreditada. Experiencia No. 4: La información registrada en el Anexo 9 no corresponde al contenido indicado en la certificación, por cuanto no es posible inferir el cumplimento del requisito de experiencia específica con la documentación aportada. Experiencia No. 6: Observación en informe definitivo: La experiencia incluida en subsanación asocia un documento aportado en la propuesta originalmente allegada, se procede a su evaluación otorgando el cumplimiento de los requisitos indicados en el pliego condiciones y adenda Experiencia No. 7: Observación en informe definitivo: La experiencia incluida en subsanación asocia un documento aportado en la propuesta originalmente allegada, se procede a su evaluación otorgando el cumplimiento de los requisitos indicados en el pliego condiciones y adenda Experiencia No. 8: Observación en informe definitivo: La experiencia incluida en subsanación asocia un documento aportado en la propuesta originalmente allegada, se procede a su evaluación otorgando el cumplimiento de los requisitos indicados en el pliego condiciones y adenda Experiencia No. 9: Observación en informe definitivo: La experiencia incluida en subsanación asocia un documento aportado en la propuesta originalmente allegada, se procede a su evaluación otorgando el cumplimiento de los requisitos indicados en el pliego condiciones y adenda. La experiencia se traslapa con la número 11 acreditada estando completamente contenida en su término de ejecución por cuanto no se contabiliza para el presente cálculo Experiencia No. 10: Observación en informe definitivo: La experiencia incluida en subsanación asocia un documento aportado en la propuesta originalmente allegada, se procede a su evaluación otorgando el cumplimiento de los requisitos indicados en el pliego condiciones y adenda Experiencia No. 11: Observación en informe definitivo: La experiencia incluida en subsanación asocia un documento aportado en la propuesta originalmente allegada, se procede a su evaluación otorgando el cumplimiento de los requisitos indicados en el pliego condiciones y adenda Experiencia No. 12: Observación en informe definitivo: La experiencia incluida en subsanación asocia un documento aportado en la propuesta originalmente allegada, se procede a su evaluación otorgando el cumplimiento de los requisitos indicados en el pliego condiciones y adenda Experiencia No. 13: Observación en informe definitivo: La experiencia incluida en subsanación asocia un documento aportado en la propuesta originalmente allegada, se procede a su evaluación otorgando el cumplimiento de los requisitos indicados en el pliego condiciones y adenda
B91: Observaciones | F91: Observaciones en informe preliminar: De conformidad con los términos establecidos en el Pliego de Condiciones y Adenda, el perfil debe acreditarse con 3 proyectos, de los cuales se acredita según la documentación con únicamente 1, correspondiente al Numeral 5, o con 5 años, de los cuales se acredita el tiempo únicamente de 2,4 años aportados por este mismo numeral de experiencia. Por lo anterior se solicita al proponente allegar la subsanación correspondiente. Observaciones presentadas por el oferente en subsanación: (…) "(...) nos permitimos adjuntar el formato #9 de acuerdo a la experiencia del personal suministrado en donde se puede evidenciar el cumplimiento de los requisitos minimos solicitados(...)" Observación en informe definitivo: En desarrollo de la subsanación el oferente el Anexo 9 modificado y el documento Victor Duvan Velazquez Lara.pdf, que contiene las certificaciones correspondientes a la experiencia relacionada, documentación que fue evaluada de conformidad a los criterios establecidos en el Pliego de Condiciones y Adenda.
B92: CUMPLE
A93: PERFIL 3 | B93: PERFIL 3 - REQUISITO
B94: Item | C94: No. | D94: Cargo | F94: Formación académica pregrado | H94: Formación académica posgrado | M94: Experiencia específica mínima
B95: 3 | C95: 1 | D95: Un (1) líder en modelación de requisitos de sistemas de gestión de documentos electrónicos de archivo - Moreq | F95: Opción 1: Título profesional en carreras cuyo NBC corresponda a * Ingeniería de Sistemas telemática y afines * Ingeniería Electrónica, telecomunicaciones y afines. * Ingeniería industrial y afines. | H95: Con posgrado en la modalidad de especialización, maestría o doctorado en alguna de las siguientes titulaciones (Requerimiento taxativo frente a la denominación de la titulación): * Sistemas de información y gerencia de documentos * Archivística * Archivística histórica * Redes de información documental * Gerencia de servicios de información * Ciencia de la información * Documentación digital, gestión del conocimiento de la información | M95: Experiencia profesional mínima de tres (3) proyectos o dos (2) años ejerciendo roles, objetos contractuales, obligaciones, funciones o entregables que incluyan: el diseño, formulación, evaluación o seguimiento a la implementación de Modelos de Requisitos para la Gestión de Documentos Electrónicos de Archivo. Nota. Si la experiencia se acredita con la cantidad de proyectos indicada, la sumatoria de tiempo certificado debe ser como mínimo de (12) doce meses. No se contabilizan tiempos traslapados.
F96: Opción 2: Título profesional en carreras NBC corresponda a Bibliotecología, otros de ciencias sociales y humanas | H96: Con posgrado en la modalidad de especialización, maestría o doctorado en titulaciones cuyo NBC corresponda a alguna de las siguientes: * Ingeniería de Sistemas telemática y afines * Ingeniería Electrónica, telecomunicaciones y afines. * Ingeniería industrial y afines.
B97: EVALUACIÓN DE CUMPLIMIENTO
B98: DOCUMENTOS APORTADOS
B99: Nombre | E99: YOLANDA MILENA VANEGAS TORRES | I99: Documento de identificación | K99: Cédula de ciudadanía | M99: Número | N99: 40048512
B100: Requisito | H100: Aportado | I100: Documento soporte aportado | L100: Requisito | O100: Aportado | P100: Documento soporte aportado
B101: Documento acreditación académica pregrado | H101: SI | I101: Yolanda Milena Vanegas.pdf. Pag. 11/14 | L101: Tarjeta/Matricula profesional | O101: SI | P101: Yolanda Milena Vanegas.pdf. Pag.6
B102: Documento acreditación académica posgrado | H102: SI | I102: Yolanda Milena Vanegas.pdf. Pag. 15 | L102: Documento de identidad | O102: SI | P102: Yolanda Milena Vanegas.pdf. Pag. 5
...

Sheet 4.1.4 EQUIPO MÍNIMO P3
B1: ='RESUMEN HABILITANTES '!A1 -> AGENCIA NACIONAL DE MINERÍA
B2: ='RESUMEN HABILITANTES '!A3 -> CONCURSO DE MÉRITOS ABIERTO CMA-005-2024
B3: VERIFICACION REQUISITOS HABILITANTES TÉCNICOS
B4: ='RESUMEN HABILITANTES '!G10 -> 4.1.4. FORMACIÓN ACADÉMICA Y EXPERIENCIA DEL EQUIPO MÍNIMO DE TRABAJO
B6: PROPONENTE | E6: ='RESUMEN HABILITANTES '!C17 -> UT CONSULTING INZU
A7: PERFIL 1 | B7: PERFIL 1 - REQUISITO
B8: Item | C8: No. | D8: Cargo | F8: Formación académica pregrado | H8: Formación académica posgrado | M8: Experiencia específica mínima
B9: 1 | C9: 1 | D9: Un (1) Gerente de proyecto | F9: Título profesional en carreras cuyo Núcleo Básico de Conocimiento NBC corresponda a alguno de los siguientes: * Ingeniería de Sistemas Telemática y afines * Ingeniería Electrónica, telecomunicaciones y afines * Ingeniería industrial y afines. | H9: Posgrado en la modalidad de especialización o maestría con titulaciones que incluyan dirección, gerencia, organización, gestión o administración de proyectos cuyo Núcleo Base de Conocimiento corresponda a alguno de los siguientes: * Administración * Ingeniería de Sistemas telemática y afines * Ingeniería industrial y afines | M9: * Experiencia profesional mínima de cinco (5) años. * Participación mínima en dos (2) proyectos de: - Planeación estratégica de TI o - Arquitectura empresarial o - Planeación o implementación de Sistemas de información o - Diseño o desarrollo software o - Implementación de Sistemas de Gestión de Documentos Electrónicos de Archivo – SGDEA Ejerciendo en dichos proyectos el rol o cargo de Gerente, Director, Coordinador o líder de proyecto Nota. La experiencia específica puede estar contenida dentro del término de la experiencia general certificada. Nota. La experiencia acreditada con la cantidad de proyectos indicada debe ser como mínimo de (12) doce meses No se contabilizan tiempos traslapados.
B10: EVALUACIÓN DE CUMPLIMIENTO
B11: DOCUMENTOS APORTADOS
B12: Nombre | E12: Hernando Galvis Leal | I12: Documento de identificación | K12: Cédula de ciudadanía | M12: Número | N12: 19419292
B13: Requisito | H13: Aportado | I13: Documento soporte aportado | L13: Requisito | O13: Aportado | P13: Documento soporte aportado
B14: Documento acreditación académica pregrado | H14: SI | I14: Titulo Ingeniero de Sistemas.pdf | L14: Tarjeta/Matricula profesional | O14: SI | P14: Tarjeta Profesional - Hernando Galvis.pdf
B15: Documento acreditación académica posgrado | H15: SI | I15: Master Admon Empresas Apostillado - Universidad Isabel I.pdf | L15: Documento de identidad | O15: SI | P15: Copia Cedula Ciudadania.pdf
B16: Anexo 9 Equipo Mínimo de Trabajo | H16: SI | I16: ANEXO 9 EQUIPO MINIMO DE TRABAJO - HABILITANTE.xlsx | L16: Anexo 12 - Carta de compromiso | O16: SI | P16: ANEXO 12 CARTA DE COMPROMISO DEL EQUIPO DE TRABAJO.pdf
B17: ACREDITACIÓN REQUISITOS ACADEMICOS
B18: Título pregrado | E18: Ingeniero de Sistemas | I18: NBC Pregrado | J18: Ingeniería de Sistemas Telemática y afines | O18: Fecha | P18: 31303 | R18: ** DD/MM/AAAA
B19: Título posgrado | E19: Master Dirección y administración de empresas | I19: NBC Postgrado | J19: Administración | O19: Fecha | P19: 43703 | R19: Titulación | U19: Administración
B20: Tarjeta profesional N° | E20: 25255238930 | G20: Fecha expedición | I20: 41214 | K20: CONCEPTO | M20: REQUISITOS ACADÉMICOS ACREDITADOS
B21: ACREDITACIÓN EXPERIENCIA ESPECÍFICA MÍNIMA
C22: Experiencia reportada | M22: Características de la certificación | S22: BALANCE CERTIFICACIÓN | T22: ¿Acredidación con documentos complementarios? | U22: Detalle experiencia | X22: EXPERIENCIA ACREDITADA | Y22: Información complementaria | AC22: Alertas traslapo | AF22: Fechas tomadas para cálculo | AH22: Tiempo acreditado en años
B23: No. | C23: Entidad Contratante o Empleadora | F23: Cargo - Objeto del contrato y/o nombre del proyecto, y/o obligaciones y/o actividades desarrolladas | K23: Fecha inicio | L23: Fecha fin | M23: Nombre de la entidad contratante o empleador | N23: Nombre del contratista o empleado con su identificación. | O23: Persona que expide la certificación, con nombre, y cargo. | P23: Objeto del contrato y/u obligaciones y/o actividades desarrolladas | Q23: Fecha de expedición de la certificación. | R23: Fecha de inicio y terminación del contrato y/o proyecto | U23: Proyecto en el que participa cumple con exp específica | V23: Cumple rol de proyecto (Exp. Específica) | W23: Tipo de experiencia | Y23: Denominación de documento soporte aportado, si esta dentro de un archivo general, incluir el rango de páginas que contiene la información | Z23: Formulación de documento soporte | AA23: Observaciones (en caso de requerir registrar) | AB23: Formula observaciones | AC23: Inicia en ejecución de otro contrato | AD23: Termina en ejecución de otro contrato | AE23: Contiene otra experiencia | AF23: Fecha inicial | AG23: Fecha final
B24: 1 | C24: BITAL FOCUS | F24: Certificación: 'GERENTE DE PROYECTO | K24: 40724 | L24: 44531 | M24: CUMPLE | N24: CUMPLE | O24: CUMPLE | P24: NO CUMPLE | Q24: CUMPLE | R24: CUMPLE | S24: =IF(C24<>"",IF(COUNTIF(M24:R24,"CUMPLE")=6,"CUMPLE","NO CUMPLE"),"") -> NO CUMPLE | T24: SI | U24: NO CUMPLE | V24: CUMPLE | W24: =IF(C24<>"",IF(AND(U24="CUMPLE",V24="CUMPLE"),"ESPECIFICA","GENERAL"),"") -> GENERAL | X24: =IF(C24<>"",IF(OR(AND(S24="CUMPLE",T24="N/A"),T24="SI"),"CUMPLE","NO CUMPLE"),"") -> CUMPLE | Y24: Certificacion-Btal Focus-Hernando Galvis Compilada.pdf | Z24: =IF(Y24<>"","-"&Y24&CHAR(10),"") -> -Certificacion-Btal Focus-Hernando Galvis Compilada.pdf | AA24: El detalle de proyectos en los que participa, refiere inicio en Junio de 2011 sin embargo la experiencia se acredita para el perfil a partir de la expedición de la Tarjeta profesional, por cuanto el inicio de experiencia se contabiliza a partir del 01 nov 2012. Esta certificación compila experiencia en varios proyectos, para fines de cálculo de tiempo se toma como eperiencia general y se procede en los registros siguientes a evaluar cada proyecto de conformidad con los criterios de evaluación a nivel de proyectos establecidos para el presente perfil. | AB24: =IF(AA24<>"","Experiencia No. "&B24&": "&AA24&CHAR(10),"") -> Experiencia No. 1: El detalle de proyectos en los que participa, refiere inicio en Junio de 2011 sin embargo la experiencia se acredita para el perfil a partir de la expedición de la Tarjeta profesional, por cuanto el inicio de experiencia se contabiliza a partir del 01 nov 2012. Esta certificación compila experiencia en varios proyectos, para fines de cálculo de tiempo se toma como eperiencia general y se procede en los registros siguientes a evaluar cada proyecto de conformidad con los criterios de evaluación a nivel de proyectos establecidos para el presente perfil. | AC24: =IF(C24<>"",COUNTIFS(K$24:K$43,"<="&K24,L$24:L$43,">"&K24)-1,0) -> 0 | AD24: =IF(C24<>"",COUNTIFS(K$24:K$43,"<="&L24,L$24:L$43,">="&L24)-1,0) -> 0 | AE24: =IF(C24<>"",COUNTIFS(K$24:K$43,"><"&"",K$24:K$43,"<="&K24,L$24:L$43,">="&L24),0) -> 0 | AF24: 41214 | AG24: =L24 -> 44531 | AH24: =ROUND(IF(X24="CUMPLE",DAYS360(AF24,AG24,)/365,0),1) -> 9
B25: 2 | C25: BITAL FOCUS | F25: Certificaciones: Cliente: DECORCERAMICA 'GERNTE DE PROYECTO :'INTERVENTORIA Y SOPORTE CONSULTIVO (GERENCIA DE PROYECTO) (…) implementación del sistema de información SAP R/3… (…) Inicio Julio 2012 Final: Agosto 2013 | K25: 41121 | L25: 41487 | M25: CUMPLE | N25: CUMPLE | O25: CUMPLE | P25: CUMPLE | Q25: CUMPLE | R25: CUMPLE | S25: =IF(C25<>"",IF(COUNTIF(M25:R25,"CUMPLE")=6,"CUMPLE","NO CUMPLE"),"") -> CUMPLE | T25: N/A | U25: CUMPLE | V25: CUMPLE | W25: =IF(C25<>"",IF(AND(U25="CUMPLE",V25="CUMPLE"),"ESPECIFICA","GENERAL"),"") -> ESPECIFICA | X25: =IF(C25<>"",IF(OR(AND(S25="CUMPLE",T25="N/A"),T25="SI"),"CUMPLE","NO CUMPLE"),"") -> CUMPLE | Y25: Certificacion-Btal Focus-Hernando Galvis Compilada.pdf Certificado laboral Proyecto SAP Decorceramica.pdf | Z25: =IF(Y25<>"","-"&Y25&CHAR(10),"") -> -Certificacion-Btal Focus-Hernando Galvis Compilada.pdf Certificado laboral Proyecto SAP Decorceramica.pdf | AA25: Refiere inicio en Julio de 2012 sin embargo la experiencia se acredita para el perfil a partir de la expedición de la Tarjeta profesional, por cuanto el inicio de experiencia se contabiliza a partir del 01 nov 2012. La fecha final para fines de contabilización de tiempos se ajusta al primer día del mes de agosto dado que la certificación no presenta el dato de "día" en la fecha final. | AB25: =IF(AA25<>"","Experiencia No. "&B25&": "&AA25&CHAR(10),"") -> Experiencia No. 2: Refiere inicio en Julio de 2012 sin embargo la experiencia se acredita para el perfil a partir de la expedición de la Tarjeta profesional, por cuanto el inicio de experiencia se contabiliza a partir del 01 nov 2012. La fecha final para fines de contabilización de tiempos se ajusta al primer día del mes de agosto dado que la certificación no presenta el dato de "día" en la fecha final. | AC25: =IF(C25<>"",COUNTIFS(K$24:K$43,"<="&K25,L$24:L$43,">"&K25)-1,0) -> 1 | AD25: =IF(C25<>"",COUNTIFS(K$24:K$43,"<="&L25,L$24:L$43,">="&L25)-1,0) -> 2 | AE25: =IF(C25<>"",COUNTIFS(K$24:K$43,"><"&"",K$24:K$43,"<="&K25,L$24:L$43,">="&L25),0) -> 0 | AF25: 41214 | AG25: 41487 | AH25: =ROUND(IF(X25="CUMPLE",DAYS360(AF25,AG25,)/365,0),1) -> 0.7
